Workbook
Name \a: #REF!
Name \a: #REF!
Name \s: #REF!
Name \s: #REF!
Name \X: #N/A
Name \Z: #N/A
Name _________AFC1: [1]INV!$A$25:$D$28
Name _________AFC3: [1]INV!$F$25:$I$28
Name _________AFC5: [1]INV!$K$25:$N$28
Name _________BGC1: [1]INV!$A$5:$D$8
Name _________BGC3: [1]INV!$F$5:$I$8
Name _________BGC5: [1]INV!$K$5:$N$8
Name _________CAC1: [1]INV!$A$19:$D$22
Name _________CAC3: [1]INV!$F$19:$I$22
Name _________CAC5: [1]INV!$K$19:$N$22
Name _________PJ50: #REF!
Name _________PJ50: #REF!
Name _________SBC1: [1]INV!$A$12:$D$15
Name _________SBC3: [1]INV!$F$12:$I$15
Name _________SBC5: [1]INV!$K$12:$N$15
Name ________AFC1: [1]INV!$A$25:$D$28
Name ________AFC3: [1]INV!$F$25:$I$28
Name ________AFC5: [1]INV!$K$25:$N$28
Name ________BGC1: [1]INV!$A$5:$D$8
Name ________BGC3: [1]INV!$F$5:$I$8
Name ________BGC5: [1]INV!$K$5:$N$8
Name ________CAC1: [1]INV!$A$19:$D$22
Name ________CAC3: [1]INV!$F$19:$I$22
Name ________CAC5: [1]INV!$K$19:$N$22
Name ________MA2: #REF!
Name ________MA2: #REF!
Name ________PJ50: #REF!
Name ________PJ50: #REF!
Name ________SBC1: [1]INV!$A$12:$D$15
Name ________SBC3: [1]INV!$F$12:$I$15
Name ________SBC5: [1]INV!$K$12:$N$15
Name _______AFC1: [1]INV!$A$25:$D$28
Name _______AFC3: [1]INV!$F$25:$I$28
Name _______AFC5: [1]INV!$K$25:$N$28
Name _______BGC1: [1]INV!$A$5:$D$8
Name _______BGC3: [1]INV!$F$5:$I$8
Name _______BGC5: [1]INV!$K$5:$N$8
Name _______CAC1: [1]INV!$A$19:$D$22
Name _______CAC3: [1]INV!$F$19:$I$22
Name _______CAC5: [1]INV!$K$19:$N$22
Name _______MA2: #REF!
Name _______MA2: #REF!
Name _______PJ50: #REF!
Name _______PJ50: #REF!
Name _______SBC1: [1]INV!$A$12:$D$15
Name _______SBC3: [1]INV!$F$12:$I$15
Name _______SBC5: [1]INV!$K$12:$N$15
Name ______AFC1: [1]INV!$A$25:$D$28
Name ______AFC3: [1]INV!$F$25:$I$28
Name ______AFC5: [1]INV!$K$25:$N$28
Name ______BGC1: [1]INV!$A$5:$D$8
Name ______BGC3: [1]INV!$F$5:$I$8
Name ______BGC5: [1]INV!$K$5:$N$8
Name ______CAC1: [1]INV!$A$19:$D$22
Name ______CAC3: [1]INV!$F$19:$I$22

Sheet PORTADA
C1: MINISTERIO DE TRANSPORTE
A3: INSTITUTO NACIONAL DE VIAS
A4: SUBDIRECCION RED NACIONAL DE CARRETERAS
A14: INFORME TRIMESTRAL
A15: DEL ADMINISTRADOR VIAL GRUPO No.__02_____
A16: VERSIÓN No. _01__ DE FECHA: 01/04/2023
A17: ARA INGENIERIA S.A.S
A18: TERRITORIAL ANTIOQUIA
A22: CARRETERAS:
A23: TRAMO 5601
A24: PR49+0000 AL PR103+0000
A33: TRIMESTRE: (ENERO - MARZO / 2023)
A35: LA UNION, ABRIL 2023
A42: “La movilidad es de todos”

Sheet TABLA DE CONTENIDO
A1: INSTITUTO NACIONAL DE VIAS
A2: INFORME TRIMESTRAL PERIODO ENERO - MARZO de 2023
A3: ADMINISTRACION VIAL GRUPO _02__ TERRITORIAL __ANTIOQUIA___________
A5: TABLA DE CONTENIDO
A7: ITEM | B7: DESCRIPCION
A9: Cuadro No. 1 | B9: Generalidades
A10: Cuadro No. 2 | B10: Cumplimiento indicadores de mantenimiento rutinario
A11: Cuadro No. 3 | B11: Relación estado de la red criterio de transitabilidad (visual)
A12: Gráfico No. 1 | B12: Estado de la red criterio de transitabilidad - visual (Semáforo)
A13: Gráfico No. 2 | B13: Estado de la red en torta-criterio de transitabilidad (visual)
A14: Cuadro No. 4 | B14: Relación estado de la red criterio Técnico
A15: Gráfico No. 3 | B15: Estado de la red criterio Técnico
A16: Grafico No. 4 | B16: Estado de la red en torta criterio Técnico
A17: Mapa No. 1 | B17: Estado de la red y sitios críticos de inestabilidad
A18: Cuadro No. 5 | B18: Necesidades preventivas de las vías
A19: Cuadro No. 6 | B19: Necesidades críticas de las vías
... A41: Capacitación Microempresas | B41: Capacitación Microempresas

Sheet GENERALIDADES 
B1: INSTITUTO NACIONAL DE VIAS
B2: DIRECCION TERRITORIAL ANTIOQUIA
B4: CUADRO No. 1
B6: GENERALIDADES
B8: NOMBRE DEL INGENIERO RESIDENTE: | D8: CARLOS MARIO MORENO IDÁRRAGA
B9: NOMBRE DEL INGENIERO AUXILIAR: | D9: N/A
B10: SECTOR ADMINISTRADO: | D10: LA UNION - LA FRONTERA - SONSÓN, CÓDIGO 5601
B11: DIRECCION OFICINA: | D11: CALLE 7 No 10-46
B12: TELEFONOS : | D12: OFICINA: | F12: (4) 556 22 90 | J12: FAX:
D13: CELULARES: | G13: 311 210 04 53 | J13: CORREO ELECTRONICO: | K13: amvantioquia02@gmail.com
G14: 323 285 74 09
A17: VERSIÓN No. _01__ DE FECHA: 01/01/2021 | B17: CARRETERAS A CARGO
B18: CARRETERA | C18: CODIGO | D18: LONGITUD (km) | G18: PRi | H18: PRf | I18: No. DE PUENTES | J18: MICROEMPRESA | K18: OBSERVACIONES
D19: P | E19: A | F19: T
B20: La Unión - Sonsón | C20: 5601 | D20: 53.74 | F20: =+D20+E20 -> 53.74 | G20: 49+0000 | H20: 103+0000 | I20: 8 | J20: VIAS DE ORIENTE S.A.S
B25: TOTALES | D25: =SUM(D20:D24) -> 53.74 | F25: =SUM(F20:F24) -> 53.74 | I25: 8
C26: P: Pavimento | F26: A: Afirmado | I26: T. Total
K28: VOLVER A TABLA DE CONTENIDO
B30: NOTA: CUALQUIER CAMBIO DE DIRECCION, CORREO ELECTRONICO O TELEFONO SE DEBE INFORMAR

Sheet CUMPLIMIENTO % 
A1: INSTITUTO NACIONAL DE VIAS
A2: DIRECCION TERRITORIAL ANTIOQUIA
A3: CUADRO No. 2
A5: CUMPLIMIENTO INDICADORES DE MANTENIMIENTO RUTINARIO
A7: INGENIERO RESIDENTE: | C7: CARLOS MARIO MORENO IDÁRRAGA | I7: FECHA: ENE - MAR 2023
A9: MICROEMPRESA | C9: MICROEMPRESA | E9: MICROEMPRESA | G9: MICROEMPRESA | I9: MICROEMPRESA
C10: VIAS DE ORIENTE
A11: INDICADOR | C11: % | E11: % | G11: % | I11: %
A12: ROCERIA Y DESM. MANUAL | K12: 100
A13: LIMPIEZA MANUAL CUNETAS | K13: 100
A14: LIMPIEZA ENCOLES Y DESCOLES | K14: 100
A15: LIMPIEZA OBRAS DE ARTE | K15: 100
A16: MANTENIMIENTO PUENTES | K16: 100
A17: LIMPIEZA SEÑALES Y MOJONES | K17: 60
A18: DESPEJE DE DERRUMBES | K18: 100
A19: PINTURA, RENOVACIÓN DE INDICACIONES EN EL MOJON
A20: BACHEO CARRETERA PAV. | K20: 100
A21: PARCHEO CARRETERA PAV. | K21: 100
A22: LIMPIEZA DE LA CALZADA | K22: 100
A23: ARBORIZACION (SIEMBRA)
A24: PODA, CORTE Y RETIRO DE ARBOLES | K24: 100
A25: ATENCION DE EMERGENCIAS | K25: 100
C28: BUENO | E28: REGULAR | G28: MALO | I28: NO HUBO
A29: OBSERVACIONES : SE REALIZOINSTALACIÓN DE PROHIBIDOS PARQUEAR CON PINTURA ACRILICA ENTRE EL PR50+0000 AL PR50+0250 PASO NACIONAL POR LA UNIÓN, TAMBIEN SE INSTALO LINEA DE DEMARCACION ENTRE EL PR61+0000 AL PR 68+0600 CD, INSTALACIÓN DE LINEAS LOGARITMICAS EN EL PR97+0300(FALLO GEOLOGICO)
A31: * Indicar nombre de cada microempresa a la que se le aplica el indicador. Resolución N°
A32: En caso de no cumplir totalmente con el indicador, informar la razón. | G32: VOLVER A TABLA DE CONTENIDO
A33: Indicar el Porcentaje de cumplimiento mensual para cada microempresa

Sheet ESTADO RED VIS
A1: INSTITUTO NACIONAL DE VIAS
A2: DIRECCION TERRITORIAL ANTIOQUIA
A4: CUADRO No 3
A6: RELACION ESTADO DE LA RED CRITERIO DE TRANSITABILIDAD (VISUAL)
A8: INGENIERO RESIDENTE: | C8: CARLOS MARIO MORENO IDÁRRAGA | E8: TRIMESTRE EVALUADO: | G8: ENE - MAR / 2023
A10: CODIGO VIA | B10: PR INICIAL | C10: PR FINAL | D10: CARRETERA | E10: Kms. | F10: TIPO DE | G10: ESTADO
F11: SUPERFICIE
A13: 5601 | B13: 49000 | C13: 50000 | D13: LA UNIÓN - SONSÓN | E13: =905/1000 -> 0.905 | F13: P | G13: M | H13: =+#REF! -> #REF! | I13: 5601
I14: BUENO | J14: =+SUMIF(G$13,"B",E$13)+SUMIF(G$15,"B",E$15)+SUMIF(G$17,"B",E$17)+SUMIF($G$19,"B",$E$19)+SUMIF($G$21,"B",$E$21)+SUMIF($G$23,"B",$E$23)+SUMIF($G$25,"B",$E$25)+SUMIF($G$27,"B",$E$27)+SUMIF($G$29,"B",$E$29)+SUMIF($G$31,"B",$E$31)+SUMIF($G$33,"B",$E$33)+SUMIF($G$35,"B",$E$35)+SUMIF($G$37,"B",$E$37) -> 33.597
A15: 5601 | B15: =C13 -> 50000 | C15: 68613 | D15: LA UNIÓN - SONSÓN | E15: =(18863-211)/1000 -> 18.652 | F15: P | G15: B | H15: =+SUM(C39:C51)+0.5 -> 0.5 | I15: REGULAR | J15: =+SUMIF(G$13,"R",E$13)+SUMIF(G$15,"R",E$15)+SUMIF(G$17,"R",E$17)+SUMIF(G$19,"R",E$19)+SUMIF(G$21,"R",E$21)+SUMIF(G$23,"R",E$23)+SUMIF(G$25,"R",E$25)+SUMIF(G$27,"R",E$27)+SUMIF(G$29,"R",E$29)+SUMIF(G$31,"R",E$31)+SUMIF(G$33,"R",E$33)+SUMIF(G$35,"R",E$35)+SUMIF(G$37,"R",E$37) -> 11.764
I16: MALO | J16: =+SUMIF(G$13,"M",E$13)+SUMIF(G$15,"M",E$15)+SUMIF(G$17,"M",E$17)+SUMIF(G$19,"M",E$19)+SUMIF(G$21,"M",E$21)+SUMIF(G$23,"M",E$23)+SUMIF(G$25,"M",E$25)+SUMIF(G$27,"M",E$27)+SUMIF(G$29,"M",E$29)+SUMIF(G$31,"M",E$31)+SUMIF(G$33,"M",E$33)+SUMIF(G$35,"M",E$35)+SUMIF(G$37,"M",E$37) -> 8.382
A17: 5601 | B17: =C15 -> 68613 | C17: 71323 | D17: LA UNIÓN - SONSÓN | E17: =(2698)/1000 -> 2.698 | F17: P | G17: M | H17: =+SUM(C51:C52)-0.5+0.323 -> -0.177 | I17: TOTAL | J17: =SUM(J14:J16) -> 53.743
A19: 5601 | B19: =C17 -> 71323 | C19: 85160 | D19: LA UNIÓN - SONSÓN | E19: =+(13545+160)/1000 -> 13.705 | F19: P | G19: B | H19: =+SUM(C53:C66)-0.323+0.13 -> -0.193
A21: 5601 | B21: =C19 -> 85160 | C21: 87000 | D21: LA UNIÓN - SONSÓN | E21: =+(1977-160)/1000 -> 1.817 | F21: P | G21: M | H21: =+SUM(C67)-0.13+0.22 -> 0.09
A23: 5601 | B23: =C21 -> 87000 | C23: 88000 | D23: LA UNIÓN - SONSÓN | E23: =+(980)/1000 -> 0.98 | F23: P | G23: M | H23: =+SUM(C68)-0.22+0.16 -> -0.06
A25: 5601 | B25: 88000 | C25: 90000 | D25: LA UNIÓN - SONSÓN | E25: =+(1982)/1000 -> 1.982 | F25: P | G25: M
A27: 5601 | B27: =+C25 -> 90000 | C27: 91000 | D27: LA UNIÓN - SONSÓN | E27: =+(994)/1000 -> 0.994 | F27: P | G27: R
A29: 5601 | B29: =+C27 -> 91000 | C29: 95000 | D29: LA UNIÓN - SONSÓN | E29: =(3974)/1000 -> 3.974 | F29: P | G29: R
A31: 5601 | B31: =+C29 -> 95000 | C31: 97900 | D31: LA UNIÓN - SONSÓN | E31: =(958+969+900)/1000 -> 2.827 | F31: P | G31: R
A33: 5601 | B33: 97900 | C33: 100900 | D33: =+D31 -> LA UNIÓN - SONSÓN | E33: =(100+990+989+900)/1000 -> 2.979 | F33: P | G33: R
A35: 5601 | B35: 100900 | C35: 101+0900 | D35: LA UNIÓN - SONSÓN | E35: =(90+900)/1000 -> 0.99 | F35: P | G35: R
A37: 5601 | B37: =C35 -> 101+0900 | C37: 103000 | D37: LA UNIÓN - SONSÓN | E37: =(11+84+950+195)/1000 -> 1.24 | F37: P | G37: B
E38: =SUM(E13:E37) -> 53.743
A40: Nota: La información contenida es un ejemplo sobre la forma de diligenciar este cuadro.Debe presentarse a color.
E43: CONVENCIONES
E44: B | F44: BUENO
E45: R | F45: REGULAR
E46: M | F46: MALO
E48: VOLVER A TABLA DE CONTENIDO

Sheet SEMAFORO VIS
A1: INSTITUTO NACIONAL DE VÍAS
A2: DIRECCIÓN TERRITORIAL ANTIOQUIA
A3: GRAFICO No. 1
A4: ESTADO DE LAS VÍAS CRITERIO DE TRANSITABILIDAD (VISUAL)
A7: NOMBRE DE LA VIA: | B7: LA UNION - LA FRONTERA - SONSÓN | BB7: Codigo de la vía: | BG7: 5601
A9: SECTOR | B9: 01 | I9: LA UNIÓN - LA FRONTERA | BF9: PR49+0000 A PR67+0700
B10: 02 | I10: LA FRONTERA - SONSÓN | BF10: PR67+0700 A PR103+0000
A12: INGENIERO RESIDENTE: | B12: CARLOS MARIO MORENO IDARRAGA | AV12: PERÍODO EVALUADO: | BG12: =+'ESTADO RED VIS'!G8 -> ENE - MAR / 2023
A40: CÓDIGO | B40: SECTOR | BE40: Longitud y Porcentaje
B41: 5601 | BE41: sobre el total de la vía
A42: PR | B42: 49 | M42: 60 | W42: 70 | AG42: 80 | AQ42: 90 | AX42: 100 | BA42: 103 | BE42: o del ítem
A43: ÍTEM | F43: 49 | AH43: 55 | AI43: 60 | AJ43: 65 | AX43: 70 | AY43: 75 | AZ43: 80 | BD43: 103 | BE43: B | BG43: R | BI43: M
BE44: km | BF44: % | BG44: km | BH44: % | BI44: km | BJ44: %
A45: Pavimento | C45: B | BC45: B
B46: M | C46: B | D46: b | E46: b | F46: B | G46: B | H46: B | I46: B | J46: B | K46: B | L46: B | M46: B | N46: B | O46: B | P46: B | Q46: B | R46: B | S46: B | T46: B | U46: B | V46: R | W46: R | X46: R | Y46: R | Z46: b | AA46: B | AB46: B | AC46: B | AD46: B | AE46: B | AF46: B | AG46: B | AH46: B | AI46: B | AJ46: B | AK46: B | AL46: M | AM46: M | AN46: M | AO46: m | AP46: m | AQ46: r | AR46: m | AS46: m | AT46: m | AU46: m | AV46: M | AW46: M | AX46: b | AY46: b | AZ46: r | BA46: r | BB46: B | BC46: B | BE46: =+'ESTADO RED VIS'!J14 -> 33.597 | BF46: =+BE46/53.74 -> 0.62517678 | BG46: =+'ESTADO RED VIS'!J15 -> 11.764 | BH46: =+BG46/53.74 -> 0.21890584 | BI46: =+'ESTADO RED VIS'!J16 -> 8.382 | BJ46: =+BI46/53.74 -> 0.1559732 | BM46: =+BJ46+BH46+BF46 -> 1.0000558
A47: Afirmado
B48: NO APLICA | BE48: =(COUNTIF($B$48:$BC$48,"B")) -> 0 | BF48: =+BE48/54 -> 0 | BG48: =(COUNTIF($B$48:$BC$48,"R")) -> 0 | BH48: =+BG48/54 -> 0 | BI48: =(COUNTIF($B$48:$BC$48,"M")) -> 0 | BJ48: =+BI48/54 -> 0 | BM48: =+BJ48+BH48+BF48 -> 0
A49: Puentes (Son: 8 )
J50: B | N50: B | U50: B | Y50: B | AI50: B | AJ50: M | AM50: B | AT50: R | BE50: =(COUNTIF($B$50:$BC$50,"B")) -> 6 | BF50: =+BE50/8 -> 0.75 | BG50: =(COUNTIF($B$50:$BC$50,"R")) -> 1 | BH50: =+BG50/8 -> 0.125 | BI50: =(COUNTIF($B$50:$BC$50,"M")) -> 1 | BJ50: =+BI50/8 -> 0.125 | BM50: =+BJ50+BH50+BF50 -> 1
A51: Cunetas
B52: b | C52: b | D52: b | E52: b | F52: r | G52: b | H52: b | I52: r | J52: r | K52: b | L52: b | M52: r | N52: b | O52: b | P52: b | Q52: b | R52: b | S52: b | T52: b | U52: r | V52: r | W52: r | X52: b | Y52: b | Z52: b | AA52: b | AB52: b | AC52: b | AD52: b | AE52: b | AF52: b | AG52: b | AH52: b | AI52: b | AJ52: b | AK52: b | AL52: r | AM52: r | AN52: r | AO52: B | AP52: r | AQ52: r | AR52: r | AS52: b | AT52: b | AU52: r | AV52: m | AW52: m | AX52: m | AY52: m | AZ52: m | BA52: m | BB52: m | BC52: b | BE52: =(COUNTIF($B$52:$BC$52,"B")) -> 33 | BF52: =+BE52/54 -> 0.61111111 | BG52: =(COUNTIF($B$52:$BC$52,"R")) -> 14 | BH52: =+BG52/54 -> 0.25925926 | BI52: =(COUNTIF($B$52:$BC$52,"M")) -> 7 | BJ52: =+BI52/54 -> 0.12962963 | BM52: =+BJ52+BH52+BF52 -> 1
A53: Señalización Vertical
B54: B | C54: B | D54: B | E54: B | F54: B | G54: B | H54: R | I54: R | J54: R | K54: M | L54: R | M54: R | N54: R | O54: R | P54: R | Q54: B | R54: B | S54: B | T54: R | U54: R | V54: M | W54: R | X54: M | Y54: R | Z54: R | AA54: R | AB54: R | AC54: R | AD54: R | AE54: R | AF54: R | AG54: R | AH54: R | AI54: R | AJ54: R | AK54: R | AL54: R | AM54: R | AN54: R | AO54: R | AP54: R | AQ54: R | AR54: R | AS54: R | AT54: R | AU54: R | AV54: R | AW54: R | AX54: R | AY54: R | AZ54: R | BA54: R | BB54: R | BC54: R | BE54: =(COUNTIF($B$54:$BC$54,"B")) -> 9 | BF54: =+BE54/54 -> 0.16666667 | BG54: =(COUNTIF($B$54:$BC$54,"R")) -> 42 | BH54: =+BG54/54 -> 0.77777778 | BI54: =(COUNTIF($B$54:$BC$54,"M")) -> 3 | BJ54: =+BI54/54 -> 0.055555556 | BM54: =+BJ54+BH54+BF54 -> 1
A55: Señalización horizontal
B56: m | C56: R | D56: R | E56: R | F56: R | G56: R | H56: b | I56: b | J56: b | K56: b | L56: b | M56: b | N56: b | O56: b | P56: M | Q56: M | R56: M | S56: M | T56: M | U56: M | V56: M | W56: M | X56: M | Y56: M | Z56: M | AA56: B | AB56: B | AC56: B | AD56: B | AE56: b | AF56: b | AG56: b | AH56: b | AI56: b | AJ56: b | AK56: b | AL56: b | AM56: b | AN56: b | AO56: b | AP56: b | AQ56: b | AR56: b | AS56: b | AT56: b | AU56: b | AV56: b | AW56: b | AX56: b | AY56: b | AZ56: b | BA56: b | BB56: b | BC56: B | BE56: =(COUNTIF($B$56:$BC$56,"B")) -> 37 | BF56: =+BE56/54 -> 0.68518519 | BG56: =(COUNTIF($B$56:$BC$56,"R")) -> 5 | BH56: =+BG56/54 -> 0.092592593 | BI56: =(COUNTIF($B$56:$BC$56,"M")) -> 12 | BJ56: =+BI56/54 -> 0.22222222 | BM56: =+BJ56+BH56+BF56 -> 1
A57: Rocería
B58: B | C58: B | D58: B | E58: B | F58: B | G58: B | H58: B | I58: B | J58: B | K58: B | L58: B | M58: B | N58: B | O58: B | P58: B | Q58: B | R58: B | S58: B | T58: B | U58: B | V58: B | W58: B | X58: B | Y58: B | Z58: B | AA58: B | AB58: B | AC58: B | AD58: B | AE58: B | AF58: B | AG58: B | AH58: B | AI58: B | AJ58: B | AK58: B | AL58: B | AM58: B | AN58: B | AO58: B | AP58: B | AQ58: B | AR58: B | AS58: B | AT58: B | AU58: B | AV58: B | AW58: B | AX58: B | AY58: B | AZ58: B | BA58: B | BB58: B | BC58: B | BE58: =(COUNTIF($B$58:$BC$58,"B")) -> 54 | BF58: =+BE58/54 -> 1 | BG58: =(COUNTIF($B$58:$BC$58,"R")) -> 0 | BH58: =+BG58/54 -> 0 | BI58: =(COUNTIF($B$58:$BC$58,"M")) -> 0 | BJ58: =+BI58/54 -> 0 | BM58: =+BJ58+BH58+BF58 -> 1
A59: Alcantarillas
B60: b | C60: b | D60: R | E60: R | F60: R | G60: R | H60: R | I60: R | J60: R | K60: B | L60: R | M60: R | N60: R | O60: R | P60: R | Q60: R | R60: R | S60: B | T60: B | U60: R | V60: R | W60: R | X60: B | Y60: B | Z60: B | AA60: B | AB60: B | AC60: B | AD60: B | AE60: B | AF60: B | AG60: B | AH60: B | AI60: B | AJ60: B | AK60: B | AL60: R | AM60: R | AN60: R | AO60: R | AP60: R | AQ60: R | AR60: R | AS60: R | AT60: R | AU60: R | AV60: R | AW60: R | AX60: R | AY60: R | AZ60: B | BA60: R | BB60: B | BC60: B | BE60: =(COUNTIF($B$60:$BC$60,"B")) -> 22 | BF60: =+BE60/54 -> 0.40740741 | BG60: =(COUNTIF($B$60:$BC$60,"R")) -> 32 | BH60: =+BG60/54 -> 0.59259259 | BI60: =(COUNTIF($B$60:$BC$60,"M")) -> 0 | BJ60: =+BI60/54 -> 0 | BM60: =+BJ60+BH60+BF60 -> 1
A61: Limpiezas de bermas
B62: B | C62: B | D62: B | E62: B | F62: B | G62: B | H62: B | I62: B | J62: B | K62: B | L62: B | M62: B | N62: B | O62: B | P62: B | Q62: B | R62: B | S62: B | T62: B | U62: B | V62: B | W62: B | X62: B | Y62: B | Z62: B | AA62: B | AB62: B | AC62: B | AD62: B | AE62: B | AF62: B | AG62: B | AH62: B | AI62: B | AJ62: B | AK62: B | AL62: B | AM62: B | AN62: B | AO62: B | AP62: B | AQ62: B | AR62: B | AS62: B | AT62: B | AU62: B | AV62: B | AW62: B | AX62: B | AY62: B | AZ62: B | BA62: B | BB62: B | BC62: B | BE62: =(COUNTIF($B$62:$BC$62,"B")) -> 54 | BF62: =+BE62/54 -> 1 | BG62: =(COUNTIF($B$62:$BC$62,"R")) -> 0 | BH62: =+BG62/54 -> 0 | BI62: =(COUNTIF($B$62:$BC$62,"M")) -> 0 | BJ62: =+BI62/54 -> 0 | BM62: =+BJ62+BH62+BF62 -> 1
A64: NOTA: Indicar en el mapa los PRs de cada uno de los sitios importantes | BE64: VOLVER A TABLA DE CONTENIDO

Sheet TORTA EST. VIAS VIS
A1: INSTITUTO NACIONAL DE VIAS
A2: DIRECCION TERRITORIAL ANTIOQUIA
A4: GRAFICO No. 2
A6: ESTADO DE LAS VIAS EN TORTA-CRITERIO DE TRANSITABILIDAD (VISUAL)
A8: INGENIERO RESIDENTE: | B8: CARLOS MARIO MORENO IDÁRRAGA
A10: TRIMESTRE EVALUADO: | B10: ENE - MAR / 2023
A13: CARRETERA | B13: TRIMESTRE ANTERIOR | C13: TRIMESTRE EVALUADO
G16: %
E17: BUENO | F17: =+'ESTADO RED VIS'!J14 -> 33.597 | G17: =+F17/$F$20 -> 0.62514188
A18: TRAMO | E18: REGULAR | F18: =+'ESTADO RED VIS'!J15 -> 11.764 | G18: =+F18/$F$20 -> 0.21889362
A19: 5601 | E19: MALO | F19: =+'ESTADO RED VIS'!J16 -> 8.382 | G19: =+F19/$F$20 -> 0.1559645
A20: LA UNION-LA FRONTERA-SONSON | E20: TOTAL | F20: =SUM(F17:F19) -> 53.743 | G20: =SUM(G17:G19) -> 1
A47: CONVENCIONES
A48: BUENO
A49: REGULAR
A50: MALO | C50: VOLVER A TABLA DE CONTENIDO

Sheet ESTADO RED TEC
A1: INSTITUTO NACIONAL DE VIAS
A2: DIRECCION TERRITORIAL ANTIOQUIA
A4: CUADRO No 4
A6: RELACION ESTADO DE LA RED CRITERIO TECNICO
A8: INGENIERO RESIDENTE: | C8: CARLOS MARIO MORENO IDÁRRAGA | E8: PERIODO EVALUADO: | G8: JULIO - DICIEMBRE/2022
A10: CODIGO VIA | B10: PR INICIAL | C10: PR FINAL | D10: CARRETERA | E10: Kms. | F10: TIPO DE | G10: ESTADO
F11: SUPERFICIE | J11: 5601
A12: 5601 | B12: 49+0000 | C12: 49+0885 | D12: La Unión - Sonsón | E12: 0.885 | F12: P-1 | G12: M | J12: MB | K12: =+SUMIF(G$12:G$76,"MB",E$12:E$76) -> 0
A13: =+A12 -> 5601 | B13: =+C12 -> 49+0885 | C13: 50+0040 | D13: La Unión - Sonsón | E13: 0.02 | F13: P-6 | G13: R | J13: B | K13: =+SUMIF(G$12:G$76,"B",E$12:E$76) -> 5.137
A14: =+A13 -> 5601 | B14: =+C12 -> 49+0885 | C14: =+C13 -> 50+0040 | D14: La Unión - Sonsón | E14: 0.04 | F14: P-6 | G14: M | J14: R | K14: =+SUMIF(G$12:G$76,"R",E$12:E$76) -> 30.87
A15: =+A14 -> 5601 | B15: =+C14 -> 50+0040 | C15: 50+0240 | D15: La Unión - Sonsón | E15: 0.2 | F15: P-6 | G15: M | J15: M | K15: =+SUMIF(G$12:G$76,"M",E$12:E$76) -> 18.911
A16: =+A15 -> 5601 | B16: =+C14 -> 50+0040 | C16: 50+0240 | D16: La Unión - Sonsón | E16: 0.2 | F16: P-6 | G16: M | J16: MM | K16: =+SUMIF(G$12:G$76,"MM",E$12:E$76) -> 0
A17: =+A16 -> 5601 | B17: =+C16 -> 50+0240 | C17: 51+0000 | D17: La Unión - Sonsón | E17: 0.76 | F17: P-6 | G17: R | J17: TOTAL | K17: =SUM(K12:K16) -> 54.918
A18: =+A17 -> 5601 | B18: =+C17 -> 51+0000 | C18: 52+0000 | D18: La Unión - Sonsón | E18: 1 | F18: P-6 | G18: R
A19: =+A18 -> 5601 | B19: =+C18 -> 52+0000 | C19: 53+0000 | D19: La Unión - Sonsón | E19: 0.996 | F19: P-6 | G19: R
A20: =+A19 -> 5601 | B20: =+C19 -> 53+0000 | C20: 54+0000 | D20: La Unión - Sonsón | E20: 1.002 | F20: P-6 | G20: B
A21: =+A20 -> 5601 | B21: =+C20 -> 54+0000 | C21: 55+0000 | D21: La Unión - Sonsón | E21: 1.002 | F21: P-6 | G21: R
A22: =+A21 -> 5601 | B22: =+C21 -> 55+0000 | C22: 56+0000 | D22: La Unión - Sonsón | E22: 0.999 | F22: P-6 | G22: R
A23: =+A22 -> 5601 | B23: =+C22 -> 56+0000 | C23: 57+0000 | D23: La Unión - Sonsón | E23: 1.002 | F23: P-6 | G23: R
A24: =+A23 -> 5601 | B24: =+C23 -> 57+0000 | C24: 58+0000 | D24: La Unión - Sonsón | E24: 0.976 | F24: P-6 | G24: R
A25: =+A24 -> 5601 | B25: =+C24 -> 58+0000 | C25: 59+0000 | D25: La Unión - Sonsón | E25: 0.956 | F25: P-6 | G25: R
A26: =+A25 -> 5601 | B26: =+C25 -> 59+0000 | C26: 60+0000 | D26: La Unión - Sonsón | E26: 1.043 | F26: P-6 | G26: R
A27: =+A26 -> 5601 | B27: =+C26 -> 60+0000 | C27: 61+0000 | D27: La Unión - Sonsón | E27: 1.006 | F27: P-6 | G27: R
A28: =+A27 -> 5601 | B28: =+C27 -> 61+0000 | C28: 62+0000 | D28: La Unión - Sonsón | E28: 1.012 | F28: P-6 | G28: R
A29: =+A28 -> 5601 | B29: =+C28 -> 62+0000 | C29: 63+0000 | D29: La Unión - Sonsón | E29: 1.007 | F29: P-6 | G29: R
... A76: =+A75 -> 5601 | B76: =+C75 -> 102+0950 | C76: 103+0000 | D76: La Unión - Sonsón | E76: 0.185 | F76: P-1 | G76: B
E77: =SUM(E12:E76) -> 54.918
E82: CONVENCIONES
E83: MB | F83: MUY BUENO
E84: B | F84: BUENO
E85: R | F85: REGULAR
E86: M | F86: MALO
E87: MM | F87: MUY MALO | G87: VOLVER A TABLA DE CONTENIDO

Sheet SEMAFORO TEC
A1: INSTITUTO NACIONAL DE VÍAS
A2: DIRECCIÓN TERRITORIAL ANTIOQUIA
A3: GRAFICO No. 3
A4: ESTADO DE LA RED CRITERIO TÉCNICO
A6: NOMBRE DE LA VÍA: | B6: LA UNIÓN - LA FRONTERA - SONSÓN | BD6: Código de la vía: | BH6: 5601
A8: SECTOR | B8: LA UNIÓN - SONSÓN | BD8: PR 49+0000 A PR 103+0000
A10: INGENIERO RESIDENTE: | G10: CARLOS MARIO MORENO I. | BD10: PERIODO EVALUADO: | BI10: JULIO - DICIEMBRE / 2022
A39: CÓDIGO | BF39: Longitud y Porcentaje
B40: SECTOR | BF40: sobre el total de la vía
A41: PR | B41: 5601 | BF41: o del ítem
A42: ÍTEM | B42: 49 | M42: 60 | W42: 70 | AG42: 80 | AQ42: 90 | AX42: 100 | BA42: 103 | BD42: MB | BF42: B | BH42: R | BJ42: M | BL42: MM
F43: 49 | AH43: 55 | AI43: 60 | AJ43: 65 | AX43: 70 | AY43: 75 | AZ43: 80 | BD43: km | BE43: % | BF43: km | BG43: % | BH43: km | BI43: % | BJ43: km | BK43: % | BL43: km | BM43: %
A44: Pavimento | C44: M | BC44: B
B45: M | C45: R | D45: M | E45: R | F45: B | G45: R | H45: B | I45: R | J45: R | K45: R | L45: R | M45: R | N45: R | O45: R | P45: R | Q45: R | R45: R | S45: R | T45: R | U45: M | V45: M | W45: M | X45: M | Y45: R | Z45: R | AA45: M | AB45: M | AC45: R | AD45: R | AE45: R | AF45: M | AG45: R | AH45: R | AI45: R | AJ45: R | AK45: R | AL45: M | AM45: M | AN45: M | AO45: M | AP45: M | AQ45: M | AR45: M | AS45: M | AT45: M | AU45: M | AV45: B | AW45: B | AX45: R | AY45: R | AZ45: R | BA45: B | BB45: R | BC45: B | BD45: =+'ESTADO RED TEC'!K12 -> 0 | BE45: =+BD45/+'ESTADO RED TEC'!K17 -> 0 | BF45: =+'ESTADO RED TEC'!K13 -> 5.137 | BG45: =+BF45/'ESTADO RED TEC'!K17 -> 0.093539459 | BH45: =+'ESTADO RED TEC'!K14 -> 30.87 | BI45: =+BH45/'ESTADO RED TEC'!K17 -> 0.56211078 | BJ45: =+'ESTADO RED TEC'!K15 -> 18.911 | BK45: =+BJ45/'ESTADO RED TEC'!K17 -> 0.34434976 | BL45: =+'ESTADO RED TEC'!K16 -> 0 | BM45: =+BL45/'ESTADO RED TEC'!K17 -> 0 | BN45: =+BE45+BG45+BI45+BK45+BM45 -> 1
A46: Afirmado
B47: NO APLICA | BD47: =(COUNTIF($B$47:$BC$47,"MB")) -> 0 | BE47: =+BD47/8 -> 0 | BF47: =(COUNTIF($B$47:$BC$47,"B")) -> 0 | BG47: =+BF47/54 -> 0 | BH47: =(COUNTIF($B$47:$BC$47,"R")) -> 0 | BI47: =+BH47/54 -> 0 | BJ47: =(COUNTIF($B$47:$BC$47,"M")) -> 0 | BK47: =+BJ47/54 -> 0 | BL47: =(COUNTIF($B$47:$BC$47,"MM")) -> 0 | BM47: =+BL47/54 -> 0 | BN47: =+BE47+BG47+BI47+BK47+BM47 -> 0
A48: Puentes (Son: 8 )
J49: B | N49: B | U49: B | Y49: B | AI49: B | AJ49: M | AM49: B | AT49: B | BD49: =(COUNTIF($B$49:$BC$49,"MB")) -> 0 | BE49: =+BD49/8 -> 0 | BF49: =(COUNTIF($B$49:$BC$49,"B")) -> 7 | BG49: =+BF49/8 -> 0.875 | BH49: =(COUNTIF($B$49:$BC$49,"R")) -> 0 | BI49: =+BH49/8 -> 0 | BJ49: =(COUNTIF($B$49:$BC$49,"M")) -> 1 | BK49: =+BJ49/8 -> 0.125 | BL49: =(COUNTIF($B$49:$BC$49,"MM")) -> 0 | BM49: =+BL49/54 -> 0 | BN49: =+BE49+BG49+BI49+BK49+BM49 -> 1
A50: Cunetas
B51: b | C51: b | D51: b | E51: b | F51: r | G51: b | H51: b | I51: r | J51: r | K51: b | L51: b | M51: r | N51: b | O51: b | P51: b | Q51: b | R51: b | S51: b | T51: b | U51: r | V51: r | W51: r | X51: b | Y51: b | Z51: b | AA51: b | AB51: b | AC51: b | AD51: b | AE51: b | AF51: b | AG51: b | AH51: b | AI51: b | AJ51: b | AK51: b | AL51: r | AM51: r | AN51: r | AO51: m | AP51: r | AQ51: r | AR51: r | AS51: b | AT51: b | AU51: r | AV51: m | AW51: m | AX51: m | AY51: m | AZ51: m | BA51: m | BB51: m | BC51: b | BD51: =(COUNTIF($B$51:$BC$51,"MB")) -> 0 | BE51: =+BD51/54 -> 0 | BF51: =(COUNTIF($B$51:$BC$51,"B")) -> 32 | BG51: =+BF51/54 -> 0.59259259 | BH51: =(COUNTIF($B$51:$BC$51,"R")) -> 14 | BI51: =+BH51/54 -> 0.25925926 | BJ51: =(COUNTIF($B$51:$BC$51,"M")) -> 8 | BK51: =+BJ51/54 -> 0.14814815 | BL51: =(COUNTIF($B$51:$BC$51,"MM")) -> 0 | BM51: =+BL51/54 -> 0 | BN51: =+BE51+BG51+BI51+BK51+BM51 -> 1
A52: Señalización Vertical
B53: R | C53: M | D53: B | E53: B | F53: R | G53: R | H53: R | I53: R | J53: R | K53: M | L53: R | M53: R | N53: R | O53: R | P53: R | Q53: R | R53: R | S53: R | T53: R | U53: R | V53: M | W53: R | X53: M | Y53: R | Z53: R | AA53: R | AB53: R | AC53: R | AD53: R | AE53: R | AF53: R | AG53: R | AH53: R | AI53: R | AJ53: R | AK53: R | AL53: R | AM53: R | AN53: R | AO53: R | AP53: R | AQ53: R | AR53: R | AS53: R | AT53: R | AU53: R | AV53: R | AW53: R | AX53: R | AY53: R | AZ53: R | BA53: R | BB53: R | BC53: R | BD53: =(COUNTIF($B$53:$BC$53,"MB")) -> 0 | BE53: =+BD53/54 -> 0 | BF53: =(COUNTIF($B$53:$BC$53,"B")) -> 2 | BG53: =+BF53/54 -> 0.037037037 | BH53: =(COUNTIF($B$53:$BC$53,"R")) -> 48 | BI53: =+BH53/54 -> 0.88888889 | BJ53: =(COUNTIF($B$53:$BC$53,"M")) -> 4 | BK53: =+BJ53/54 -> 0.074074074 | BL53: =(COUNTIF($B$53:$BC$53,"MM")) -> 0 | BM53: =+BL53/54 -> 0 | BN53: =+BE53+BG53+BI53+BK53+BM53 -> 1
A54: Señalización horizontal
B55: M | C55: M | D55: M | E55: R | F55: R | G55: R | H55: R | I55: R | J55: R | K55: R | L55: R | M55: R | N55: R | O55: R | P55: R | Q55: R | R55: R | S55: R | T55: R | U55: R | V55: R | W55: B | X55: B | Y55: B | Z55: B | AA55: B | AB55: B | AC55: B | AD55: B | AE55: B | AF55: B | AG55: B | AH55: B | AI55: B | AJ55: B | AK55: B | AL55: m | AM55: m | AN55: m | AO55: m | AP55: m | AQ55: m | AR55: m | AS55: m | AT55: m | AU55: m | AV55: m | AW55: m | AX55: m | AY55: m | AZ55: m | BA55: m | BB55: m | BC55: B | BD55: =(COUNTIF($B$55:$BC$55,"MB")) -> 0 | BE55: =+BD55/54 -> 0 | BF55: =(COUNTIF($B$55:$BC$55,"B")) -> 16 | BG55: =+BF55/54 -> 0.2962963 | BH55: =(COUNTIF($B$55:$BC$55,"R")) -> 18 | BI55: =+BH55/54 -> 0.33333333 | BJ55: =(COUNTIF($B$55:$BC$55,"M")) -> 20 | BK55: =+BJ55/54 -> 0.37037037 | BL55: =(COUNTIF($B$55:$BC$55,"MM")) -> 0 | BM55: =+BL55/54 -> 0 | BN55: =+BE55+BG55+BI55+BK55+BM55 -> 1
A56: Rocería
B57: B | C57: B | D57: B | E57: B | F57: B | G57: B | H57: B | I57: B | J57: B | K57: B | L57: B | M57: B | N57: B | O57: B | P57: B | Q57: B | R57: B | S57: B | T57: B | U57: B | V57: B | W57: B | X57: B | Y57: B | Z57: B | AA57: B | AB57: B | AC57: B | AD57: B | AE57: B | AF57: B | AG57: B | AH57: B | AI57: B | AJ57: B | AK57: B | AL57: B | AM57: B | AN57: B | AO57: B | AP57: B | AQ57: B | AR57: B | AS57: B | AT57: B | AU57: B | AV57: B | AW57: B | AX57: B | AY57: B | AZ57: B | BA57: B | BB57: B | BC57: B | BD57: =(COUNTIF($B$57:$BC$57,"MB")) -> 0 | BE57: =+BD57/54 -> 0 | BF57: =(COUNTIF($B$57:$BC$57,"B")) -> 54 | BG57: =+BF57/54 -> 1 | BH57: =(COUNTIF($B$57:$BC$57,"R")) -> 0 | BI57: =+BH57/54 -> 0 | BJ57: =(COUNTIF($B$57:$BC$57,"M")) -> 0 | BK57: =+BJ57/54 -> 0 | BL57: =(COUNTIF($B$57:$BC$57,"MM")) -> 0 | BM57: =+BL57/54 -> 0 | BN57: =+BE57+BG57+BI57+BK57+BM57 -> 1
A58: Alcantarillas
B59: b | C59: b | D59: R | E59: R | F59: R | G59: R | H59: R | I59: R | J59: R | K59: B | L59: R | M59: R | N59: R | O59: R | P59: R | Q59: R | R59: R | S59: B | T59: B | U59: R | V59: R | W59: R | X59: B | Y59: B | Z59: B | AA59: B | AB59: B | AC59: B | AD59: B | AE59: B | AF59: B | AG59: B | AH59: B | AI59: B | AJ59: B | AK59: B | AL59: R | AM59: R | AN59: R | AO59: R | AP59: R | AQ59: R | AR59: R | AS59: R | AT59: R | AU59: R | AV59: R | AW59: R | AX59: R | AY59: R | AZ59: B | BA59: R | BB59: B | BC59: B | BD59: =(COUNTIF($B$59:$BC$59,"MB")) -> 0 | BE59: =+BD59/54 -> 0 | BF59: =(COUNTIF($B$59:$BC$59,"B")) -> 22 | BG59: =+BF59/54 -> 0.40740741 | BH59: =(COUNTIF($B$59:$BC$59,"R")) -> 32 | BI59: =+BH59/54 -> 0.59259259 | BJ59: =(COUNTIF($B$59:$BC$59,"M")) -> 0 | BK59: =+BJ59/54 -> 0 | BL59: =(COUNTIF($B$59:$BC$59,"MM")) -> 0 | BM59: =+BL59/54 -> 0 | BN59: =+BE59+BG59+BI59+BK59+BM59 -> 1
A60: Limpiezas de bermas
BD61: =(COUNTIF($B$61:$BC$61,"MB")) -> 0 | BE61: =+BD61/54 -> 0 | BF61: =(COUNTIF($B$61:$BC$61,"B")) -> 0 | BG61: =+BF61/54 -> 0 | BH61: =(COUNTIF($B$61:$BC$61,"R")) -> 0 | BI61: =+BH61/54 -> 0 | BJ61: =(COUNTIF($B$61:$BC$61,"M")) -> 0 | BK61: =+BJ61/54 -> 0 | BL61: =(COUNTIF($B$61:$BC$61,"MM")) -> 0 | BM61: =+BL61/54 -> 0 | BN61: =+BE61+BG61+BI61+BK61+BM61 -> 0
A63: NOTA: Indicar en el mapa los PRs de cada uno de los sitios importantes
A64: Hacer montaje del mapa de la red vial sobre cartografía o mapas aerofotogramétricos
A65: OBSERVACIONES:
BE67: VOLVER A TABLA DE CONTENIDO

Sheet TORTA EST. VIAS TEC
A1: INSTITUTO NACIONAL DE VIAS
A2: DIRECCION TERRITORIAL ANTIOQUIA
A4: GRAFICO No. 4
A6: ESTADO DE LA RED EN TORTA - CRITERIO TECNICO
A8: INGENIERO RESIDENTE: | B8: CARLOS MARIO MORENO IDARRAGA
A10: PERIODO EVALUADO: | B10: JULIO - DICIEMBRE / 2022
A13: CARRETERA | B13: SEMESTRE ANTERIOR | C13: SEMESTRE EVALUADO | G13: SEMESTRE EVALUADO
G15: =+'ESTADO RED TEC'!K12 -> 0 | H15: =+G15/G20 -> 0
G16: =+'ESTADO RED TEC'!K13 -> 5.137 | H16: =+G16/G20 -> 0.093539459
A17: LA UNION - SONSON | G17: =+'ESTADO RED TEC'!K14 -> 30.87 | H17: =+G17/G20 -> 0.56211078
A18: RUTA 5601 | G18: =+'ESTADO RED TEC'!K15 -> 18.911 | H18: =+G18/G20 -> 0.34434976
G19: =+'ESTADO RED TEC'!K16 -> 0 | H19: =+G19/G20 -> 0
G20: =SUM(G15:G19) -> 54.918 | H20: =SUM(H15:H19) -> 1
A26: CONVENCIONES
A27: MUY BUENO
A28: BUENO
A29: REGULAR
A30: MALO
A31: MUY MALO | C31: VOLVER A TABLA DE CONTENIDO

Sheet MAPA EST RED
A1: INSTITUTO NACIONAL DE VÍAS
A2: DIRECCIÓN TERRITORIAL ANTIOQUIA
A6: MAPA No. 1
A7: ESTADO DE LA RED Y SITIOS CRÍTICOS DE INESTABILIDAD
A14: INCLUIR AQUÍ EL MAPA CON EL ESTADO GENERAL DE LA RED VIAL A CARGO (CON COLORES
A15: DEL CRITERIO TÉCNICO) Y LA UBICACIÓN CON PR DE LOS SITIOS CRÍTICOS DE INESTABILIDAD
F36: CONVENCIONES
F37: MB | G37: MUY BUENO
F38: B | G38: BUENO
F39: R | G39: REGULAR
F40: M | G40: MALO
F41: MM | G41: MUY MALO
A42: NOTA: | B42: Ubicar en el mapa municipios, PRs de sitios importantes y lugares donde hay
B43: cambios en el estado de la red y sitios críticos de inestabilidad.
A45: RELACIÓN SITIOS CRÍTICOS DE INESTABILIDAD
A46: No | B46: CÓDIGO VÍA | C46: SECTOR | D46: PR | E46: DESCRIPCIÓN DEL PROBLEMA
A47: 1 | B47: 5601 | C47: EL CARDAL | D47: 70+0080 | E47: Socavación y erosión pata del talud inferior. | F47: 19+500
A48: 2 | B48: 5601 | C48: AURES | D48: 80+0460 | E48: Erosión en descole de obra de drenaje, formación de gran cárcava en talud inferior | F48: 24+700
A49: 3 | B49: 5601 | C49: AURES | D49: 81+0820 | E49: Reactivación inestabilidad talud superior, con caídas de suelo e invasión de calzada.
A50: 4 | B50: 5601 | C50: AURES | D50: 81+0200 | E50: Fallo de muro en gaviones, por malla deteriorada
A51: 5 | B51: 5601 | C51: AURES | D51: 81+0250 | E51: Fallo de cuneta y de talud inferioren el costado izquierdo, se presentan grietas en el talud. Lugar en constante chequeo
A52: 6 | B52: 5601 | C52: AURES CARTAGENA | D52: 83+0012 | E52: Daño en losa de puente "Cartagena", fisuras en vigas, socavación en estribos y aletas y disipador de energía.
A53: 7 | B53: 5601 | C53: LA MORELIA | D53: 84+0750 | E53: Fallo de Bordillo en talud Inferior
A54: 8 | B54: 5601 | C54: LA MORELIA | D54: 85+0660 | E54: Asentamiento carril derecho. Talud inferior inestable lado derecho. | F54: 61+100 a 61+600
A55: 9 | B55: 5601 | C55: MANANTIALES | D55: 92+0087 | E55: Daño serevo en obra, encole y decole, se requiere cambio y mejoramiento.
A56: 10 | B56: 5601 | C56: MANANTIALES | D56: 91+0840 - 92+0010 | E56: Deformación de la calzada, deslizamiento lento masivo.
A57: 11 | B57: 5601 | C57: TASAJO | D57: 93+0750 | E57: Desprendimiento del talud inferior, lado izquierdo de la vía por acción erosiva del río "Tasajo". | F57: 18+000
A58: 12 | B58: 5601 | C58: TASAJO | D58: 94+0260 | E58: Fuerte Erosion en descole causado por incremento de caudal de quebrada.
A59: 13 | B59: 5601 | C59: TASAJO | D59: 94+0450 | E59: Carcava descole obra y desconfinamiento de banca.
A60: 14 | B60: 5601 | C60: TASAJO | D60: 94+0820 - 94+0875 | E60: Hundimiento de banca en longitud de 65 metros. Ya es notorio el desnivel tanto a la entrada como a la salida de sector afectado. | F60: 44+500 a 45+500
A61: 15 | B61: 5601 | C61: TASAJO | D61: 95+0750 - 95+0840 | E61: Hundimiento de banca en longitud de 100 metros. El paso continua estable luego de aplicación en 2013 de capa de renivelación de MSC-1, como medida de mitigación. | F61: 44+500 a 45+500
A62: 16 | B62: 5601 | C62: LA HONDA | D62: 97+0300 | E62: Asentamiento carril derecho. Talud inferior inestable lado derecho. | F62: 61+100 a 61+600
E64: VOLVER A LA TABLA DE CONTENIDO

Sheet NECESIDAD VIA
A1: INSTITUTO NACIONAL DE VIAS
A2: DIRECCION TERRITORIAL ANTIOQUIA
A4: CUADRO No. 5
A6: NECESIDADES PREVENTIVAS DE LA VIA
A7: MANTENIMIENTO PERIODICO
A9: INGENIERO RESIDENTE: | B9: CARLOS MARIO MORENO IDÁRRAGA | F9: TRIMESTRE EVALUADO: ENE - MAR/2023
A11: CARRETERA | B11: CODIGO | C11: PR inicial | D11: PR final | E11: DESCRIPCION DE LA NECESIDAD | F11: COSTO ESTIMADO ($) | G11: OBSERVACIONES
A12: LA UNIÓN - SONSÓN | B12: 5601 | C12: 52+200 | E12: REEMPLAZO DE OBRA DE DRENAJE INSUFICIENTE HIDRÁULICAMENTE | F12: =+'CANT OBRA'!H607 -> 45360053
A13: LA UNIÓN - SONSÓN | B13: 5601 | C13: 52+530 | E13: REEMPLAZO DE OBRA DE DRENAJE COLAPSADA | F13: =+'CANT OBRA'!H623 -> 59110699
A14: LA UNIÓN - SONSÓN | B14: 5601 | C14: 53+475 | E14: REEMPLAZO DE OBRA DE DRENAJE COLAPSADA | F14: =+'CANT OBRA'!H639 -> 45137254
A15: LA UNIÓN - SONSÓN | B15: 5601 | C15: 55+850 | E15: CONSTRUCCIÓN DE DISIPADOR DE CUNETAS PARA EVITAR EROSIÓN EN DESCOLE | F15: =+'CANT OBRA'!H650 -> 9819791
A16: LA UNIÓN - SONSÓN | B16: 5601 | C16: 56+0210 | E16: REEMPLAZO DE ALCANTARILLA, ENCAUCE DE AGUAS DE ENCOLE HACIA OBRA DE DRENAJE Y PROTECCIÓN DEL MISMO | F16: =+'CANT OBRA'!H668 -> 53009483
A17: LA UNIÓN - SONSÓN | B17: 5601 | C17: 56+0563 | E17: RECONSTRUCCIÓN DE CUNETAS DETERIORADAS | F17: =+'CANT OBRA'!H961 -> 2954856
A18: LA UNIÓN - SONSÓN | B18: 5601 | C18: 57+0784 | E18: RECONSTRUCCIÓN DE CUNETAS DETERIORADAS | F18: =+'CANT OBRA'!H970 -> 2178500
A19: LA UNIÓN - SONSÓN | B19: 5601 | C19: 58+0790 | E19: PROTECCIÓN BANCA DE ACCIÓN EROSIVA DE QUEBRADA | F19: =+'CANT OBRA'!H45 -> 115954828
A20: LA UNIÓN - SONSÓN | B20: 5601 | C20: 60+0125 | E20: DEMOLICIÓN DE CABEZOTE VOLCADO QUE OBSTRUYE SALIDA DE OBRA DE DRENAJE | F20: =+'CANT OBRA'!H675 -> 1027469
A21: LA UNIÓN - SONSÓN | B21: 5601 | C21: 60+0820 | E21: DEMOLICIÓN Y RECONSTRUCCIÓN DE PLACAS DE PAVIMENTO DE CONCRETO | F21: =+'CANT OBRA'!H980 -> 28664712
A22: LA UNIÓN - SONSÓN | B22: 5601 | C22: 61+0585 | E22: REEMPLAZO DE OBRA DE DRENAJE INSUFICIENTE HIDRÁULICAMENTE | F22: =+'CANT OBRA'!H691 -> 46333568
A23: LA UNIÓN - SONSÓN | B23: 5601 | C23: 63+0110 | E23: CONSTRUCCIÓN DE MURO EN GAVIONES PARA ESTABILIZACIÓN BANCA, MARGEN DERECHA VÍA | F23: =+'CANT OBRA'!H71 -> 60859889
A24: LA UNIÓN - SONSÓN | B24: 5601 | C24: 68+0812 | E24: CONSTRUCCIÓN DE DISIPADOR DE OBRA DE DRENAJE PARA EVITAR MAYOR EROSIÓN DE DESCOLE | F24: =+'CANT OBRA'!H703 -> 117061756
A25: LA UNIÓN - SONSÓN | B25: 5601 | C25: 68+0910 | E25: CONSTRUCCIÓN DE ALETA DE OBRA DE DRENAJE | F25: =+'CANT OBRA'!H714 -> 5749713
A26: LA UNIÓN - SONSÓN | B26: 5602 | C26: 68+0980 | E26: REEMPLAZO DE OBRA DE DRENAJE INSUFICIENTE | F26: =+'CANT OBRA'!H730 -> 43915459
A27: LA UNIÓN - SONSÓN | B27: 5601 | C27: 82+0904 | E27: RECONSTRUCCIÓN DE MURO EN GAVIONES | F27: =+'CANT OBRA'!H292 -> 258790772
A28: LA UNIÓN - SONSÓN | B28: 5601 | C28: 89+0890 | E28: RECONSTRUCCIÓN DE MURO EN GAVIONES | F28: =+'CANT OBRA'!H334 -> 28476266
A29: LA UNIÓN - SONSÓN | B29: 5601 | C29: 92+0087 | E29: REEMPLAZO DE OBRA DE DRENAJE DETERIORADA | F29: =+'CANT OBRA'!H856 -> 110353229
A30: LA UNIÓN - SONSÓN | B30: 5601 | C30: 96+0015 | E30: CONSTRUCCIÓN DE GAVIONES PARA ESTABILIZACIÓN DE BANCA | F30: =+'CANT OBRA'!H379 -> 7711694
A31: LA UNIÓN - SONSÓN | B31: 5601 | C31: 97+0720 | E31: RECONSTRUCCIÓN DE MURO EN GAVIONES | F31: =+'CANT OBRA'!H491 -> 16501116
A32: LA UNIÓN - SONSÓN | B32: 5601 | C32: 98+0790 | E32: CONSTRUCCIÓN DE DISIPADOR DE CUNETA | F32: =+'CANT OBRA'!H931 -> 15559213
A33: LA UNIÓN - SONSÓN | B33: 5601 | C33: 72+0700 - 85+0130 y 101+0905 - 103+0000 | E33: SELLO DE FISURAS PAVIMENTO FLEXIBLE | F33: =+'CANT OBRA'!H1035 -> 195850993
A34: LA UNIÓN - SONSÓN | B34: 5601 | C34: 49+0885 | D34: 72+688 | E34: REPARACIÓN DE PLACAS DE PAVIMENTO RÍGIDO | F34: =+'CANT OBRA'!H1047 -> 473123594
A35: LA UNIÓN - SONSÓN | B35: 5601 | C35: 49+0000 | D35: 103+0000 | E35: REMOCIÓN DE DERRUMBES TRAMO 5601 | F35: =+'CANT OBRA'!H1014 -> 150768053
A36: LA UNIÓN - SONSÓN | B36: 5601 | C36: 85+0160 | D36: 101+906 | E36: PARCHEO CON MEZCLA ASFÁLTICA PR´S 85+0150 AL PR 101+0906 | F36: =+'CANT OBRA'!H1005 -> 7779329008
A37: LA UNIÓN - SONSÓN | B37: 5601 | C37: 49+0000-49+0885, 68+0601-71+0318, 85+0103-101+0900 | E37: PARCHEO CON MEZCLA ASFÁLTICA Y REFORZAMIENTO DE LA ESTRUCTURA DEL PAVIMENTO PR´S 49+000-49+885, 68+601-71+318, 85+103-101+900 | F37: =+'CANT OBRA'!H1029 -> 21054950220
A38: LA UNIÓN - SONSÓN | B38: 5601 | C38: 49+0000 | D38: 103+0000 | E38: RECONSTRUCCIÓN DE CUNETAS Y FILTROS TRAMO 5601 | F38: =+'CANT OBRA'!H952 -> 5521881160
E39: TOTAL | F39: =SUM(F12:F38) -> 36250433348
A41: LOS VALORES REGISTRADOS EN LA COLUMNA COSTO ESTIMADO, DEBEN ESTAR ENLAZADOS CON EL HIPERVINCULO DEL CUADRO No. 7 "CALCULO DE CANTIDADES Y COSTOS ESTIMADOS DE NECESIDADES DE LAS VIAS", RESPECTIVO.
A42: NOTA (1): El costo debe incluir AIU e IVA (16% sobre utilidades) | F42: VOLVER A TABLA DE CONTENIDO

Sheet NECESIDADES CRITICAS
A1: INSTITUTO NACIONAL DE VIAS
A2: DIRECCION TERRITORIAL ANTIOQUIA
A4: CUADRO No. 6
A6: NECESIDADES CRITICAS DE LAS VIAS
A7: MANTENIMIENTO PERIODICO
A10: ADMINISTRADOR (ING. RESIDENTE): | C10: CARLOS MARIO MORENO IDÁRRAGA | F10: TRIMESTRE EVALUADO: | G10: ENE-MAR/2023
A12: CARRETERA | B12: CODIGO | C12: PR inicial | D12: PR final | E12: DESCRIPCION DE LA NECESIDAD | F12: COSTO ESTIMADO ($) | G12: OBSERVACIONES
A13: LA UNIÓN - SONSÓN | B13: 5601 | C13: 57+0950 | E13: CONSTRUCCIÓN DE MURO SOBRE CAISSONS Y REPARACIÓN DE CUNETAS | F13: =+'CANT OBRA'!H19 -> 55240515
A14: LA UNIÓN - SONSÓN | B14: 5601 | C14: 58+0045 | E14: PROTECCIÓN BANCA Y ESTRUCTURA DE CONTENCIÓN DE ACCIÓN EROSIVA DE QUEBRADA | F14: =+'CANT OBRA'!H32 -> 56300482
A15: LA UNIÓN - SONSÓN | B15: 5601 | C15: 65+0970 | E15: CONSTRUCCIÓN DE MURO DE PATA EN GAVIONES Y DE DISIPADOR DE ENERGÍA | F15: =+'CANT OBRA'!H83 -> 49048492
A16: LA UNIÓN - SONSÓN | B16: 5601 | C16: 67+0990 | D16: 68+030 | E16: CONSTRUCCIÓN DE BORDILLO (INCLUYE CONTRAFUERTES PARA EVITAR VOLCAMIENTO), PARA EVITAR EROSIÓN EN TALUD INFERIOR | F16: =+'CANT OBRA'!H96 -> 44093403
A17: LA UNIÓN - SONSÓN | B17: 5601 | C17: 68+0500 | E17: CONSTRUCCIÓN DE MURO EN CONCRETO (CIMENTACIÓN SUPERFICIAL), H=3,5 M, L=35 M | F17: =+'CANT OBRA'!H110 -> 203580850
A18: LA UNIÓN - SONSÓN | B18: 5601 | C18: 68+0600 | E18: CONSTRUCCIÓN DE MURO EN CONCRETO (CIMENTACIÓN SUPERFICIAL), H=3,5 M, L=20M | F18: =+'CANT OBRA'!H125 -> 118527925
A19: LA UNIÓN - SONSÓN | B19: 5601 | C19: 68+0773 | E19: REEMPLAZO DE MURO EN GAVIONES DETERIORADOS Y CONSTRUCCIÓN DE DISIPADOR DE OBRA DE DRENAJE PARA EVITAR MAYOR EROSIÓN DE DESCOLE | F19: =+'CANT OBRA'!H137 -> 131978879
A20: LA UNIÓN - SONSÓN | B20: 5601 | C20: 70+0080 | E20: CONSTRUCCIÓN DE MURO EN CONCRETO (CIMENTACIÓN SUPERFICIAL) Y PROTECCIÓN DE CAUCE QUEBRADA | F20: =+'CANT OBRA'!H155 -> 597717994
A21: LA UNIÓN - SONSÓN | B21: 5601 | C21: 70+0775 | E21: CONSTRUCCIÓN DE DISIPADOR DE CUNETA | F21: =+'CANT OBRA'!H995 -> 29133767
A22: LA UNIÓN - SONSÓN | B22: 5601 | C22: 72+0900 | E22: RECONSTRUCCIÓN DE MURO EN GAVIONES | F22: =+'CANT OBRA'!H168 -> 104311505
A23: =+A22 -> LA UNIÓN - SONSÓN | B23: 5601 | C23: 76+0400 | E23: REPARACIÓN DE CUNETA Y CONSTRUCCIÓN MURO EN GAVIONES | F23: =+'CANT OBRA'!H179 -> 47323131
A24: =+A23 -> LA UNIÓN - SONSÓN | B24: =+B23 -> 5601 | C24: 76+0515 | E24: CONSTRUCCIÓN DE MURO EN GAVIONES | F24: =+'CANT OBRA'!H191 -> 41083880
A25: =+A24 -> LA UNIÓN - SONSÓN | B25: 5601 | C25: 76+0880 | E25: RECONSTRUCCIÓN DE BORDILLO | F25: =+'CANT OBRA'!H200 -> 4360043
A26: =+A25 -> LA UNIÓN - SONSÓN | B26: 5601 | C26: 76+0900 | E26: CONSTRUCCIÓN DE MURO PATERO | F26: =+'CANT OBRA'!H210 -> 21512503
A27: LA UNIÓN - SONSÓN | B27: 5601 | C27: 77+0010 | E27: CONSTRUCCIÓN DE MURO EN CONCRETO (CIMENTACIÓN SUPERFICIAL), H=3,5 M, L=25 M | F27: =+'CANT OBRA'!H225 -> 152982791
A28: LA UNIÓN - SONSÓN | B28: 5601 | C28: 77+0930 | E28: RECONSTRUCCIÓN DE MURO EN GAVIONES | F28: =+'CANT OBRA'!H240 -> 60151701
A29: LA UNIÓN - SONSÓN | B29: 5601 | C29: 78+0030 | E29: REEMPLAZO DE CAJA DE DRENAJE INSUFICIENTE POR BOX COULVERT DE 2X2 | F29: =+'CANT OBRA'!H748 -> 167734941
A30: LA UNIÓN - SONSÓN | B30: 5601 | C30: 78+0540 | E30: CONSTRUCCIÓN DE GAVIONES Y DISIPADOR DE OBRA DE DRENAJE PARA RECUPERAR ESTABILIDAD BANCA | F30: =+'CANT OBRA'!H252 -> 24549309
A31: LA UNIÓN - SONSÓN | B31: 5601 | C31: 78+0580 | E31: CONSTRUCCIÓN DE DISIPADOR DE OBRA DE DRENAJE PARA RECUPERACIÓN CÁRCAVA | F31: =+'CANT OBRA'!H761 -> 77289577
A32: LA UNIÓN - SONSÓN | B32: 5601 | C32: 80+0060 | E32: CONSTRUCCIÓN DE DISIPADOR DE OBRA DE DRENAJE Y RECUPERACIÓN CÁRCAVA | F32: =+'CANT OBRA'!H775 -> 79145468
A33: LA UNIÓN - SONSÓN | B33: 5601 | C33: 80+0460 | E33: CONSTRUCCIÓN DE DISIPADOR DE OBRA DE DRENAJE | F33: =+'CANT OBRA'!H262 -> 68033655
A34: LA UNIÓN - SONSÓN | B34: 5601 | C34: 80+0640 | E34: PROTECCIÓN TALUD INFERIOR Y CAUCE QUEBRADA DE ACCIÓN EROSIVA | F34: =+'CANT OBRA'!H270 -> 131669917
A35: LA UNIÓN - SONSÓN | B35: 5601 | C35: 80+0720 | E35: REEMPLAZO DE CAJA DE DRENAJE INSUFICIENTE POR BOX COULVERT DE 2X2 | F35: =+'CANT OBRA'!H793 -> 179454255
A36: LA UNIÓN - SONSÓN | B36: 5601 | C36: 80+0750 | E36: PROTECCIÓN DE TALUD CON REVEGETALIZACIÓN Y MANTO DE REFUERZO | F36: =+'CANT OBRA'!H521 -> 135604379
A37: LA UNIÓN - SONSÓN | B37: 5601 | C37: 81+0820 | E37: OBRAS DE ESTABILIZACIÓN TALUD SUPERIOR (MURO CIMENTACIÓN SUPERFICIAL PARA CONTENER MASA, H=2,0 M., L=30 M.), DRENAJE Y SUBDRENAJE | F37: =+'CANT OBRA'!H539 -> 293484310
A38: LA UNIÓN - SONSÓN | B38: 5601 | C38: 81+0200 | E38: RECONSTRUCCION DE MURO DE GAVIONES L=30M | F38: =+'CANT OBRA'!H549 -> 206899906
A39: LA UNIÓN - SONSÓN | B39: 5601 | C39: 81+0250 | E39: RECUPERACION Y CONSTRUCCION DE CUNETA L=20M | F39: =+'CANT OBRA'!H560 -> 32005071
A40: LA UNIÓN - SONSÓN | B40: 5601 | C40: 83+0440 | E40: CONSTRUCCIÓN MURO CONCRETO SOBRE CAISSONS PARA ESTABILIZACIÓN DE LA BANCA, L=25,0 m. | F40: =+'CANT OBRA'!H308 -> 571875901
A41: LA UNIÓN - SONSÓN | B41: 5601 | C41: 84+0750 | E41: CONSTRUCCIÓN DE BORDILLO MICROPILOTESDO DE 15 M DE LONGITUD. | F41: =+'CANT OBRA'!H572 -> 88483546
A42: LA UNIÓN - SONSÓN | B42: 5601 | C42: 85+0660 | E42: ESTABILIZACIÓN DE TERRENO CON CAISSONS, VIGA CABEZAL Y OBRAS COMPLEMENTARIAS | F42: =+'CANT OBRA'!H588 -> 350643379
A43: LA UNIÓN - SONSÓN | B43: 5601 | C43: 87+0220 | E43: CONSTRUCCIÓN DE MURO DE CONCRETO REFORZADO DE CIMENTACIÓN SUPERFICIAL, H=3,5 M., L=15,0 M. | F43: =+'CANT OBRA'!H836 -> 339320298
A44: LA UNIÓN - SONSÓN | B44: 5601 | C44: 87+0396 | E44: CONSTRUCCIÓN DE DISIPADOR DE OBRA DE DRENAJE PARA EVITAR MAYOR EROSIÓN DE DESCOLE | F44: =+'CANT OBRA'!H807 -> 183704085
A45: LA UNIÓN - SONSÓN | B45: 5601 | C45: 88+0190 | E45: RECONSTRUCCIÓN ALETAS DE SALIDA OBRA DRENAJE Y CONSTRUCCIÓN DE DISIPADOR PARA EVITAR EROSIÓN EN DESCOLE Y FORMACIÓN DE CÁRCAVA | F45: =+'CANT OBRA'!H820 -> 57888024
A46: LA UNIÓN - SONSÓN | B46: 5601 | C46: 91+0840 | E46: OBRAS DE ESTABILIZACIÓN DE TERRENO Y BANCA PARA MANTENER EL TRÁNSITO POR EL SECTOR | F46: =+'CANT OBRA'!H401 -> 1588097203
A47: LA UNIÓN - SONSÓN | B47: 5601 | C47: 92+0360 | E47: RECONSTRUCCIÓN TERRAPLÉN Y REEMPLAZO DE CAJA DE DRENAJE INSUFICIENTE POR BOX COULVERT DE 2X2 | F47: =+'CANT OBRA'!H874 -> 430221952
A48: LA UNIÓN - SONSÓN | B48: 5601 | C48: 93+0770 | E48: OBRAS DE PROTECCIÓN DEL TALUD INFERIOR POR ACCIÓN EROSIVA DEL RÍO "TASAJO" MARGEN IZQUIERDA | F48: =+'CANT OBRA'!H321 -> 88018497
A49: LA UNIÓN - SONSÓN | B49: 5601 | C49: 94+0015 | E49: CONSTRUCCIÓN DE MURO EN GAVIONES PARA EVITAR INESTABILIDAD EN BANCA Y RECUPERAR BORDE VÍA, MARGEN IZQUIERDA VÍA | F49: =+'CANT OBRA'!H345 -> 132355150
A50: LA UNIÓN - SONSÓN | B50: 5601 | C50: 94+0260 | E50: CONSTRUCCION DE DESCOLE, HIDROSIEMBRA Y MUERTO EN ROCA DE GRAN TAMAÑO | F50: =+'CANT OBRA'!H414 -> 398786941
A51: LA UNIÓN - SONSÓN | B51: 5601 | C51: 94+0380 | E51: CONSTRUCCIÓN DE DISIPADOR DE DESCOLE DE CUNETAS PARA PROTECCIÓN DE MURO EXISTENTE Y ESTABILIZAR BANCA | F51: =+'CANT OBRA'!H355 -> 11979057
A52: LA UNIÓN - SONSÓN | B52: 5601 | C52: 94+0450 | E52: CONSTRUCCIÓN DE DISIPADOR DE OBRA DE DRENAJE Y RECUPERACIÓN CÁRCAVA | F52: =+'CANT OBRA'!H367 -> 137579467
A53: LA UNIÓN - SONSÓN | B53: 5601 | C53: 94+0820 | E53: OBRAS DE ESTABILIZACIÓN DE TERRENO Y BANCA (MURO CONFINAMIENTO EN GAVIONES TALUD INFERIOR, DRENAJE, SUBDRENAJE) | F53: =+'CANT OBRA'!H429 -> 273292484
A54: LA UNIÓN - SONSÓN | B54: 5601 | C54: 95+0750 | D54: 95+840 | E54: OBRAS DE ESTABILIZACIÓN DE TERRENO Y BANCA | F54: =+'CANT OBRA'!H447 -> 495335433
A55: LA UNIÓN - SONSÓN | B55: 5601 | C55: 95+0870 | E55: REEMPLAZO DE OBRA DE DRENAJE DETERIORADA | F55: =+'CANT OBRA'!H918 -> 62992065
A56: LA UNIÓN - SONSÓN | B56: 5601 | C56: 96+0125 | E56: CONSTRUCCIÓN DE MURO EN CONCRETO SOBRE CAISSONS Y DISIPADOR OBRA DE DRENAJE PARA ESTABILIZACIÓN DE LA BANCA | F56: =+'CANT OBRA'!H465 -> 735923346
A57: LA UNIÓN - SONSÓN | B57: 5601 | C57: 97+0300 | E57: CONSTRUCCIÓN DE MURO DE CONCRETO REFORZADO DE CIMENTACIÓN SUPERFICIAL, H=3,5 M., L=25,0 M. | F57: =+'CANT OBRA'!H480 -> 245492176
A58: LA UNIÓN - SONSÓN | B58: 5601 | C58: 49+0000 | D58: 103+0000 | E58: ESTABILIZACIÓN Y PROTECCIÓN DE TALUDES A LO LARGO DEL TRAMO 5601 | F58: =+'CANT OBRA'!H514 -> 3932984309
A74: LOS VALORES REGISTRADOS EN LA COLUMNA COSTO ESTIMADO, DEBEN ESTAR ENLAZADOS CON EL HIPERVINCULO DEL CUADRO No. 7 "CALCULO DE CANTIDADES Y COSTOS ESTIMADOS DE NECESIDADES DE LAS VIAS", RESPECTIVO.
A75: NOTA (1): El costo debe incluir AIU e IVA (16% sobre utilidades) | F75: VOLVER A TABLA DE CONTENIDO

Sheet CANT OBRA
A1: INSTITUTO NACIONAL DE VIAS
A2: DIRECCION TERRITORIAL ANTIOQUIA
A3: CUADRO No. 7
A5: CALCULO DE CANTIDADES Y COSTOS ESTIMADOS DE NECESIDADES
A6: DE LAS VIAS (PREVENTIVAS Ó CRITICAS Ó PUENTES Ó PONTONES)
A7: INGENIERO RESIDENTE: | D7: CARLOS MARIO MORENO IDÁRRAGA | G7: TRIMESTRE EVALUADO: | H7: ENE - MAR / 2023
A8: CARRETERA: | C8: LA UNION - LA FRONTERA - SONSÓN (PR49+0000 - PR103+0000) | E8: SECTOR: | F8: 5601
A10: ITEM DE PAGO | B10: ESPECIFICACIONES
B11: GENERAL | C11: PARTICULAR | D11: DESCRIPCION | E11: UND. | F11: CANTIDAD | G11: VALOR UNITARIO ( $ ) | H11: VALOR TOTAL ( $ )
A13: 1. Descripción de la actividad : OBRAS DE PROTECCIÓN Y RECUPERACIÓN DE BANCA
C15: PR57+0950 CONSTRUCCIÓN DE MURO SOBRE CAISSONS Y REPARACIÓN DE CUNETAS l=23,60 ML
A16: 623.1 | B16: =MID(A16,1,3)&"-"&13 -> 623-13 | D16: =VLOOKUP(A16,[33]ÍNDICE!$C$6:$N$380,5,FALSE) -> ANCLAJE TIPO _____ (ROCA) | E16: =VLOOKUP(A16,[33]ÍNDICE!$C$6:$N$380,2,FALSE) -> m | F16: 105 | G16: =VLOOKUP(A16,[33]ÍNDICE!$C$6:$N$380,12,FALSE) -> 522283.45 | H16: =F16*G16 -> 54839763
G17: VALOR BÁSICO | H17: =SUM(H16:H16) -> 54839763
G18: VALOR IVA (19% SOBRE UTILIDADES) | H18: =ROUND((+H17*0.05*0.19)/(1+0.3),0) -> 400752
G19: VALOR TOTAL DE LA OBRA | H19: =+ROUND(H17+H18,0) -> 55240515
C21: PR 58+0045 PROTECCIÓN BANCA Y ESTRUCTURA DE CONTENCIÓN DE ACCIÓN EROSIVA DE QUEBRADA
A22: 600.1.1 | B22: =MID(A22,1,3)&"-"&13 -> 600-13 | D22: =VLOOKUP(A22,[33]ÍNDICE!$C$6:$N$380,5,FALSE) -> EXCAVACIONES VARIAS SIN CLASIFICAR | E22: =VLOOKUP(A22,[33]ÍNDICE!$C$6:$N$380,2,FALSE) -> m3 | F22: =6*2*3 -> 36 | G22: =VLOOKUP(A22,[33]ÍNDICE!$C$6:$N$380,12,FALSE) -> 58828.261 | H22: =F22*G22 -> 2117817.4
A23: 600.2.4 | B23: =MID(A23,1,3)&"-"&13 -> 600-13 | D23: =VLOOKUP(A23,[33]ÍNDICE!$C$6:$N$380,5,FALSE) -> EXCAVACIONES VARIAS EN MATERIAL COMÚN BAJO AGUA | E23: =VLOOKUP(A23,[33]ÍNDICE!$C$6:$N$380,2,FALSE) -> m3 | F23: 12 | G23: =VLOOKUP(A23,[33]ÍNDICE!$C$6:$N$380,12,FALSE) -> 59036.508 | H23: =F23*G23 -> 708438.1
A24: 610.1 | B24: =MID(A24,1,3)&"-"&13 -> 610-13 | D24: =VLOOKUP(A24,[33]ÍNDICE!$C$6:$N$380,5,FALSE) -> RELLENO PARA ESTRUCTURAS CON SUELO (analizado sin preparación de la superficie base del relleno) | E24: =VLOOKUP(A24,[33]ÍNDICE!$C$6:$N$380,2,FALSE) -> m3 | F24: 5 | G24: =VLOOKUP(A24,[33]ÍNDICE!$C$6:$N$380,12,FALSE) -> 162354.11 | H24: =F24*G24 -> 811770.55
A25: 630.1.5 | B25: =MID(A25,1,3)&"-"&13 -> 630-13 | D25: =VLOOKUP(A25,[33]ÍNDICE!$C$6:$N$380,5,FALSE) -> CONCRETO SIMPLE RESISTENCIA 17 MPa - MEZCLA IN SITU | E25: =VLOOKUP(A25,[33]ÍNDICE!$C$6:$N$380,2,FALSE) -> m3 | F25: =8*4*0.1 -> 3.2 | G25: =VLOOKUP(A25,[33]ÍNDICE!$C$6:$N$380,12,FALSE) -> 994779.33 | H25: =F25*G25 -> 3183293.9
A26: 630.1.7 | B26: =MID(A26,1,3)&"-"&13 -> 630-13 | D26: =VLOOKUP(A26,[33]ÍNDICE!$C$6:$N$380,5,FALSE) -> CONCRETO CICLÓPEO RESISTENCIA 14MPa (G) | E26: =VLOOKUP(A26,[33]ÍNDICE!$C$6:$N$380,2,FALSE) -> m3 | F26: 2 | G26: =VLOOKUP(A26,[33]ÍNDICE!$C$6:$N$380,12,FALSE) -> 680494.67 | H26: =F26*G26 -> 1360989.3
A27: 630.P | B27: =MID(A27,1,3)&"-"&13 -> 630-13 | D27: =VLOOKUP(A27,[33]ÍNDICE!$C$6:$N$380,5,FALSE) -> BOLSACRETO CONCRETO 210 MPA | E27: =VLOOKUP(A27,[33]ÍNDICE!$C$6:$N$380,2,FALSE) -> m3 | F27: 30 | G27: =VLOOKUP(A27,[33]ÍNDICE!$C$6:$N$380,12,FALSE) -> 858421.78 | H27: =F27*G27 -> 25752653
A28: 673.1.2 | B28: =MID(A28,1,3)&"-"&13 -> 673-13 | D28: =VLOOKUP(A28,[33]ÍNDICE!$C$6:$N$380,5,FALSE) -> GEOTEXTIL TIPO TEJIDO CON RESISTENCIA A LA TENSIÓN GRAB MÍNIMA DE 1400 N | E28: =VLOOKUP(A28,[33]ÍNDICE!$C$6:$N$380,2,FALSE) -> m2 | F28: =7*3*1.1 -> 23.1 | G28: =VLOOKUP(A28,[33]ÍNDICE!$C$6:$N$380,12,FALSE) -> 12861.246 | H28: =F28*G28 -> 297094.79
A29: 681.1 | B29: =MID(A29,1,3)&"-"&13 -> 681-13 | D29: =VLOOKUP(A29,[33]ÍNDICE!$C$6:$N$380,5,FALSE) -> GAVIONES DE MALLA DE ALAMBRE DE ACERO ENTRELAZADO CLASE 1; RECUBRIMIENTO DE ZINC (GALVANIZADO) | E29: =VLOOKUP(A29,[33]ÍNDICE!$C$6:$N$380,2,FALSE) -> m3 | F29: 36 | G29: =VLOOKUP(A29,[33]ÍNDICE!$C$6:$N$380,12,FALSE) -> 601666.2 | H29: =F29*G29 -> 21659983
G30: VALOR BÁSICO | H30: =SUM(H22:H29) -> 55892040
G31: VALOR IVA (19% SOBRE UTILIDADES) | H31: =SUM(H30:H30)*0.05*0.19/1.3 -> 408441.83
G32: VALOR TOTAL DE LA OBRA | H32: =+ROUND(H30+H31,0) -> 56300482
C35: PR 58+0790 PROTECCIÓN BANCA DE ACCIÓN EROSIVA DE QUEBRADA
A36: 600.1.1 | B36: =MID(A36,1,3)&"-"&13 -> 600-13 | D36: =VLOOKUP(A36,[33]ÍNDICE!$C$6:$N$380,5,FALSE) -> EXCAVACIONES VARIAS SIN CLASIFICAR | E36: =VLOOKUP(A36,[33]ÍNDICE!$C$6:$N$380,2,FALSE) -> m3 | F36: =20*2*3 -> 120 | G36: =VLOOKUP(A36,[33]ÍNDICE!$C$6:$N$380,12,FALSE) -> 58828.261 | H36: =F36*G36 -> 7059391.3
A37: 600.2.4 | B37: =MID(A37,1,3)&"-"&13 -> 600-13 | D37: =VLOOKUP(A37,[33]ÍNDICE!$C$6:$N$380,5,FALSE) -> EXCAVACIONES VARIAS EN MATERIAL COMÚN BAJO AGUA | E37: =VLOOKUP(A37,[33]ÍNDICE!$C$6:$N$380,2,FALSE) -> m3 | F37: =0.7*F36 -> 84 | G37: =VLOOKUP(A37,[33]ÍNDICE!$C$6:$N$380,12,FALSE) -> 59036.508 | H37: =F37*G37 -> 4959066.7
A38: 610.1 | B38: =MID(A38,1,3)&"-"&13 -> 610-13 | D38: =VLOOKUP(A38,[33]ÍNDICE!$C$6:$N$380,5,FALSE) -> RELLENO PARA ESTRUCTURAS CON SUELO (analizado sin preparación de la superficie base del relleno) | E38: =VLOOKUP(A38,[33]ÍNDICE!$C$6:$N$380,2,FALSE) -> m3 | F38: =0.75*F36 -> 90 | G38: =VLOOKUP(A38,[33]ÍNDICE!$C$6:$N$380,12,FALSE) -> 162354.11 | H38: =F38*G38 -> 14611870
A39: 630.1.4.1 | B39: =MID(A39,1,3)&"-"&13 -> 630-13 | D39: =VLOOKUP(A39,[33]ÍNDICE!$C$6:$N$380,5,FALSE) -> CONCRETO REFORZADO RESISTENCIA 21MPa (D) - MEZCLA IN SITU | E39: =VLOOKUP(A39,[33]ÍNDICE!$C$6:$N$380,2,FALSE) -> m3 | F39: =20*4*0.1 -> 8 | G39: =VLOOKUP(A39,[33]ÍNDICE!$C$6:$N$380,12,FALSE) -> 1243512.5 | H39: =F39*G39 -> 9948099.7
A40: 630.1.7 | B40: =MID(A40,1,3)&"-"&13 -> 630-13 | D40: =VLOOKUP(A40,[33]ÍNDICE!$C$6:$N$380,5,FALSE) -> CONCRETO CICLÓPEO RESISTENCIA 14MPa (G) | E40: =VLOOKUP(A40,[33]ÍNDICE!$C$6:$N$380,2,FALSE) -> m3 | F40: 8 | G40: =VLOOKUP(A40,[33]ÍNDICE!$C$6:$N$380,12,FALSE) -> 680494.67 | H40: =F40*G40 -> 5443957.3
A41: 673.1.2 | B41: =MID(A41,1,3)&"-"&13 -> 673-13 | D41: =VLOOKUP(A41,[33]ÍNDICE!$C$6:$N$380,5,FALSE) -> GEOTEXTIL TIPO TEJIDO CON RESISTENCIA A LA TENSIÓN GRAB MÍNIMA DE 1400 N | E41: =VLOOKUP(A41,[33]ÍNDICE!$C$6:$N$380,2,FALSE) -> m2 | F41: =21*3*1.1 -> 69.3 | G41: =VLOOKUP(A41,[33]ÍNDICE!$C$6:$N$380,12,FALSE) -> 12861.246 | H41: =F41*G41 -> 891284.37
A42: 681.1 | B42: =MID(A42,1,3)&"-"&13 -> 681-13 | D42: =VLOOKUP(A42,[33]ÍNDICE!$C$6:$N$380,5,FALSE) -> GAVIONES DE MALLA DE ALAMBRE DE ACERO ENTRELAZADO CLASE 1; RECUBRIMIENTO DE ZINC (GALVANIZADO) | E42: =VLOOKUP(A42,[33]ÍNDICE!$C$6:$N$380,2,FALSE) -> m3 | F42: =20*3*(2/3)*3 -> 120 | G42: =VLOOKUP(A42,[33]ÍNDICE!$C$6:$N$380,12,FALSE) -> 601666.2 | H42: =F42*G42 -> 72199943
G43: VALOR BÁSICO | H43: =SUM(H36:H42) -> 1.1511361e+08
G44: VALOR IVA (19% SOBRE UTILIDADES) | H44: =SUM(H43:H43)*0.05*0.19/1.3 -> 841214.86
G45: VALOR TOTAL DE LA OBRA | H45: =+ROUND(H43+H44,0) -> 115954828
C48: PR 62+0260 EROSIÓN SEVERO POR DESCOLE
A49: 600.1.1 | B49: =MID(A49,1,3)&"-"&13 -> 600-13 | D49: =VLOOKUP(A49,[33]ÍNDICE!$C$6:$N$380,5,FALSE) -> EXCAVACIONES VARIAS SIN CLASIFICAR | E49: =VLOOKUP(A49,[33]ÍNDICE!$C$6:$N$380,2,FALSE) -> m3 | F49: 128 | G49: =VLOOKUP(A49,[33]ÍNDICE!$C$6:$N$380,12,FALSE) -> 58828.261 | H49: =F49*G49 -> 7530017.4
A50: 610.1 | B50: =MID(A50,1,3)&"-"&13 -> 610-13 | D50: =VLOOKUP(A50,[33]ÍNDICE!$C$6:$N$380,5,FALSE) -> RELLENO PARA ESTRUCTURAS CON SUELO (analizado sin preparación de la superficie base del relleno) | E50: =VLOOKUP(A50,[33]ÍNDICE!$C$6:$N$380,2,FALSE) -> m3 | F50: 87 | G50: =VLOOKUP(A50,[33]ÍNDICE!$C$6:$N$380,12,FALSE) -> 162354.11 | H50: =F50*G50 -> 14124808
A51: 630.1.4.1 | B51: =MID(A51,1,3)&"-"&13 -> 630-13 | D51: =VLOOKUP(A51,[33]ÍNDICE!$C$6:$N$380,5,FALSE) -> CONCRETO REFORZADO RESISTENCIA 21MPa (D) - MEZCLA IN SITU | E51: =VLOOKUP(A51,[33]ÍNDICE!$C$6:$N$380,2,FALSE) -> m3 | F51: 10 | G51: =VLOOKUP(A51,[33]ÍNDICE!$C$6:$N$380,12,FALSE) -> 1243512.5 | H51: =F51*G51 -> 12435125
A52: 630.1.6 | B52: =MID(A52,1,3)&"-"&13 -> 630-13 | D52: =VLOOKUP(A52,[33]ÍNDICE!$C$6:$N$380,5,FALSE) -> CONCRETO LIVIANO RESISTENCIA 14MPa (F) - MEZCLA IN SITU | E52: =VLOOKUP(A52,[33]ÍNDICE!$C$6:$N$380,2,FALSE) -> m3 | F52: 2 | G52: =VLOOKUP(A52,[33]ÍNDICE!$C$6:$N$380,12,FALSE) -> 894326.16 | H52: =F52*G52 -> 1788652.3
A53: 640.1 | B53: =MID(A53,1,3)&"-"&13 -> 640-13 | D53: =VLOOKUP(A53,[33]ÍNDICE!$C$6:$N$380,5,FALSE) -> ACERO DE REFUERZO Fy 4200 MPa | E53: =VLOOKUP(A53,[33]ÍNDICE!$C$6:$N$380,2,FALSE) -> kg | F53: 293 | G53: =VLOOKUP(A53,[33]ÍNDICE!$C$6:$N$380,12,FALSE) -> 7547.7371 | H53: =F53*G53 -> 2211487
A54: 673.1.2 | B54: =MID(A54,1,3)&"-"&13 -> 673-13 | D54: =VLOOKUP(A54,[33]ÍNDICE!$C$6:$N$380,5,FALSE) -> GEOTEXTIL TIPO TEJIDO CON RESISTENCIA A LA TENSIÓN GRAB MÍNIMA DE 1400 N | E54: =VLOOKUP(A54,[33]ÍNDICE!$C$6:$N$380,2,FALSE) -> m2 | F54: 158 | G54: =VLOOKUP(A54,[33]ÍNDICE!$C$6:$N$380,12,FALSE) -> 12861.246 | H54: =F54*G54 -> 2032076.9
A55: 681.3 | B55: =MID(A55,1,3)&"-"&13 -> 681-13 | D55: =VLOOKUP(A55,[33]ÍNDICE!$C$6:$N$380,5,FALSE) -> GAVIONES DE MALLA DE ALAMBRE DE ACERO ENTRELAZADO CLASE 3; RECUBRIMIENTO DE ZINC (GALVANIZADO) Y PVC | E55: =VLOOKUP(A55,[33]ÍNDICE!$C$6:$N$380,2,FALSE) -> m3 | F55: 80 | G55: =VLOOKUP(A55,[33]ÍNDICE!$C$6:$N$380,12,FALSE) -> 575872.25 | H55: =F55*G55 -> 46069780
G56: VALOR BÁSICO | H56: =SUM(H49:H55) -> 86191946
G57: VALOR IVA (19% SOBRE UTILIDADES) | H57: =ROUND((+H56*0.05*0.19)/(1+0.3),0) -> 629864
G58: VALOR TOTAL DE LA OBRA | H58: =+ROUND(H56+H57,0) -> 86821810
C63: PR 63+0110 CONSTRUCCIÓN DE MURO EN GAVIONES PARA ESTABILIZACIÓN BANCA, MARGEN DERECHA VÍA, L=15m
A64: 600.1.1 | B64: =MID(A64,1,3)&"-"&13 -> 600-13 | D64: =VLOOKUP(A64,[33]ÍNDICE!$C$6:$N$380,5,FALSE) -> EXCAVACIONES VARIAS SIN CLASIFICAR | E64: =VLOOKUP(A64,[33]ÍNDICE!$C$6:$N$380,2,FALSE) -> m3 | F64: =15*2*3.5 -> 105 | G64: =VLOOKUP(A64,[33]ÍNDICE!$C$6:$N$380,12,FALSE) -> 58828.261 | H64: =F64*G64 -> 6176967.4
A65: 610.1 | B65: =MID(A65,1,3)&"-"&13 -> 610-13 | D65: =VLOOKUP(A65,[33]ÍNDICE!$C$6:$N$380,5,FALSE) -> RELLENO PARA ESTRUCTURAS CON SUELO (analizado sin preparación de la superficie base del relleno) | E65: =VLOOKUP(A65,[33]ÍNDICE!$C$6:$N$380,2,FALSE) -> m3 | F65: =15*0.5*3.5 -> 26.25 | G65: =VLOOKUP(A65,[33]ÍNDICE!$C$6:$N$380,12,FALSE) -> 162354.11 | H65: =F65*G65 -> 4261795.4
A66: 630.1.7 | B66: =MID(A66,1,3)&"-"&13 -> 630-13 | D66: =VLOOKUP(A66,[33]ÍNDICE!$C$6:$N$380,5,FALSE) -> CONCRETO CICLÓPEO RESISTENCIA 14MPa (G) | E66: =VLOOKUP(A66,[33]ÍNDICE!$C$6:$N$380,2,FALSE) -> m3 | F66: 6 | G66: =VLOOKUP(A66,[33]ÍNDICE!$C$6:$N$380,12,FALSE) -> 680494.67 | H66: =F66*G66 -> 4082968
A67: 673.1.2 | B67: =MID(A67,1,3)&"-"&13 -> 673-13 | D67: =VLOOKUP(A67,[33]ÍNDICE!$C$6:$N$380,5,FALSE) -> GEOTEXTIL TIPO TEJIDO CON RESISTENCIA A LA TENSIÓN GRAB MÍNIMA DE 1400 N | E67: =VLOOKUP(A67,[33]ÍNDICE!$C$6:$N$380,2,FALSE) -> m2 | F67: =15*4 -> 60 | G67: =VLOOKUP(A67,[33]ÍNDICE!$C$6:$N$380,12,FALSE) -> 12861.246 | H67: =F67*G67 -> 771674.78
A68: 681.1 | B68: =MID(A68,1,3)&"-"&13 -> 681-13 | D68: =VLOOKUP(A68,[33]ÍNDICE!$C$6:$N$380,5,FALSE) -> GAVIONES DE MALLA DE ALAMBRE DE ACERO ENTRELAZADO CLASE 1; RECUBRIMIENTO DE ZINC (GALVANIZADO) | E68: =VLOOKUP(A68,[33]ÍNDICE!$C$6:$N$380,2,FALSE) -> m3 | F68: =15*5 -> 75 | G68: =VLOOKUP(A68,[33]ÍNDICE!$C$6:$N$380,12,FALSE) -> 601666.2 | H68: =F68*G68 -> 45124965
G69: VALOR BÁSICO | H69: =SUM(H64:H68) -> 60418370
G70: VALOR IVA (19% SOBRE UTILIDADES) | H70: =SUM(H69:H69)*0.05*0.19/1.3 -> 441518.86
G71: VALOR TOTAL DE LA OBRA | H71: =+ROUND(H69+H70,0) -> 60859889
C74: PR 65+0970 CONSTRUCCIÓN DE MURO DE PATA EN GAVIONES Y CUNETA
A75: 600.1.1 | B75: =MID(A75,1,3)&"-"&13 -> 600-13 | D75: =VLOOKUP(A75,[33]ÍNDICE!$C$6:$N$380,5,FALSE) -> EXCAVACIONES VARIAS SIN CLASIFICAR | E75: =VLOOKUP(A75,[33]ÍNDICE!$C$6:$N$380,2,FALSE) -> m3 | F75: 30 | G75: =VLOOKUP(A75,[33]ÍNDICE!$C$6:$N$380,12,FALSE) -> 58828.261 | H75: =F75*G75 -> 1764847.8
A76: 610.1 | B76: =MID(A76,1,3)&"-"&13 -> 610-13 | D76: =VLOOKUP(A76,[33]ÍNDICE!$C$6:$N$380,5,FALSE) -> RELLENO PARA ESTRUCTURAS CON SUELO (analizado sin preparación de la superficie base del relleno) | E76: =VLOOKUP(A76,[33]ÍNDICE!$C$6:$N$380,2,FALSE) -> m3 | F76: 42 | G76: =VLOOKUP(A76,[33]ÍNDICE!$C$6:$N$380,12,FALSE) -> 162354.11 | H76: =F76*G76 -> 6818872.7
A77: 630.1.6 | B77: =MID(A77,1,3)&"-"&13 -> 630-13 | D77: =VLOOKUP(A77,[33]ÍNDICE!$C$6:$N$380,5,FALSE) -> CONCRETO LIVIANO RESISTENCIA 14MPa (F) - MEZCLA IN SITU | E77: =VLOOKUP(A77,[33]ÍNDICE!$C$6:$N$380,2,FALSE) -> m3 | F77: 2 | G77: =VLOOKUP(A77,[33]ÍNDICE!$C$6:$N$380,12,FALSE) -> 894326.16 | H77: =F77*G77 -> 1788652.3
A78: 671.3 | B78: =MID(A78,1,3)&"-"&13 -> 671-13 | D78: =VLOOKUP(A78,[33]ÍNDICE!$C$6:$N$380,5,FALSE) -> CUNETA DE CONCRETO VACIADA IN SITU; INCLUYE LA CONFORMACIÓN DE LA SUPERFICIE DE APOYO | E78: =VLOOKUP(A78,[33]ÍNDICE!$C$6:$N$380,2,FALSE) -> m3 | F78: 5 | G78: =VLOOKUP(A78,[33]ÍNDICE!$C$6:$N$380,12,FALSE) -> 1106254 | H78: =F78*G78 -> 5531270.2
A79: 673.1.2 | B79: =MID(A79,1,3)&"-"&13 -> 673-13 | D79: =VLOOKUP(A79,[33]ÍNDICE!$C$6:$N$380,5,FALSE) -> GEOTEXTIL TIPO TEJIDO CON RESISTENCIA A LA TENSIÓN GRAB MÍNIMA DE 1400 N | E79: =VLOOKUP(A79,[33]ÍNDICE!$C$6:$N$380,2,FALSE) -> m2 | F79: 42 | G79: =VLOOKUP(A79,[33]ÍNDICE!$C$6:$N$380,12,FALSE) -> 12861.246 | H79: =F79*G79 -> 540172.35
A80: 681.3 | B80: =MID(A80,1,3)&"-"&13 -> 681-13 | D80: =VLOOKUP(A80,[33]ÍNDICE!$C$6:$N$380,5,FALSE) -> GAVIONES DE MALLA DE ALAMBRE DE ACERO ENTRELAZADO CLASE 3; RECUBRIMIENTO DE ZINC (GALVANIZADO) Y PVC | E80: =VLOOKUP(A80,[33]ÍNDICE!$C$6:$N$380,2,FALSE) -> m3 | F80: 56 | G80: =VLOOKUP(A80,[33]ÍNDICE!$C$6:$N$380,12,FALSE) -> 575872.25 | H80: =F80*G80 -> 32248846
G81: VALOR BÁSICO | H81: =SUM(H75:H80) -> 48692661
G82: VALOR IVA (19% SOBRE UTILIDADES) | H82: =ROUND((+H81*0.05*0.19)/(1+0.3),0) -> 355831
G83: VALOR TOTAL DE LA OBRA | H83: =+ROUND(H81+H82,0) -> 49048492
C86: PR 67+0990 AL PR 68+0030 CONSTRUCCIÓN DE BORDILLO (INCLUYE CONTRAFUERTES PARA EVITAR VOLCAMIENTO), PARA EVITAR EROSIÓN EN TALUD INFERIOR
A87: 600.1.1 | B87: =MID(A87,1,3)&"-"&13 -> 600-13 | D87: =VLOOKUP(A87,[33]ÍNDICE!$C$6:$N$380,5,FALSE) -> EXCAVACIONES VARIAS SIN CLASIFICAR | E87: =VLOOKUP(A87,[33]ÍNDICE!$C$6:$N$380,2,FALSE) -> m3 | F87: =20*0.7*1.5 -> 21 | G87: =VLOOKUP(A87,[33]ÍNDICE!$C$6:$N$380,12,FALSE) -> 58828.261 | H87: =F87*G87 -> 1235393.5
A88: 610.1 | B88: =MID(A88,1,3)&"-"&13 -> 610-13 | D88: =VLOOKUP(A88,[33]ÍNDICE!$C$6:$N$380,5,FALSE) -> RELLENO PARA ESTRUCTURAS CON SUELO (analizado sin preparación de la superficie base del relleno) | E88: =VLOOKUP(A88,[33]ÍNDICE!$C$6:$N$380,2,FALSE) -> m3 | F88: 15 | G88: =VLOOKUP(A88,[33]ÍNDICE!$C$6:$N$380,12,FALSE) -> 162354.11 | H88: =F88*G88 -> 2435311.7
A89: 630.1.5 | B89: =MID(A89,1,3)&"-"&13 -> 630-13 | D89: =VLOOKUP(A89,[33]ÍNDICE!$C$6:$N$380,5,FALSE) -> CONCRETO SIMPLE RESISTENCIA 17 MPa - MEZCLA IN SITU | E89: =VLOOKUP(A89,[33]ÍNDICE!$C$6:$N$380,2,FALSE) -> m3 | F89: 22 | G89: =VLOOKUP(A89,[33]ÍNDICE!$C$6:$N$380,12,FALSE) -> 994779.33 | H89: =F89*G89 -> 21885145
A90: 630.1.7 | B90: =MID(A90,1,3)&"-"&13 -> 630-13 | D90: =VLOOKUP(A90,[33]ÍNDICE!$C$6:$N$380,5,FALSE) -> CONCRETO CICLÓPEO RESISTENCIA 14MPa (G) | E90: =VLOOKUP(A90,[33]ÍNDICE!$C$6:$N$380,2,FALSE) -> m3 | F90: 5 | G90: =VLOOKUP(A90,[33]ÍNDICE!$C$6:$N$380,12,FALSE) -> 680494.67 | H90: =F90*G90 -> 3402473.3
A91: 640.1 | B91: =MID(A91,1,3)&"-"&13 -> 640-13 | D91: =VLOOKUP(A91,[33]ÍNDICE!$C$6:$N$380,5,FALSE) -> ACERO DE REFUERZO Fy 4200 MPa | E91: =VLOOKUP(A91,[33]ÍNDICE!$C$6:$N$380,2,FALSE) -> kg | F91: =F89*105*0.5 -> 1155 | G91: =VLOOKUP(A91,[33]ÍNDICE!$C$6:$N$380,12,FALSE) -> 7547.7371 | H91: =F91*G91 -> 8717636.4
A92: 673.1.2 | B92: =MID(A92,1,3)&"-"&13 -> 673-13 | D92: =VLOOKUP(A92,[33]ÍNDICE!$C$6:$N$380,5,FALSE) -> GEOTEXTIL TIPO TEJIDO CON RESISTENCIA A LA TENSIÓN GRAB MÍNIMA DE 1400 N | E92: =VLOOKUP(A92,[33]ÍNDICE!$C$6:$N$380,2,FALSE) -> m2 | F92: 40 | G92: =VLOOKUP(A92,[33]ÍNDICE!$C$6:$N$380,12,FALSE) -> 12861.246 | H92: =F92*G92 -> 514449.85
A93: 673.2 | B93: =MID(A93,1,3)&"-"&13 -> 673-13 | D93: =VLOOKUP(A93,[33]ÍNDICE!$C$6:$N$380,5,FALSE) -> MATERIAL GRANULAR DRENANTE | E93: =VLOOKUP(A93,[33]ÍNDICE!$C$6:$N$380,2,FALSE) -> m3 | F93: =20*0.5*1.5 -> 15 | G93: =VLOOKUP(A93,[33]ÍNDICE!$C$6:$N$380,12,FALSE) -> 372207.29 | H93: =F93*G93 -> 5583109.3
G94: VALOR BÁSICO | H94: =SUM(H87:H93) -> 43773519
G95: VALOR IVA (19% SOBRE UTILIDADES) | H95: =SUM(H94:H94)*0.05*0.19/1.3 -> 319883.41
G96: VALOR TOTAL DE LA OBRA | H96: =+ROUND(H94+H95,0) -> 44093403
C98: PR 68+0500 CONSTRUCCIÓN DE MURO EN CONCRETO (CIMENTACIÓN SUPERFICIAL), H=3,5 M, L=35 M
A99: 201.7 | B99: =MID(A99,1,3)&"-"&13 -> 201-13 | D99: =VLOOKUP(A99,[33]ÍNDICE!$C$6:$N$380,5,FALSE) -> DEMOLICIÓN DE ESTRUCTURAS | E99: =VLOOKUP(A99,[33]ÍNDICE!$C$6:$N$380,2,FALSE) -> m3 | F99: 7 | G99: =VLOOKUP(A99,[33]ÍNDICE!$C$6:$N$380,12,FALSE) -> 217760.49 | H99: =F99*G99 -> 1524323.5
A100: 330.1.1 | B100: =MID(A100,1,3)&"-"&13 -> 330-13 | D100: =VLOOKUP(A100,[33]ÍNDICE!$C$6:$N$380,5,FALSE) -> BASE GRANULAR CLASE A GRADACION FINA | E100: =VLOOKUP(A100,[33]ÍNDICE!$C$6:$N$380,2,FALSE) -> m3 | F100: 10 | G100: =VLOOKUP(A100,[33]ÍNDICE!$C$6:$N$380,12,FALSE) -> 476364.67 | H100: =F100*G100 -> 4763646.7
A101: 600.1.1 | B101: =MID(A101,1,3)&"-"&13 -> 600-13 | D101: =VLOOKUP(A101,[33]ÍNDICE!$C$6:$N$380,5,FALSE) -> EXCAVACIONES VARIAS SIN CLASIFICAR | E101: =VLOOKUP(A101,[33]ÍNDICE!$C$6:$N$380,2,FALSE) -> m3 | F101: =35*3.5*2 -> 245 | G101: =VLOOKUP(A101,[33]ÍNDICE!$C$6:$N$380,12,FALSE) -> 58828.261 | H101: =F101*G101 -> 14412924
A102: 610.1 | B102: =MID(A102,1,3)&"-"&13 -> 610-13 | D102: =VLOOKUP(A102,[33]ÍNDICE!$C$6:$N$380,5,FALSE) -> RELLENO PARA ESTRUCTURAS CON SUELO (analizado sin preparación de la superficie base del relleno) | E102: =VLOOKUP(A102,[33]ÍNDICE!$C$6:$N$380,2,FALSE) -> m3 | F102: 207 | G102: =VLOOKUP(A102,[33]ÍNDICE!$C$6:$N$380,12,FALSE) -> 162354.11 | H102: =F102*G102 -> 33607301
A103: 630.1.4.1 | B103: =MID(A103,1,3)&"-"&13 -> 630-13 | D103: =VLOOKUP(A103,[33]ÍNDICE!$C$6:$N$380,5,FALSE) -> CONCRETO REFORZADO RESISTENCIA 21MPa (D) - MEZCLA IN SITU | E103: =VLOOKUP(A103,[33]ÍNDICE!$C$6:$N$380,2,FALSE) -> m3 | F103: 83 | G103: =VLOOKUP(A103,[33]ÍNDICE!$C$6:$N$380,12,FALSE) -> 1243512.5 | H103: =F103*G103 -> 1.0321153e+08
A104: 640.1 | B104: =MID(A104,1,3)&"-"&13 -> 640-13 | D104: =VLOOKUP(A104,[33]ÍNDICE!$C$6:$N$380,5,FALSE) -> ACERO DE REFUERZO Fy 4200 MPa | E104: =VLOOKUP(A104,[33]ÍNDICE!$C$6:$N$380,2,FALSE) -> kg | F104: 3475 | G104: =VLOOKUP(A104,[33]ÍNDICE!$C$6:$N$380,12,FALSE) -> 7547.7371 | H104: =F104*G104 -> 26228387
A105: 671.3 | B105: =MID(A105,1,3)&"-"&13 -> 671-13 | D105: =VLOOKUP(A105,[33]ÍNDICE!$C$6:$N$380,5,FALSE) -> CUNETA DE CONCRETO VACIADA IN SITU; INCLUYE LA CONFORMACIÓN DE LA SUPERFICIE DE APOYO | E105: =VLOOKUP(A105,[33]ÍNDICE!$C$6:$N$380,2,FALSE) -> m3 | F105: 5 | G105: =VLOOKUP(A105,[33]ÍNDICE!$C$6:$N$380,12,FALSE) -> 1106254 | H105: =F105*G105 -> 5531270.2
A106: 673.1.2 | B106: =MID(A106,1,3)&"-"&13 -> 673-13 | D106: =VLOOKUP(A106,[33]ÍNDICE!$C$6:$N$380,5,FALSE) -> GEOTEXTIL TIPO TEJIDO CON RESISTENCIA A LA TENSIÓN GRAB MÍNIMA DE 1400 N | E106: =VLOOKUP(A106,[33]ÍNDICE!$C$6:$N$380,2,FALSE) -> m2 | F106: 100 | G106: =VLOOKUP(A106,[33]ÍNDICE!$C$6:$N$380,12,FALSE) -> 12861.246 | H106: =F106*G106 -> 1286124.6
A107: 673.2 | B107: =MID(A107,1,3)&"-"&13 -> 673-13 | D107: =VLOOKUP(A107,[33]ÍNDICE!$C$6:$N$380,5,FALSE) -> MATERIAL GRANULAR DRENANTE | E107: =VLOOKUP(A107,[33]ÍNDICE!$C$6:$N$380,2,FALSE) -> m3 | F107: 31 | G107: =VLOOKUP(A107,[33]ÍNDICE!$C$6:$N$380,12,FALSE) -> 372207.29 | H107: =F107*G107 -> 11538426
G108: VALOR BÁSICO | H108: =SUM(H99:H107) -> 2.0210394e+08
G109: VALOR IVA (19% SOBRE UTILIDADES) | H109: =SUM(H108:H108)*0.05*0.19/1.3 -> 1476913.4
G110: VALOR TOTAL DE LA OBRA | H110: =+ROUND(H108+H109,0) -> 203580850
C113: PR 68+0600 CONSTRUCCIÓN DE MURO EN CONCRETO (CIMENTACIÓN SUPERFICIAL), H=3,5 M, L=20M
A114: 201.7 | B114: =MID(A114,1,3)&"-"&13 -> 201-13 | D114: =VLOOKUP(A114,[33]ÍNDICE!$C$6:$N$380,5,FALSE) -> DEMOLICIÓN DE ESTRUCTURAS | E114: =VLOOKUP(A114,[33]ÍNDICE!$C$6:$N$380,2,FALSE) -> m3 | F114: 4 | G114: =VLOOKUP(A114,[33]ÍNDICE!$C$6:$N$380,12,FALSE) -> 217760.49 | H114: =F114*G114 -> 871041.98
A115: 330.1.1 | B115: =MID(A115,1,3)&"-"&13 -> 330-13 | D115: =VLOOKUP(A115,[33]ÍNDICE!$C$6:$N$380,5,FALSE) -> BASE GRANULAR CLASE A GRADACION FINA | E115: =VLOOKUP(A115,[33]ÍNDICE!$C$6:$N$380,2,FALSE) -> m3 | F115: =20*1*0.4 -> 8 | G115: =VLOOKUP(A115,[33]ÍNDICE!$C$6:$N$380,12,FALSE) -> 476364.67 | H115: =F115*G115 -> 3810917.3
A116: 600.1.1 | B116: =MID(A116,1,3)&"-"&13 -> 600-13 | D116: =VLOOKUP(A116,[33]ÍNDICE!$C$6:$N$380,5,FALSE) -> EXCAVACIONES VARIAS SIN CLASIFICAR | E116: =VLOOKUP(A116,[33]ÍNDICE!$C$6:$N$380,2,FALSE) -> m3 | F116: =20*3.5*2 -> 140 | G116: =VLOOKUP(A116,[33]ÍNDICE!$C$6:$N$380,12,FALSE) -> 58828.261 | H116: =F116*G116 -> 8235956.6
A117: 610.1 | B117: =MID(A117,1,3)&"-"&13 -> 610-13 | D117: =VLOOKUP(A117,[33]ÍNDICE!$C$6:$N$380,5,FALSE) -> RELLENO PARA ESTRUCTURAS CON SUELO (analizado sin preparación de la superficie base del relleno) | E117: =VLOOKUP(A117,[33]ÍNDICE!$C$6:$N$380,2,FALSE) -> m3 | F117: 119 | G117: =VLOOKUP(A117,[33]ÍNDICE!$C$6:$N$380,12,FALSE) -> 162354.11 | H117: =F117*G117 -> 19320139
A118: 630.1.4.1 | B118: =MID(A118,1,3)&"-"&13 -> 630-13 | D118: =VLOOKUP(A118,[33]ÍNDICE!$C$6:$N$380,5,FALSE) -> CONCRETO REFORZADO RESISTENCIA 21MPa (D) - MEZCLA IN SITU | E118: =VLOOKUP(A118,[33]ÍNDICE!$C$6:$N$380,2,FALSE) -> m3 | F118: 48 | G118: =VLOOKUP(A118,[33]ÍNDICE!$C$6:$N$380,12,FALSE) -> 1243512.5 | H118: =F118*G118 -> 59688598
A119: 640.1 | B119: =MID(A119,1,3)&"-"&13 -> 640-13 | D119: =VLOOKUP(A119,[33]ÍNDICE!$C$6:$N$380,5,FALSE) -> ACERO DE REFUERZO Fy 4200 MPa | E119: =VLOOKUP(A119,[33]ÍNDICE!$C$6:$N$380,2,FALSE) -> kg | F119: 1986 | G119: =VLOOKUP(A119,[33]ÍNDICE!$C$6:$N$380,12,FALSE) -> 7547.7371 | H119: =F119*G119 -> 14989806
A120: 671.3 | B120: =MID(A120,1,3)&"-"&13 -> 671-13 | D120: =VLOOKUP(A120,[33]ÍNDICE!$C$6:$N$380,5,FALSE) -> CUNETA DE CONCRETO VACIADA IN SITU; INCLUYE LA CONFORMACIÓN DE LA SUPERFICIE DE APOYO | E120: =VLOOKUP(A120,[33]ÍNDICE!$C$6:$N$380,2,FALSE) -> m3 | F120: 3 | G120: =VLOOKUP(A120,[33]ÍNDICE!$C$6:$N$380,12,FALSE) -> 1106254 | H120: =F120*G120 -> 3318762.1
...

Sheet INF. EMERGENCIAS
A1: INSTITUTO NACIONAL DE VIAS
A2: DIRECCION TERRITORIAL ANTIOQUIA
A4: CUADRO No.8
A6: INFORMACION SOBRE EMERGENCIAS
A8: INGENIERO RESIDENTE: | C8: CARLOS MARIO MORENO IDÁRRAGA | G8: TRIMESTRE EVALUADO: | I8: ENERO-MARZO / 2023
A10: FECHA | B10: CARRETERA | C10: CODIGO | D10: PRi | E10: PRf | F10: TIPO DE EMERGENCIA | G10: SOLUCION | H10: COSTO ESTIMADO ($) | I10: OBSERVACIONES
A11: 44991 | B11: LA UNIÓN - LA FRONTERA -SONSÓN | C11: 5601 | D11: 81+0650 | F11: MOVIMIENTO EN MASA | G11: RETIRO DE DERRUMBE | H11: 80000000 | I11: ATENCION REALIZADA POR VIAS DE ORIENTE Y POR MEDIO DEL CONTRATO DE MANTENIMIENTO xxxxx
H19: =SUM(H11:H18) -> 80000000
A21: NOTA (1): El costo debe incluir AIU e IVA (19% sobre utilidades)
H22: VOLVER A TABLA DE CONTENIDO

Sheet PUENTES
A1: INSTITUTO NACIONAL DE VIAS
A2: DIRECCION TERRITORIAL ANTIOQUIA
A4: CUADRO No. 9
A6: ESTADO GENERAL DE LOS PUENTES
A8: INGENIERO RESIDENTE: | D8: CARLOS MARIO MORENO IDÁRRAGA | J8: TRIMESTRE EVALUADO: | M8: ENERO MARZO/ 2023
A10: No. | B10: NOMBRE DEL PUENTE | C10: PR inicial | D10: PR final | E10: Longitud (m) | F10: CARRETERA | G10: CODIGO DE LA VIA | H10: TRANSITO | J10: ESTADO GENERAL | N10: OBSERVACIONES
H11: Normal | I11: Restringido | J11: Estribos Aletas | K11: Vigas Losas | L11: Barandas | M11: Estado crítico inmediato
A12: 1 | B12: Piedras | C12: 57+0597 | D12: 57+0611 | E12: 13.45 | F12: La Unión - Sonsón | G12: 5601 | H12: X | N12: Se requiere obras para protección de aleta AL3, socavación de estribos E1 y E2. Algunos desprendimientos superficie y hormigoneos en la parte inferior de la losa, hormigoneos en VL3 y hormigoneos y hierro expuesto en VL4, riostra RI2 con fisuras.
A13: 2 | B13: San Miguel | C13: 61+0449 | D13: 61+0463 | E13: 14 | F13: La Unión - Sonsón | G13: 5601 | H13: X | N13: Daños tipo bache y desprendimientos en superficie de rodadura y vigas VL3, con hierro expuesto y humedad y VL4, con hierro expuesto.
A14: 3 | B14: El Cardal | C14: 68+0435 | D14: 68+0445 | E14: 9.8 | F14: La Unión - Sonsón | G14: 5601 | H14: X | N14: Desgaste superficie de rodadura y hormigoneos en losa inferior.
A15: 4 | B15: El Buey | C15: 72+0724 | D15: 72+0733 | E15: 9 | F15: La Unión - Sonsón | G15: 5601 | H15: X | N15: Superficie de rodadura con piel de cocodrilo y bache en el acceso AC2, socavación estribo ES1 y aleta AL1.
A16: 5 | B16: Aures | C16: 82+0184 | D16: 82+0195 | E16: 11.2 | F16: La Unión - Sonsón | G16: 5601 | H16: X | N16: Desgaste superficie de rodadura( fisuras en bloque), hormigoneos losa inferior entre VL1 y VL2. Vigas VL1, VL2 y VL3 con hormigoneos y hierro expuesto en VL2. Socavación aleta VL4.
A17: 6 | B17: Cartagena | C17: 83+0012 | D17: 83+0023 | E17: 11 | F17: La Unión - Sonsón | G17: 5601 | H17: X | N17: Desgaste superficie de rodadura con fisuras en bloque, daño en losa, fisuras en vigas VL1, VL2, VL3 y VL4, socavación estibo ES1, socavación en aletas VL1 Y VL2 y disipador de concreto, hasta el momento no se ha realizado inspección especial solicitada por las fisuras que presenta en vigas principales.
A18: 7 | B18: Quebrada Negra | C18: 86+0920 | D18: 86+0932 | E18: 11.5 | F18: La Unión - Sonsón | G18: 5601 | H18: X | N18: Desgaste en superficie de rodadura con exposición de acero. Las vigas VL1, VL2, VL3, y VL4. presentan fisuras a cortante.
A19: 8 | B19: Tasajo | C19: 93+0709 | D19: 93+0732 | E19: 23 | F19: La Unión - Sonsón | G19: 5601 | H19: X | N19: Desgaste en la carpeta de rodadura y huecos en la junta No.2. La losa inferior presenta hormigoneos. Viga VL4 presenta hormigoneo. Se requiere reparación de 2,0 m. de baranda metálica existente.
B21: CONVENCIONES:
B22: N.E. : No existe | F22: En buen estado | G22: En regular estado | J22: En mal estado | M22: x | N22: Se reparó en el presente mes
A25: NOTA: Se deben diligenciar todas las casillas.
L26: VOLVER A TABLA DE CONTENIDO

Sheet NEC PTES
A1: INSTITUTO NACIONAL DE VIAS
A2: DIRECCION TERRITORIAL ANTIOQUIA
A3: CUADRO No. 10
A5: PRIORIZACION PUENTES QUE REQUIEREN ATENCION - REHABILITACION Y CONSERVACION
A8: INGENIERO RESIDENTE: | D8: CARLOS MARIO MORENO IDÁRRAGA | I8: TRIMESTRE EVALUADO: | L8: ENE-MAR/2023
A10: No. | B10: TERRITORIAL | C10: CODIGO DEL PUENTE (Sipucol) | D10: NOMBRE DEL PUENTE | E10: CALIFICACION | F10: TPDS | G10: LONG. (m) | H10: CARRETERA | I10: PR inicial | J10: PR final | K10: TIPO DAÑO | L10: DESCRIPCION DE LOS TRABAJOS | M10: COSTO APROXIMADO | O10: OBSERVACIONES
M11: $
M12: ESTUDIOS | N12: OBRA
A13: 1 | B13: ANTIOQUIA | C13: 01-5601-104.00 | D13: Piedras | E13: 2 | F13: 1935 | G13: 13.5 | H13: La Unión - Sonsón | I13: 57+0597 | J13: 57+0611 | K13: Socavación | L13: Obras para protección de aleta AL3 y socavación estribo E2. | N13: =+'CANT OBRA'!H1082 -> 63691075
A14: 2 | B14: ANTIOQUIA | C14: 01-5601-105.00 | D14: San Miguel | E14: 2 | F14: 1935 | G14: 14 | H14: La Unión - Sonsón | I14: 61+0449 | J14: 61+0463 | K14: Superficie de rodadura | L14: Reparación de superficie del puente, baches en la losa. | N14: =+'CANT OBRA'!H1094 -> 182009079 | O14: Superficie con daños tipo bache y desprendimientos
A15: 3 | B15: ANTIOQUIA | D15: El Buey | E15: 2 | F15: 511 | G15: 9 | H15: La Unión - Sonsón | I15: 72+0724 | J15: 72+0733 | K15: Socavación | L15: Recinte estribo ES1 y aleta AL1 | N15: =+'CANT OBRA'!H1108 -> 9618035 | O15: Se requiere recinte de estribo y aleta
A16: 4 | B16: ANTIOQUIA | C16: 01-5601-106.00 | D16: Aures | E16: 2 | F16: 511 | G16: 11.2 | H16: La Unión - Sonsón | I16: 82+0184 | J16: 82+0195 | K16: Socavación aleta VL4 | L16: Recinte aleta | N16: =+'CANT OBRA'!H1116 -> 5246482 | O16: Se requiere recinte de aleta
A17: 5 | B17: ANTIOQUIA | C17: 01-5601-107.00 | D17: Cartagena | E17: 4 | F17: 511 | G17: 11 | H17: La Unión - Sonsón | I17: 83+0012 | J17: 83+0023 | K17: Losa, vigas, estribos y aletas | L17: Reparación de losa, obras de protección de aletas AL1 y AL2 y disipadores de concreto, recinte de disipador a la salida de la corriente de agua. Inspección especial para revisar estado de las vigas ya que estas presentan fisuras a cortante. | M17: =+'CANT OBRA'!I1189 -> 24514000 | N17: =+'CANT OBRA'!H1131 -> 193425180 | O17: MITIGACIÓN. Se requieren obras de protección de aletas y disipadores existentes y reparar la losa. Requiere inspección especial
A18: 6 | B18: ANTIOQUIA | C18: 01-5601-108.00 | D18: Quebrada Negra | E18: 2 | F18: 511 | G18: 11.5 | H18: La Unión - Sonsón | I18: 86+0920 | J18: 86+0932 | K18: Superficie de rodadura | L18: Reparación de superficie de la losa del puente con acero expuesto. | N18: =+'CANT OBRA'!H1136 -> 11502040 | O18: Superficie con daño tipo desgaste
M23: =SUM(M17:M22) -> 24514000 | N23: =SUM(N13:N22) -> 465491891
A24: LOS VALORES REGISTRADOS EN LA COLUMNA COSTO ESTIMADO, DEBEN ESTAR ENLAZADOS CON EL HIPERVINCULO DEL CUADRO No. 7 "CALCULO DE CANTIDADES Y COSTOS ESTIMADOS DE NECESIDADES DE LAS VIAS", RESPECTIVO.
L25: Valor Interven. | N25: =0.2*(N23-N24) -> 93098378
L27: Valor Necesidades | N27: =+N23-N24+N25 -> 5.5859027e+08
M29: VOLVER A TABLA DE CONTENIDO

Sheet PONTONES
A1: INSTITUTO NACIONAL DE VIAS
A2: DIRECCION TERRITORIAL ANTIOQUIA
A4: CUADRO No. 11
A6: ESTADO GENERAL DE LOS PONTONES
A9: INGENIERO RESIDENTE: | D9: CARLOS MARIO MORENO IDÁRRAGA | I9: TRIMESTRE EVALUADO: | K9: ENE-MAR/2023
F11: TRANSITO | H11: ESTADO GENERAL
A12: No. | B12: PR inicial | C12: PR final | D12: CARRETERA | E12: CODIGO | F12: Normal | G12: Restringido | H12: Estribos Aletas | I12: Vigas Losas | J12: Barandas | K12: Estado crítico inmediato | L12: OBSERVACIONES
A13: 1 | B13: 58+240 | C13: 58+245 | D13: La Unión - Sonsón | E13: 5601 | F13: X | J13: N.E. | L13: Actualmente las barandas son defensas metálicas
A14: 2 | B14: 70+190 | C14: 70+194 | D14: La Unión - Sonsón | E14: 5601 | F14: X
A15: 3 | B15: 77+961 | C15: 77+963 | D15: La Unión - Sonsón | E15: 5601 | F15: X | J15: N.E. | L15: Presenta grieta a lo ancho del ponton
A16: 4 | B16: 80+580 | C16: 80+582 | D16: La Unión - Sonsón | E16: 5601 | F16: X | L16: El ponton es de mamposteria y presenta grieta a lo ancho y socavacion
A24: CONVENCIONES:
A25: N.E. : No existe | D25: En buen estado | E25: En regular estado | H25: En mal estado | K25: x | L25: Se reparó en el presente mes
A28: NOTA: Se deben diligenciar todas las casillas. | K28: VOLVER A TABLA DE CONTENIDO

Sheet NEC. PONTONES
A1: INSTITUTO NACIONAL DE VIAS
A2: DIRECCION TERRITORIAL ANTIOQUIA
A4: CUADRO No. 12
A6: NECESIDADES DE LOS PONTONES
A9: INGENIERO RESIDENTE: | B9: CARLOS MARIO MORENO I. | E9: TRIMESTRE EVALUADO: | F9: ENE-MAR/2023
A11: CARRETERA | B11: CODIGO | C11: PR inicial | D11: PR final | E11: DESCRIPCION DE LA NECESIDAD | F11: COSTO ESTIMADO ($) | G11: OBSERVACIONES
A12: La Unión - Sonsón | B12: 5601 | C12: 58+0240 | D12: 58+0245 | E12: Recinte estribo de salida | F12: =+'CANT OBRA'!H1147 -> 4310225
A13: La Unión - Sonsón | B13: 5601 | C13: 80+580 | D13: 80+0582 | E13: Sellamiento de grieta y recubrimiento de sovacacion | F13: =+'CANT OBRA'!H1155 -> 3117919 | G13: PONTON EN MAMPOSTERIA
A28: LOS VALORES REGISTRADOS EN LA COLUMNA COSTO ESTIMADO, DEBEN ESTAR ENLAZADOS CON EL HIPERVINCULO DEL CUADRO No. 7 "CALCULO DE CANTIDADES Y COSTOS ESTIMADOS DE NECESIDADES DE LAS VIAS", RESPECTIVO.
A29: NOTA (1): El costo debe incluir AIU e IVA (16% sobre utilidades)
A30: Se deben diligenciar todas las casillas. | F30: VOLVER A TABLA DE CONTENIDO

Sheet TUNELES
A1: INSTITUTO NACIONAL DE VIAS
A2: DIRECCION TERRITORIAL ANTIOQUIA
A4: CUADRO No. 13
A6: ESTADO GENERAL DE LOS TUNELES
A8: INGENIERO RESIDENTE: | C8: CARLOS MARIO MORENO IDÁRRAGA | N8: TRIMESTRE EVALUADO: | Q8: ENERO MARZO/2023
A11: CARRETERA | B11: CODIGO | C11: NOMBRE DEL TUNEL | D11: LOCALIZACIÓN | G11: TIPO TUNEL | H11: ESTADO GENERAL | T11: OBSERVACIONES
D12: PR inicial | E12: PR final | F12: LONG. TOTAL (m) | H12: ILUMINACIÓN | I12: VENTILACIÓN | J12: SEÑALIZACIÓN | M12: HASTIAL IZQUIERDO | N12: HASTIAL DERECHO | O12: BOVEDA | P12: RASANTE | Q12: SISTEMA DE DRENAJE | R12: PUESTOS DE EMERGENCIA | S12: PROTECCIÓN CONTRA INCENDIOS
J13: HORIZONTAL | K13: VERTICAL | L13: No. SEÑALES FALTANTES
A15: NO HAY TUNELES EN EL SECTOR
A31: N.E. : No existe | C31: En buen estado | F31: En regular estado | I31: En mal estado | L31: x | M31: Se reparó en el presente mes
Q32: VOLVER A TABLA DE CONTENIDO
A33: TIPO TUNEL: | B33: UNIDIRECCIONAL
B34: BIDIRECCIONAL

Sheet NECESIDADES EN TÚNELES
A1: INSTITUTO NACIONAL DE VIAS
A2: DIRECCION TERRITORIAL ANTIOQUIA
A4: CUADRO No. 14
A6: NECESIDADES DE LOS TUNELES
A8: INGENIERO RESIDENTE: | C8: CARLOS MARIO MORENO IDÁRRAGA | H8: TRIMESTRE EVALUADO: | J8: ENERO - MARZO /2023
A11: CARRETERA | B11: CODIGO | C11: NOMBRE TUNEL | D11: LOCALIZACIÓN | G11: TIPO DAÑO | H11: DESCRIPCIÓN DE LOS TRABAJOS | I11: COSTO APROXIMADO ( $ ) | K11: OBSERVACIONES
D12: PR inicial | E12: PR final | F12: LONG. TOTAL (m)
I13: ESTUDIOS | J13: OBRA
A14: NO HAY TUNELES EN EL SECTOR
A29: LOS VALORES REGISTRADOS EN LA COLUMNA COSTO ESTIMADO, DEBEN ESTAR ENLAZADOS CON EL HIPERVINCULO DEL CUADRO No. 7 "CALCULO DE CANTIDADES Y COSTOS ESTIMADOS DE NECESIDADES DE LAS VIAS", RESPECTIVO.
J31: VOLVER A TABLA DE CONTENIDO

Sheet Señalización Vertical
A1: INSTITUTO NACIONAL DE VIAS
A2: DIRECCION TERRITORIAL: ANTIOQUIA
A3: CUADRO No.15
A4: ESTADO DE LA SEÑALIZACION VERTICAL Y SEÑALIZACION VERTICAL FALTANTE.
A6: RUTA: | B6: 56 | R6: TRAMO: | U6: 1
D8: SEÑALES SP, SR Y SI | H8: PASAVIAS | L8: SEÑALES TIPO BANDERA | P8: SEÑALES SI 05 Y SI 06 | T8: DELINEADORES DE CURVA | X8: POSTES DE REFERENCIACIÓN | AB8: DEFENSAS METÁLICAS
A9: RUTA | B9: TRAMO | C9: Km. | D9: B | E9: R | F9: M | G9: F | H9: B | I9: R | J9: M | K9: F | L9: B | M9: R | N9: M | O9: F | P9: B | Q9: R | R9: M | S9: F | T9: B | U9: R | V9: M | W9: F | X9: B | Y9: R | Z9: M | AA9: F | AB9: B | AC9: R | AD9: M | AE9: F
D10: Und | E10: Und | F10: Und | G10: Und | H10: Und | I10: Und | J10: Und | K10: Und | L10: Und | M10: Und | N10: Und | O10: Und | P10: Und | Q10: Und | R10: Und | S10: Und | T10: Und | U10: Und | V10: Und | W10: Und | X10: Und | Y10: Und | Z10: Und | AA10: Und | AB10: ml | AC10: ml | AD10: ml | AE10: ml
A11: (1) | B11: (2) | C11: (3) | D11: (4) | E11: (5) | F11: (6) | G11: (7) | H11: (8) | I11: (9) | J11: (10) | K11: (11) | L11: (12) | M11: (13) | N11: (14) | O11: (15) | P11: (16) | Q11: (17) | R11: (18) | S11: (19) | T11: (20) | U11: (21) | V11: (22) | W11: (23) | X11: (24) | Y11: (25) | Z11: (26) | AA11: (27) | AB11: (28) | AC11: (29) | AD11: (30) | AE11: (31)
A13: 56 | B13: 01 | C13: 53.74 | D13: =1219-T13 -> 805 | E13: 100 | F13: 26 | G13: 138 | H13: 0 | I13: 0 | J13: 0 | K13: 0 | L13: 1 | M13: 0 | N13: 1 | O13: 0 | P13: 6 | Q13: 0 | R13: 1 | S13: =6+2-6 -> 2 | T13: 414 | U13: 112 | V13: 0 | W13: =326 -> 326 | X13: 53 | Y13: 1 | Z13: 1 | AA13: 0 | AB13: 3261 | AC13: 84 | AD13: 4 | AE13: 5830
A19: TOTALES:
A21: CONVENCIONES Y DESCRIPCION.
A23: (1): Identificación de la Ruta de acuerdo con la nomenclatura vial vigente.
A24: (2): Identificación del tramo de acuerdo con la nomenclatura vial vigente.
A25: (3): Longitud del tramo en kilómetros.
A26: (4), (8), (12), (16), (20): B= Número de señales instaladas en el tramo que se encuentran en buen estado. Se deben incluir las señales que se encuentren en perfecto estado en cuanto a
A27: legibilidad, reflectividad, pintura de postes y de parales, pintura posterior y cimientos.
A28: (5), (9), (13), (17), (21): R = Número de señales instaladas en el tramo que se encuentran en regular estado. Se deben incluir las señales que se encuentren en regular estado en cuanto a
A29: legibilidad, reflectividad, pintura de postes y de parales, pintura posterior y cimientos, pero que por su nivel de deterioro sean susceptibles de incluir en programas de recuperación y/o mantenimiento.
A30: (6), (10), (14), (18), (22): M = Número de señales instaladas en el tramo que se encuentran en mal estado. Se deben incluir las señales que por su estado de deterioro no brindan ninguna
A31: información al usuario de la vía y que no sean susceptibles de incluir en programas de recuperación y mantenimiento, requiriendo su reposición y remoción.
A32: (7), (11), (15), (19), (23): F = Número de señales faltantes que se requieren y no han sido instaladas (sin incluir las que se encuentran en regular y en mal estado).
... A41: (31): Metros lineales de defensas metálica faltantes que se requieren y que no han sido instalados (sin incluir los que se encuentran en regular y en mal estado).
W43: VOLVER A TABLA DE CONTENIDO

Sheet Señalización Horizontal
A1: INSTITUTO NACIONAL DE VIAS
A2: DIRECCION TERRITORIAL: ANTIOQUIA
A3: CUADRO No.16
A4: ESTADO DE LA SEÑALIZACION HORIZONTAL Y SEÑALIZACION HORIZONTAL FALTANTE.
A6: RUTA: | C6: 56 | J6: TRAMO: | L6: 1
D8: LINEAS DE DEMARCACIÓN CON PINTURA ACRÍLICA | H8: LINEAS DE DEMARCACIÓN CON RESINAS TERMOPLÁSTICAS | L8: MARCAS VIALES | P8: TACHAS REFLECTIVAS
A10: RUTA | B10: TRAMO | C10: Km. | D10: B | E10: R | F10: M | G10: F | H10: B | I10: R | J10: M | K10: F | L10: B | M10: R | N10: M | O10: F | P10: INST | Q10: F
D11: ml | E11: ml | F11: ml | G11: ml | H11: ml | I11: ml | J11: ml | K11: ml | L11: m2 | M11: m3 | N11: m4 | O11: m5 | P11: und | Q11: und
A12: (1) | B12: (2) | C12: (3) | D12: (4) | E12: (5) | F12: (6) | G12: (7) | H12: (8) | I12: (9) | J12: (10) | K12: (11) | L12: (12) | M12: (13) | N12: (14) | O12: (15) | P12: (16) | Q12: (17)
A14: 56 | B14: 01 | C14: 53.74 | D14: =(12545+2253)*3+ 6600 -> 50994 | E14: =(17716+4101)*3 -> 65451 | F14: =6657+8021+(11857*3)-5300-6600 -> 38349 | G14: 5300 | H14: 0 | I14: 0 | J14: 0 | K14: 0 | L14: 0 | M14: 10092 | N14: =2388-L14 -> 2388 | O14: 250 | P14: =(5786-42+342+(20+30+60+78))*0.8 -> 5019.2 | Q14: =50000/12*3-P14 -> 7480.8 | U14: =E14+F14+G14 -> 109100
A19: TOTALES: | C19: =+C14 -> 53.74 | D19: =+D14 -> 50994 | E19: =+E14 -> 65451 | F19: =+F14 -> 38349 | G19: =+G14 -> 5300 | H19: =+H14 -> 0 | I19: =+I14 -> 0 | J19: =+J14 -> 0 | ... Q19: =+Q14 -> 7480.8
A21: CONVENCIONES Y DESCRIPCION.
A22: (1): Identificación de la Ruta de acuerdo con la nomenclatura vial vigente.
A23: (2): Identificación del tramo de acuerdo con la nomenclatura vial vigente.
A24: (3): Longitud del tramo en kilómetros.
A25: (4), (8): B= ml. de pintura acrílica o termoplástica que se encuentran en buen estado en cuanto a definición de líneas de demarcación y reflectividad
A26: (5), (9): R= Metros lineales pintura acrílica o termoplástica que se encuentran en regular estado por no presentar buena definición
B27: de líneas de demarcación o de reflectividad.
A28: (6), (10): M= Metros lineales de pintura acrílica o termoplástica que se encuentran en mal estado por no brindar ningún tipo de
B29: servicio al usuario ante la falta de definición en la línea de demarcación y en la reflectividad.
A30: (7), (11): F= Metros lineales de pintura acrílica y termoplástica faltante.
A31: (12): B= Metros cuadrados de marcas viales que se encuentran en buen estado en cuanto a definición y reflectividad.
A32: (13): R= Metros cuadrados de marcas viales que se encuentran en regular estado en cuanto a definición y reflectividad.
A33: (14): M= Metros cuadrados de marcas viales que se encuentran en mal estado en cuanto a definición y reflectividad.
A34: (15): F= Metros cuadrados de marcas viales faltantes.
A35: (16): Número de Tachas reflectivas instaladas.
A36: (17): Número de Tachas reflectivas faltantes.
N38: VOLVER A TABLA DE CONTENIDO

Sheet ACCIDENTALIDAD
A1: INSTITUTO NACIONAL DE VIAS
A2: DIRECCION TERRITORIAL ANTIOQUIA
A4: CUADRO No. 17
A6: INFORME DE ACCIDENTALIDAD
A8: INGENIERO RESIDENTE: | C8: CARLOS MARIO MORENO IDÁRRAGA | H8: TRIMESTRE EVALUADO: | J8: ENE - MAR 2023
A10: FECHA | B10: HORA | C10: CARRETERA | D10: CODIGO | E10: PR | F10: HERIDOS | G10: MUERTOS | H10: CLASE DE ACCIDENTE | I10: CAUSAS APARENTES O PROBABLES | J10: TIPO DE VEHICULO
A11: NOVIEMBRE 2022
A12: 03/11/2022 | B12: 14:00 | C12: LA UNIÓN- SONSÓN | D12: 5601 | E12: 101+500 | F12: 3 | G12: 0 | H12: VOLCAMIENTO | I12: 203 - FALLAS EN LA DIRECCIÓN; 304 -SUPERFICIE HÚMEDA | J12: CAMPERO
A13: 07/11/2022 | B13: 19:10 | C13: LA UNIÓN- SONSÓN | D13: 5601 | E13: 49+357 | F13: 1 | G13: 0 | H13: CHOQUE | I13: 139 - IMPERICIA DE MANEJO; 157 - OTRA: FALTA AL DEBER OBJETIVO DE CUIDADO | J13: AUTOMOVIL - MOTOCICLETA
A14: 26/11/2022 | B14: 20:20 | C14: LA UNIÓN- SONSÓN | D14: 5601 | E14: 100+000 | F14: 1 | G14: 0 | H14: CAÍDA DE OCUPANTE | I14: 307 - DEJAR O MOVILIZAR SE SE-MOVIENTES EN LA VÍA | J14: MOTOCICLETA
A15: DICIEMBRE 2022
A16: 12/12/2022 | B16: 12:15 | C16: LA UNIÓN- SONSÓN | D16: 5601 | E16: 100+200 | F16: 2 | G16: 0 | H16: CAIDA DE OCUPANTE | I16: 306 - HUECOS | J16: MOTOCICLETA
A17: 24/12/2022 | B17: 14:30 | C17: LA UNIÓN- SONSÓN | D17: 5601 | E17: 95+300 | F17: 2 | G17: 0 | H17: CHOQUE | I17: 306 - HUECOS | J17: MOTOCICLETA - MOTOCICLETA
A18: ENERO 2023
A19: 01/01/2023 | B19: 20:20 | C19: LA UNIÓN- SONSÓN | D19: 5601 | E19: 100+000 | F19: 1 | G19: 0 | H19: CHOQUE | I19: 307 - DEJAR O MOVILIZAR SE SE-MOVIENTES EN LA VÍA | J19: MOTOCICLETA
A20: 09/01/2023 | B20: 17:15 | C20: LA UNIÓN- SONSÓN | D20: 5601 | E20: 52+726 | F20: 1 | G20: 0 | H20: CHOQUE | I20: 114 - EMBRIAGUEZ APARENTE, 123 - NO RESPETAR LA PRELACIÓN DE INTERSECCIONES O GIROS | J20: MOTOCICLETA - CAMIONETA
A21: 09/01/2023 | B21: 17:15 | C21: LA UNIÓN- SONSÓN | D21: 5601 | E21: 67+650 | F21: 0 | G21: 1 | H21: CHOQUE | I21: 101- ADELANTAR EN CURVA O EN PENDIENTES, 112 - DESOBEDECER SEÑALES O NORMAS DE TRÁNSITO. | J21: MOTOCICLETA - CAMIÓN - BUS
A22: 24/01/2023 | B22: 14:10 | C22: LA UNIÓN- SONSÓN | D22: 5601 | E22: 100+530 | F22: 2 | G22: 0 | H22: CHOQUE | I22: 104 - ADELANTAR INVADIENDO CARRIL DE SENTIDO CONTRARIO | J22: AUTOMOVIL - MOTOCICLETA
A23: FEBRERO 2023
A24: 04/02/2023 | B24: 06:40 | C24: LA UNIÓN- SONSÓN | D24: 5601 | E24: 97+000 | F24: 1 | G24: 0 | H24: VOLCAMIENTO | I24: 145 - ARRANCAR SIN PRECAUCIÓN | J24: MOTOCICLETA
A25: 06/02/2023 | B25: 13:00 | C25: LA UNIÓN- SONSÓN | D25: 5601 | E25: 49+029 | F25: 3 | G25: 0 | H25: CHOQUE | I25: 104 - ADELANTAR INVADIENDO CARRIL DE SENTIDO CONTRARIO | J25: MOTOCICLETA - CAMPERO
A27: CLASE DE ACCIDENTE: Choque,volcamiento, salida de la vía, etc.
A28: CAUSA: | C28: Exceso de velocidad, embriaguez, superficie de la vía, hueco, etc.
A29: TIPO DE VEHICULO: | C29: Motocicleta, automóvil, camión, bus, etc.
I31: VOLVER A TABLA DE CONTENIDO
H48: 0

Sheet DEFENSA VIAS
A1: INSTITUTO NACIONAL DE VIAS
A2: DIRECCION TERRITORIAL ANTIOQUIA
A4: CUADRO No. 18
A6: RESUMEN DE ACTIVIDADES PARA EL BUEN USO Y DEFENSA DE LAS VIAS
A8: INGENIERO RESIDENTE: | C8: CARLOS MARIO MORENO IDÁRRAGA | F8: TRIMESTRE EVALUADO: | H8: ENE - MAR /2023
A11: PERIODO | B11: VALLAS INVENTARIADAS | C11: VALLAS RETIRADAS | D11: AVISOS INVENTARIADOS | E11: AVISOS RETIRADOS | F11: CORRIMIENTO CERCAS (ml) | G11: EMPRADIZACION (M2) | H11: ERRADICACION BASUREROS (No.) | I11: ARBORIZACION
A12: 43831 | B12: 0 | C12: 0 | D12: 0 | E12: 0 | F12: 0 | G12: 0 | H12: 0 | I12: 0
A13: 43862 | B13: 0 | C13: 0 | D13: 0 | E13: 0 | F13: 0 | G13: 0 | H13: 0 | I13: 0
A14: 43891 | B14: 0 | C14: 0 | D14: 0 | E14: 0 | F14: 0 | G14: 0 | H14: 0 | I14: 0
A15: 43922 | B15: 0 | C15: 0 | D15: 0 | E15: 0 | F15: 0 | G15: 0 | H15: 0 | I15: 0
A16: 43952 | B16: 0 | C16: 0 | D16: 0 | E16: 0 | F16: 0 | G16: 0 | H16: 0 | I16: 0
A17: 43983 | B17: 0 | C17: 0 | D17: 0 | E17: 0 | F17: 0 | G17: 0 | H17: 0 | I17: 0
A18: 44013 | B18: 0 | C18: 0 | D18: 0 | E18: 0 | F18: 0 | G18: 0 | H18: 0 | I18: 0
A19: 44044 | B19: 0 | C19: 0 | D19: 0 | E19: 0 | F19: 0 | G19: 0 | H19: 0 | I19: 0
A20: 44075 | B20: 0 | C20: 0 | D20: 0 | E20: 0 | F20: 0 | G20: 0 | H20: 0 | I20: 0
A21: 44105 | B21: 0 | C21: 0 | D21: 0 | E21: 0 | F21: 0 | G21: 0 | H21: 0 | I21: 0
A22: 44136 | B22: 0 | C22: 0 | D22: 0 | E22: 0 | F22: 0 | G22: 0 | H22: 0 | I22: 0
A23: 44166 | B23: 0 | C23: 0 | D23: 0 | E23: 0 | F23: 0 | G23: 0 | H23: 0 | I23: 0
... A50: 44986 | B50: 0 | C50: 0 | D50: 0 | E50: 0 | F50: 0 | G50: 0 | H50: 0 | I50: 0
A52: ACUMULADO | B52: 18 | C52: 0 | D52: 2 | E52: 2 | F52: 0 | G52: 0 | H52: 0 | I52: 0
G56: VOLVER A TABLA DE CONTENIDO

Sheet SEGUIMIENTO
A1: INSTITUTO NACIONAL DE VIAS
A2: ADMINISTRACION VIAL GRUPO__02__ TERRITORIAL___ANTIOQUIA__________
A3: CUADRO No. 19
A4: SEGUIMIENTO DE FUNCIONES TECNICAS Y ADMINISTRATIVAS 2020-2023
A6: No. | B6: ACTIVIDAD | C6: 2020 | O6: 2021 | AA6: 2022 | AM6: 2023 | AY6: OBSERVACIONES
C7: Ene | D7: Feb | E7: Mar | F7: Abr | G7: May | H7: Jun | I7: Jul | J7: Ago | K7: Sep | L7: Oct | M7: Nov | N7: Dic | O7: Ene | P7: Feb | Q7: Mar | R7: Abr | S7: May | T7: Jun | U7: Jul | V7: Ago | W7: Sep | X7: Oct | Y7: Nov | Z7: Dic | AA7: Ene | AB7: Feb | AC7: Mar | AD7: Abr | AE7: May | AF7: Jun | AG7: Jul | AH7: Ago | AI7: Sep | AJ7: Oct | AK7: Nov | AL7: Dic | AM7: Ene | AN7: Feb | AO7: Mar | AP7: Abr | AQ7: May | AR7: Jun | AS7: Jul | AT7: Ago | AU7: Sep | AV7: Oct | AW7: Nov | AX7: Dic
A8: 1 | B8: Participar activamente en la prevención de riesgos y atención de las emergencias que se presenten en las vías-Elaborar directorio de emergencias | D8: X | R8: X | S8: X | T8: X | U8: X | V8: X | W8: X | X8: X | Y8: X | AA8: X | AC8: X | AF8: X | AG8: X | AH8: X | AJ8: X | AK8: X | AL8: X | AM8: X | AO8: X
A9: 2 | B9: Alertar oportunamente al INVÍAS sobre la necesidad de diseñar y construir obras especiales para la mitigación de la inestabilidad en sitios críticos | C9: X | D9: X | I9: X | J9: X | K9: X | L9: X | M9: X | N9: X | O9: X | P9: X | T9: X | U9: X | AD9: X
A10: 3 | B10: Informar oportunamente al INVIAS sobre la necesidad de diseñar obras y adelantar acciones en relación con el entorno de la vía, encaminadas a su ornato, a la preservación del medio ambiente y a la contaminación visual | I10: X | L10: X | M10: X | N10: X | O10: X | P10: X | Q10: X | R10: X | S10: X | T10: X | U10: X | V10: X | W10: X | Y10: X | Z10: X | AA10: X | AD10: X | AE10: X | AH10: X | AI10: X | AJ10: X | AK10: X | AM10: X
A11: 4 | B11: Planear, organizar, dirigir, coordinar, evaluar y controlar las actividades de los trabajadores de mantenimiento rutinario encargados del mantenimiento rutinario de las carreteras que se le asignen y ejercer su interventoría | C11: X | D11: X | E11: X | F11: X | G11: X | H11: X | I11: X | J11: X | K11: X | L11: X | M11: X | N11: X | O11: X | P11: X | Q11: X | R11: X | S11: X | T11: X | U11: X | V11: X | W11: X | X11: X | Y11: X | Z11: X | AA11: X | AB11: X | AC11: X | AD11: X | AE11: X | AF11: X | AG11: X | AH11: X | AI11: X | AJ11: X | AK11: X | AL11: X | AM11: X | AN11: X | AO11: X
A12: 5 | B12: Actualizar los costos de mantenimiento vial (Análisis de Precios Unitarios – APU) y suministrar la información requerida para los sistemas de administración de carreteras que utiliza INVÍAS | E12: X | L12: X | M12: X | N12: X | R12: X | S12: X | T12: X | X12: X | AK12: X | AN12: X | AO12: X
A13: 6 | B13: Mantener actualizado el sistema de referenciación vial, con base en la información que le suministre INVÍAS y reponer los postes de referencia que hagan falta en las vías a su cargo y realizar visitas técnicas de auscultación para el diagnóstico del estado general de las obras ejecutadas mediante contratos y que tienen póliza de estabilidad vigente, según relación de contratos y programación que les será entregada por INVIAS | L13: X | W13: X | AF13: X | AG13: X | AH13: X | AI13: X | AJ13: X
A14: 7 | B14: Inspeccionar los puentes de manera rutinaria, dirigir y verificar su mantenimiento rutinario y periódico | C14: X | D14: X | G14: X | H14: X | I14: X | J14: X | K14: X | L14: X | O14: X | P14: X | Q14: X | R14: X | S14: X | T14: X | U14: X | V14: X | W14: X | X14: X | Y14: X | Z14: X | AA14: X | AB14: X | AC14: X | AD14: X | AE14: X | AF14: X | AH14: X | AI14: X | AJ14: X | AK14: X | AL14: X | AM14: X | AN14: X | AO14: X
A15: 8 | B15: Capacitar cada mes a los trabajadores de mantenimiento rutinario a su cargo, en los temas relacionados con el mantenimiento rutinario de carreteras, de puentes, aspectos administrativos y de economía solidaria | C15: X | D15: X | G15: X | H15: X | I15: X | J15: X | L15: X | M15: X | N15: X | O15: X | P15: X | Q15: X | R15: X | S15: X | T15: X | U15: X | V15: X | W15: X | X15: X | Y15: X | Z15: X | AA15: X | AB15: X | AC15: X | AD15: X | AE15: X | AF15: X | AG15: X | AH15: X | AI15: X | AJ15: X | AK15: X | AL15: X | AM15: X | AN15: X | AO15: X
A16: 9 | B16: Participar en las reuniones de coordinación con la Dirección Territorial, evaluaciones y programas de transferencia de tecnología que INVÍAS programe para los ingenieros de la administración vial, en diferentes sitios del país | D16: X | E16: X | P16: X | R16: X | T16: X | U16: X | W16: X | X16: X | Y16: X | Z16: X | AB16: X | AC16: X | AD16: X | AE16: X | AH16: X | AI16: X | AJ16: X | AN16: X | AO16: X
A17: 10 | B17: Evaluar con criterio de transitabilidad (visual) el estado de la red vial a su cargo con la metodología suministrada por el INVIAS | G17: X | I17: X | K17: X | L17: X | W17: X | X17: X | Y17: X | AE17: X
A18: 11 | B18: Apoyar la GESTION de la Territorial en los contratos que ejecute el INVÍAS en sectores de carreteras a su cargo | C18: X | D18: X | L18: X | M18: X | N18: X | O18: X | P18: X | Q18: X | R18: X | S18: X | T18: X | U18: X | V18: X | W18: X | X18: X | Y18: X | Z18: X | AA18: X | AB18: X | AC18: X | AD18: X | AE18: X | AF18: X | AG18: X | AH18: X | AI18: X | AJ18: X | AK18: X | AL18: X | AN18: X | AO18: X
A19: 12 | B19: Establecer las necesidades de las vías y puentes en materia de señalización vertical y horizontal, llevar un inventario de necesidades de señalización | D19: X | G19: X | H19: X | I19: X | K19: X | L19: X | V19: X | AD19: X | AF19: X | AG19: X | AM19: X | AN19: X
A20: 13 | B20: Recolección, digitación y reporte de la información relacionada con la accidentalidad ocurrida en los tramos de carreteras, así como la realización de estudios y presentación de recomendaciones técnicas encaminadas al mejoramiento de la seguridad vial | D20: X | F20: X | G20: X | J20: X | K20: X | L20: X | M20: X | N20: X | Q20: X | R20: X | S20: X | T20: X | V20: X | W20: X | X20: X | Y20: X | Z20: X | AA20: X | AB20: X | AC20: X | AD20: X | AE20: X | AF20: X | AG20: X | AH20: X | AI20: X | AJ20: X | AK20: X | AL20: X | AM20: X | AN20: X | AO20: X
A21: 14 | B21: Proporcionar datos para el cálculo del patrimonio de las vías objeto del contrato | O21: X | AE21: X | AY21: ( ! )
A22: 15 | B22: Velar por el cumplimiento de la reglamentación referente al buen uso y defensa de las vías y gestionar acciones que brinden servicios a los usuarios de las carreteras en coordinación con las Territoriales y las autoridades locales competentes | C22: X | D22: X | F22: X | G22: X | H22: X | I22: X | J22: X | L22: X | M22: X | N22: X | O22: X | P22: X | Q22: X | R22: X | S22: X | T22: X | U22: X | V22: X | W22: X | X22: X | Y22: X | Z22: X | AA22: X | AB22: X | AC22: X | AD22: X | AE22: X | AF22: X | AG22: X | AH22: X | AI22: X | AJ22: X | AK22: X | AL22: X | AM22: X | AN22: X | AO22: X
A23: 16 | B23: Supervisar la elaboración de los conteos manuales de tránsito, revisar la información de campo que se enviará a planta central para su procesamiento y verificar los operativos de control de carga | M23: X | AY23: ( ! )
A24: 17 | B24: Llevar a efecto la toma de información y/ó ajustes de la vía a su cargo con un equipo de GPS | K24: X | L24: X | AY24: ( ! )
A25: 18 | B25: Realizar estimativos sobre la vida residual de los pavimentos de los sectores a su cargo
A26: 19 | B26: Evaluar con criterio técnico el estado de la red vial semestralmente con la metodología suministrada por el INVIAS | G26: X | H26: X | K26: X | L26: X | R26: X | S26: X | W26: X | X26: X | AE26: X | AJ26: X
A27: 20 | B27: Realizar la Interventoría de las obras que le sean asignadas, siguiendo las actividades contenidas en el Manual de Interventoría adoptado mediante Resolución Nº 9337 del 30 de diciembre de 2016 ó el que esté vigente | C27: X | D27: X | L27: X | M27: X | N27: X | X27: X | AF27: X | AG27: X | AH27: X | AI27: X | AJ27: X | AK27: X | AL27: X
A28: 21 | B28: Colaborar en la toma de la georreferenciación desarrollada por el INVIAS para la actualización del mapa digital de la red vial y mantener al día la información del inventario vial, a través del Sistema de Información Geográfico - HERMES - del INVIAS | F28: X | G28: X | H28: X | L28: X | U28: X | X28: X | Y28: X | Z28: X | AA28: X | AB28: X | AC28: X | AE28: X | AF28: X | AG28: X | AH28: X | AI28: X | AJ28: X | AK28: X | AL28: X | AM28: X | AN28: X | AO28: X | AY28: ( ! )
A29: 22 | B29: Efectuar estudios tendientes a solucionar problemas de inestabilidad en las vías a su cargo, cuando se lo requiera el INVIAS y su costo se encuentre dentro del presupuesto de su propuesta | U29: X | V29: X | AD29: X | AG29: X | AH29: X | AI29: X | AJ29: X | AK29: X | AL29: X | AM29: X | AN29: X
A30: 23 | B30: Participar activamente en la etapa de transición e implementación del Sistema de Información Vial - HERMES, realizando de manera permanente el cargue, actualización, mantenimiento y demás actividades derivadas de la información del inventario vial, eventos de emergencias, accidentalidad y estado de la superficie (criterio técnico), dispuesta a través del Sistema de Información Vial - HERMES, con usuario y contraseña asignado por la administración del Sistema | D30: X | E30: X | H30: X | I30: X | K30: X | L30: X | M30: X | N30: X | P30: X | Q30: X | R30: X | S30: X | T30: X | U30: X | V30: X | W30: X | X30: X | Y30: X | Z30: X | AA30: X | AB30: X | AC30: X | AE30: X | AF30: X | AG30: X | AH30: X | AI30: X | AJ30: X | AL30: X | AM30: X | AN30: X | AO30: X
A31: 24 | B31: Ejecutar obras menores preventivas y de mantenimiento rutinario, con mano de obra de los trabajadores de mantenimiento rutinario, aprobadas por la Dirección Territorial, quien suministrará los recursos necesarios y disponibles | Q31: X | R31: X | S31: X | T31: X | U31: X | V31: X | W31: X | X31: X | Y31: X | Z31: X | AA31: X | AB31: X | AC31: X | AD31: X | AE31: X | AF31: X | AG31: X | AH31: X | AI31: X | AJ31: X | AK31: X | AL31: X | AM31: X | AN31: X | AO31: X
A32: 25 | B32: Recolección, digitación y reporte de la información relacionada con el atropellamiento de fauna ocurrida en los tramos de carreteras, así como la realización de estudios preliminares y presentación de recomendaciones técnicas encaminadas al establecimiento de pasos de fauna, de acuerdo con la metodología planteada por el INVIAS | F32: X | G32: X | H32: X | I32: X | J32: X | K32: X | L32: X | M32: X | N32: X | O32: X | P32: X | Q32: X | R32: X | S32: X | T32: X | U32: X | V32: X | W32: X | X32: X | Y32: X | Z32: X | AA32: X | AB32: X | AC32: X | AE32: X | AF32: X | AG32: X | AH32: X | AJ32: X | AK32: X | AL32: X | AM32: X | AN32: X | AO32: X
A33: 26 | B33: Prestar apoyo al programa de gestión de infraestructura que adelante el INVIAS. En coordinación con la Subdirección de Estudios e Innovación y la Dirección Territorial, el Administrador Vial deberá apoyar todas las labores que correspondan a los contratos y convenios que ejecute INVIAS, para el desarrollo del programa de gestión de infraestructura en las vías a su cargo, e igualmente apoyará en el levantamiento de la información respectiva de acuerdo a la metodología suministrada por INVIAS | AM33: X | AN33: X | AO33: X
A35: ( ! ) | B35: Anticipadamente se informará la fecha de realización de esta actividad.
AY36: VOLVER A TABLA DE CONTENIDO

Sheet CUANTI AMV
A1: INSTITUTO NACIONAL DE VIAS
A3: CUADRO No. 20
A4: FICHA CUANTITATIVA DE LOS ADMINISTRADORES VIALES
A7: GRUPO | B7: ADMINISTRADOR | C7: CTO No. | D7: Vr. CONTRATO | E7: FECHA | F7: FECHA | G7: KMS A | H7: VEHICULOS | K7: OBSERVACIONES
B8: VIAL | E8: INICIACION | F8: TERMINACION | G8: ATENDER | H8: PLACA | I8: CLASE | J8: MODELO
A9: 2 | B9: ARA INGENIERIA S.A.S | C9: 2461 - 2019 | D9: 1276845362 | E9: 43831 | F9: 44773 | G9: 53.74 | H9: RDQ 041 | I9: CAMIONETA | J9: 2011
C10: 2461-1-2019 | D10: 129825000
C11: 2461-2-1029 | E11: 44774 | F11: 44865
C12: 2461-3-2019 | D12: 105216873 | E12: 44866 | F12: 44926
C13: 2461-4-2019 | D13: 112116269
C14: 2461-5-2019 | E14: 44927 | F14: 45016
C15: 2461-6-2019 | D15: 167515023 | E15: 45017 | F15: 45138
A25: NOTA: Relacionar contrato principal y adicionales. | I25: VOLVER A TABLA DE CONTENIDO

Sheet CUALI AMV
A1: INSTITUTO NACIONAL DE VIAS
A3: CUADRO No. 21
A4: FICHA CUALITATIVA DE LOS ADMINISTRADORES VIALES
A7: GRUPO | B7: ADMINISTRADOR | C7: NIT Ó | D7: REPRESENTANTE | E7: INGENIERO | F7: INGENIERO | G7: DIRECCION
B8: VIAL | C8: C.C. | D8: LEGAL | E8: RESIDENTE | F8: AUXILIAR | G8: OFICINA
A9: 1
A10: 2 | B10: ARA INGENIERIA S.A.S | C10: 830.068.724-8 | D10: KERLY GIOVANNA CUELLAR OBREGÓN | E10: CARLOS MARIO MORENO IDÁRRAGA | F10: N/A | G10: Calle 7 No 10 - 46, La Unión Antioquia
A11: 3
A12: 4
A15: GRUPO | B15: CORREO | C15: TELEFONOS | F15: SECTOR A CARGO | G15: PR i | H15: PR f
B16: ELECTRONICO | C16: RES | D16: OFIC. | E16: CELULAR
A19: 2 | B19: amvantioquia02@gmail.com | C19: N/A | D19: 4-556 22 90 | E19: 311 210 04 53 | F19: La Unión - La Frontera - Sonsón, Ruta 5601 | G19: 49+0000 | H19: 103+0000
E20: 323 285 74 09
A23: 3
A27: 4
F29: VOLVER A TABLA DE CONTENIDO

Sheet CUANTI MR
A1: INSTITUTO NACIONAL DE VIAS
A3: CUADRO No. 22
A4: FICHA CUANTITATIVA CONTRATISTA MANTENIMIENTO RUTINARIO
A6: DIRECCION TERRITORIAL: | D6: ANTIOQUIA
A8: GRUPO | B8: NOMBRE | C8: TIPO DE TERRENO | G8: TOTAL | H8: VALOR | I8: VALOR TOTAL | J8: No. | K8: No. CTO | L8: VIGENCIA CONTRATO
B9: CONTRATISTA MR | C9: I | D9: II | E9: III | F9: IV | G9: (KMS) | H9: CONTRATO | I9: CONTRATOS | J9: SOCIOS | K9: Ppal y adic | L9: INICIO | M9: TERMINACION
A11: 2 | B11: Vias de Oriente S.A.S | C11: 0 | D11: 0 | E11: 53.74 | F11: 0 | G11: =+C11+D11+E11+F11 -> 53.74 | H11: 2350959240 | I11: =+H11+299646769+232207080+306544000 -> 3189357089 | J11: 18 | K11: 2196-2019 2196-1-2019 2196-2-2019 2196-3-2019 | L11: 43801 | M11: 45127
B26: TOTALES | C26: =SUM(C10:C25) -> 0 | D26: =SUM(D10:D25) -> 0 | E26: =SUM(E10:E25) -> 53.74 | F26: =SUM(F10:F25) -> 0 | G26: =SUM(G10:G25) -> 53.74 | H26: =SUM(H10:H25) -> 2350959240 | I26: =SUM(I10:I25) -> 3189357089 | J26: =SUM(J10:J25) -> 18
J28: VOLVER A TABLA DE CONTENIDO

Sheet CUALI MR
A1: INSTITUTO NACIONAL DE VIAS
A3: CUADRO No. 23
A4: FICHA CUALITATIVA CONTRATISTA MANTENIMIENTO RUTINARIO
A6: DIRECCION TERRITORIAL: | C6: ANTIOQUIA
A9: GRUPO | B9: NOMBRE | C9: REPRESENTANTE | D9: NIT ó | E9: DIRECCION | F9: TELEFONO | G9: CODIGO | H9: SECTOR | I9: ABSCISA | K9: ADMINISTRADOR
B10: CONTRATISTA MR | C10: LEGAL | D10: C.C. | F10: y/ó CELULAR | G10: DE LA VIA | I10: PR I | J10: PR F | K10: VIAL
A11: 2 | B11: VIAS DE ORIENTE S.A.S | C11: LUIS JOSE OSORIO BUITRAGO | D11: 900.470.729-0 | E11: Calle 12 No 13-60. La Union - Antioquia | F11: 314 614 55 64 | G11: 5601 | H11: La Union - La Frontera - Sonsón | I11: 49+0000 | J11: 103+0000 | K11: ARA INGENIERIA S.A.S
I25: VOLVER A TABLA DE CONTENIDO

Sheet INTERVENTORIA DE CONTRATOS
B1: INSTITUTO NACIONAL DE VIAS
B2: DIRECCION TERRITORIAL ANTIOQUIA
B4: CUADRO No. 24
B6: INFORMACIÓN DE INTERVENTORIAS A CONTRATOS DE OBRA
B8: INGENIERO RESIDENTE: | C8: CARLOS MARIO MORENO IDÁRRAGA | H8: TRIMESTRE EVALUADO: | J8: ENERO - MARZO/2023
A11: No. CONTRATO PRINCIPAL | B11: OBJETO | C11: CONTRATISTA | D11: PLAZO | G11: FECHA INICIO | H11: FECHA FINALIZACIÓN | I11: VALOR CONTRATO $ | L11: OBSERVACIONES
D12: INICIAL | E12: ADICIONAL | F12: FINAL | I12: BASICO | J12: IVA | K12: TOTAL
A13: 1681-2022 | B13: ATENCIÓN DE PUNTOS CRÍTICOS EN EL PR94+050 DE LA VÍA LA MANSA - PRIMAVERA, RUTA 6003 Y PARA ATENDER LA CONSTRUCCIÓN DE MUROS EN LOS PR'S 62+0260, 70+0080, 80+0200, 81+0200, 81+0250, 84+0750, 92+0087 Y 97+0300, EN LA VÍA LA UNIÓN-SONSON, RUTA 5601. | C13: CIMAG SAS CON NIT 900.392.283 | D13: 4 MESES | F13: =+D13 -> 4 MESES | G13: 44924 | H13: 45046 | I13: 333799312 | J13: 2439303 | K13: =+I13+J13 -> 336238615 | L13: EN EJECUCIÓN
A14: 1682/2022 | B14: MATENIMIENTO Y REHABILLITACIÓN TRAMO 5601 LA UNIÓN-LA FRONTERA-SONSÓN EN EL DEPARTAMENTO DE ANTIOQUIA | C14: CONSORCIO LA UNIÓN SYA | D14: 4 MESES | F14: 4 MESES | G14: 30 DE DICIEMBRE DE 2022 | I14: =2125032152+233141243+47000000+90000000+17100000 -> 2512273395 | J14: =17576267+72000000 -> 89576267 | K14: 2601849662 | L14: EN EJECUCIÓN
A18: NOTA: Reportar la información de los contratos de obra a los cuales les efectúa interventoría, diferentes a los de mantenimiento rutinario con microempresas.
J20: VOLVER A TABLA DE CONTENIDO

Sheet FOTOS
A1: INSTITUTO NACIONAL DE VIAS | G1: INSTITUTO NACIONAL DE VIAS | M1: INSTITUTO NACIONAL DE VIAS | S1: INSTITUTO NACIONAL DE VIAS | Y1: INSTITUTO NACIONAL DE VIAS | AE1: INSTITUTO NACIONAL DE VIAS | AK1: INSTITUTO NACIONAL DE VIAS | AQ1: INSTITUTO NACIONAL DE VIAS | AW1: INSTITUTO NACIONAL DE VIAS | BC1: INSTITUTO NACIONAL DE VIAS | BI1: INSTITUTO NACIONAL DE VIAS | BO1: INSTITUTO NACIONAL DE VIAS | BU1: INSTITUTO NACIONAL DE VIAS | CA1: INSTITUTO NACIONAL DE VIAS | CG1: INSTITUTO NACIONAL DE VIAS | CM1: INSTITUTO NACIONAL DE VIAS | CS1: INSTITUTO NACIONAL DE VIAS
A3: DIRECCION TERRITORIAL ANTIOQUIA | G3: DIRECCION TERRITORIAL ANTIOQUIA | M3: DIRECCION TERRITORIAL ANTIOQUIA | S3: DIRECCION TERRITORIAL ANTIOQUIA | Y3: DIRECCION TERRITORIAL ANTIOQUIA | AE3: DIRECCION TERRITORIAL ANTIOQUIA | AK3: DIRECCION TERRITORIAL ANTIOQUIA | AQ3: DIRECCION TERRITORIAL ANTIOQUIA | AW3: DIRECCION TERRITORIAL ANTIOQUIA | BC3: DIRECCION TERRITORIAL ANTIOQUIA | BI3: DIRECCION TERRITORIAL ANTIOQUIA | BO3: DIRECCION TERRITORIAL ANTIOQUIA | BU3: DIRECCION TERRITORIAL ANTIOQUIA | CA3: DIRECCION TERRITORIAL ANTIOQUIA | CG3: DIRECCION TERRITORIAL ANTIOQUIA | CM3: DIRECCION TERRITORIAL ANTIOQUIA | CS3: DIRECCION TERRITORIAL ANTIOQUIA
A7: RESEÑA 1 - FOTOGRAFICA | G7: RESEÑA 1 - FOTOGRAFICA | M7: RESEÑA 1 - FOTOGRAFICA | S7: RESEÑA 1 - FOTOGRAFICA | Y7: RESEÑA 1 - FOTOGRAFICA | AE7: RESEÑA 1 - FOTOGRAFICA | AK7: RESEÑA 1 - FOTOGRAFICA | AQ7: RESEÑA 1 - FOTOGRAFICA | AW7: RESEÑA 1 - FOTOGRAFICA | BC7: RESEÑA 1 - FOTOGRAFICA | BI7: RESEÑA 1 - FOTOGRAFICA | BO7: RESEÑA 1 - FOTOGRAFICA | BU7: RESEÑA 1 - FOTOGRAFICA | CA7: RESEÑA 1 - FOTOGRAFICA | CG7: RESEÑA 1 - FOTOGRAFICA | CM7: RESEÑA 1 - FOTOGRAFICA | CS7: RESEÑA 1 - FOTOGRAFICA
A9: INGENIERO RESIDENTE: | C9: CARLOS MARIO MORENO IDÁRRAGA | G9: INGENIERO RESIDENTE: | I9: CARLOS MARIO MORENO IDÁRRAGA | M9: INGENIERO RESIDENTE: | O9: CARLOS MARIO MORENO IDÁRRAGA | S9: INGENIERO RESIDENTE: | U9: CARLOS MARIO MORENO IDÁRRAGA | Y9: INGENIERO RESIDENTE: | AA9: CARLOS MARIO MORENO IDÁRRAGA | AE9: INGENIERO RESIDENTE: | AG9: CARLOS MARIO MORENO IDÁRRAGA | AK9: INGENIERO RESIDENTE: | AM9: CARLOS MARIO MORENO IDÁRRAGA | AQ9: INGENIERO RESIDENTE: | AS9: CARLOS MARIO MORENO IDÁRRAGA | AW9: INGENIERO RESIDENTE: | AY9: CARLOS MARIO MORENO IDÁRRAGA | BC9: INGENIERO RESIDENTE: | BE9: CARLOS MARIO MORENO IDÁRRAGA | BI9: INGENIERO RESIDENTE: | BK9: CARLOS MARIO MORENO IDÁRRAGA | BO9: INGENIERO RESIDENTE: | BQ9: CARLOS MARIO MORENO IDÁRRAGA | BU9: INGENIERO RESIDENTE: | BW9: CARLOS MARIO MORENO IDÁRRAGA | CA9: INGENIERO RESIDENTE: | CC9: CARLOS MARIO MORENO IDÁRRAGA | CG9: INGENIERO RESIDENTE: | CI9: CARLOS MARIO MORENO IDÁRRAGA | CM9: INGENIERO RESIDENTE: | CO9: CARLOS MARIO MORENO IDÁRRAGA | CS9: INGENIERO RESIDENTE: | CU9: CARLOS MARIO MORENO IDÁRRAGA
A11: TRIMESTRE EVALUADO: ENERO - MARZO / 2023 | G11: =+A11 -> TRIMESTRE EVALUADO: ENERO - MARZO / 2023 | M11: =+G11 -> TRIMESTRE EVALUADO: ENERO - MARZO / 2023 | S11: =+M11 -> TRIMESTRE EVALUADO: ENERO - MARZO / 2023 | Y11: =+S11 -> TRIMESTRE EVALUADO: ENERO - MARZO / 2023 | AE11: =+Y11 -> TRIMESTRE EVALUADO: ENERO - MARZO / 2023 | AK11: =+AE11 -> TRIMESTRE EVALUADO: ENERO - MARZO / 2023 | AQ11: =+AK11 -> TRIMESTRE EVALUADO: ENERO - MARZO / 2023 | AW11: =+AQ11 -> TRIMESTRE EVALUADO: ENERO - MARZO / 2023 | BC11: =+AW11 -> TRIMESTRE EVALUADO: ENERO - MARZO / 2023 | BI11: =+BC11 -> TRIMESTRE EVALUADO: ENERO - MARZO / 2023 | BO11: =+BI11 -> TRIMESTRE EVALUADO: ENERO - MARZO / 2023 | BU11: =+BO11 -> TRIMESTRE EVALUADO: ENERO - MARZO / 2023 | CA11: =+BU11 -> TRIMESTRE EVALUADO: ENERO - MARZO / 2023 | CG11: =+CA11 -> TRIMESTRE EVALUADO: ENERO - MARZO / 2023 | CM11: =+CG11 -> TRIMESTRE EVALUADO: ENERO - MARZO / 2023 | CS11: =+CM11 -> TRIMESTRE EVALUADO: ENERO - MARZO / 2023
A23: LA UNIÓN - SONSÓN. MUNICIPIO DE LA UNIÓN. ATENCIÓN DE EMERGENCIA EN EL PR49+0410 | G23: =+A45 -> LA UNIÓN - SONSÓN. MUNICIPIO DE LA UNIÓN. INSTALACIÓN DE MARCA VIALES (PROHIBIDO PARQUEAR) PASO NACIONAL | M23: LA UNIÓN - SONSÓN. RECORRIDO DE INSPECCIÓN AL CONTRATO 1681 DE 2022 | S23: LA UNIÓN - SONSÓN. BACHEO CON MATERIAL SELECCIONADO EN HUECOS PELIGROSOS | Y23: =+S45 -> LA UNIÓN - SONSÓN. INSPECCIÓN DE LA CARRETERA AL CONTRATO 1682 DE 2022 | AE23: =+Y45 -> LA UNIÓN - SONSÓN. MUNICIPIO DE SONSON. PR94+0800. SELLAMIENTO DE GRIETAS Y REPARACIONES EN FALLO GEOLOGICO | AK23: LA UNIÓN - SONSON. MUNICIPIO DE SONSÓN. PR94+0600. REPARACIÓN DE DESCOLE | AQ23: =+AK45 -> LA UNIÓN - SONSON. TRABAJOS DE MANTENIMIENTO RUTINARIO | AW23: LA UNIÓN - SONSON. MUNICIPIO DE LA UNIÓN. 70+0600. SOCIALIZACION CONTRATO 1682 DE 2022 EN LA ESCUELA EL CARDAL | BC23: =+AW45 -> LA UNIÓN - SONSON. MUNICIPIO DE LA SONSON. PR97+0300. INSTALACION DE LINEAS LOGARITMICAS | BI23: =+BC45 -> LA UNIÓN - SONSON. BACHEO CON MATERIAL SELECCIONADO | BO23: LA UNION - SONSÓN. MUNICIPIO DE ABEJORRAL. PR81+0650. ATENCION DE EMERGENCIA POR MOVIMIENTO EN MASA | BU23: =+BO45 -> LA UNION - SONSÓN. MUNICPIO DE LA UNIÓN. PR49+0015 AL PR49+0800. TAPAHUECOS CON MEZCLA DENSA EN CALIENTE POR PASO NACIONAL POR LA UNIÓN | CA23: LA UNIÓN - SONSÓN. SEGIMIENTO AL CONTRATO 1681 DE 2022 EN LOS PR´S 70+0085, 81+0200 Y 81+0250 | CG23: =+CA45 -> LA UNIÓN - SONSÓN. SEGIMIENTO AL CONTRATO 1681 DE 2022 EN LOS PR´S 70+0085, 81+0200 Y 81+0250 | CM23: =+CG45 -> LA UNIÓN - SONSÓN. SEGIMIENTO AL CONTRATO 1681 DE 2022 EN LOS PR´S 70+0085, 81+0200 Y 81+0250 | CS23: =+CM45 -> LA UNION - SONSÓN. SEGUIMIENTO AL CONTRATO 1682 DE 2022 EN LOS PR´S 53+0975 Y 89+0000
A34: =+A23 -> LA UNIÓN - SONSÓN. MUNICIPIO DE LA UNIÓN. ATENCIÓN DE EMERGENCIA EN EL PR49+0410 | G34: LA UNIÓN - SONSÓN. MUNICIPIO DE LA ABEJORRAL. PR77+0300. REPARACIÓN DE GRIETA, MURO DE CONTENCIÓN | M34: =+M23 -> LA UNIÓN - SONSÓN. RECORRIDO DE INSPECCIÓN AL CONTRATO 1681 DE 2022 | S34: =+S23 -> LA UNIÓN - SONSÓN. BACHEO CON MATERIAL SELECCIONADO EN HUECOS PELIGROSOS | Y34: LA UNIÓN - SONSÓN. MUNICIPIO DE SONSON. PR94+0800. SELLAMIENTO DE GRIETAS Y REPARACIONES EN FALLO GEOLOGICO | AE34: LA UNIÓN - SONSÓN. MUNICIPIO DE SONSON. PR91+0400. SELLAMIENTO DE TUBERIAA DE ALCANTARILLADO | AK34: =+AK23 -> LA UNIÓN - SONSON. MUNICIPIO DE SONSÓN. PR94+0600. REPARACIÓN DE DESCOLE | AQ34: =+AQ23 -> LA UNIÓN - SONSON. TRABAJOS DE MANTENIMIENTO RUTINARIO | AW34: LA UNIÓN - SONSON. MUNICIPIO DE LA SONSON. ALCALDIA DEL MUNICIPIO DE SONSON. SOCIALIZACION CONTRATO 1682 DE 2022. | BC34: LA UNIÓN - SONSON. MUNICIPIO DE LA LA UNIÓN. PR54+0950. PODA, CORTE Y RETIRO DE ARBOL | BI34: LA UNION - SONSÓN. MUNICIPIO DE LA UNIÓN. INSTALACION DE MARCAS VIALES(PROHIBIDO PARQUEAR) | BO34: LA UNION - SONSÓN. MUNICPIO DE LA UNIÓN. LIMPIEZA DE CALZADA ENTRE EL PR50+0250 AL PR51+0800 | BU34: =+BU23 -> LA UNION - SONSÓN. MUNICPIO DE LA UNIÓN. PR49+0015 AL PR49+0800. TAPAHUECOS CON MEZCLA DENSA EN CALIENTE POR PASO NACIONAL POR LA UNIÓN | CA34: =+CA23 -> LA UNIÓN - SONSÓN. SEGIMIENTO AL CONTRATO 1681 DE 2022 EN LOS PR´S 70+0085, 81+0200 Y 81+0250 | CG34: =+CG23 -> LA UNIÓN - SONSÓN. SEGIMIENTO AL CONTRATO 1681 DE 2022 EN LOS PR´S 70+0085, 81+0200 Y 81+0250 | CM34: LA UNION - SONSÓN. SEGUIMIENTO AL CONTRATO 1682 DE 2022 EN LOS PR´S 53+0975 Y 89+0000 | CS34: =+CS23 -> LA UNION - SONSÓN. SEGUIMIENTO AL CONTRATO 1682 DE 2022 EN LOS PR´S 53+0975 Y 89+0000
A45: LA UNIÓN - SONSÓN. MUNICIPIO DE LA UNIÓN. INSTALACIÓN DE MARCA VIALES (PROHIBIDO PARQUEAR) PASO NACIONAL | G45: =+G34 -> LA UNIÓN - SONSÓN. MUNICIPIO DE LA ABEJORRAL. PR77+0300. REPARACIÓN DE GRIETA, MURO DE CONTENCIÓN | M45: LA UNIÓN - SONSÓN. MUNICIPIO DE LA UNIÓN. PR68+0050. RETIRO DE CUÑA | S45: LA UNIÓN - SONSÓN. INSPECCIÓN DE LA CARRETERA AL CONTRATO 1682 DE 2022 | Y45: =+Y34 -> LA UNIÓN - SONSÓN. MUNICIPIO DE SONSON. PR94+0800. SELLAMIENTO DE GRIETAS Y REPARACIONES EN FALLO GEOLOGICO | AE45: =+AE34 -> LA UNIÓN - SONSÓN. MUNICIPIO DE SONSON. PR91+0400. SELLAMIENTO DE TUBERIAA DE ALCANTARILLADO | AK45: LA UNIÓN - SONSON. TRABAJOS DE MANTENIMIENTO RUTINARIO | AQ45: LA UNIÓN - SONSON. MUNICIPIO DE SONSON. PR97+0300. SELLAMIENTO DE GRIETA DE FALLO GEOLOGICO CON BREA EN CALIENTE | AW45: LA UNIÓN - SONSON. MUNICIPIO DE LA SONSON. PR97+0300. INSTALACION DE LINEAS LOGARITMICAS | BC45: LA UNIÓN - SONSON. BACHEO CON MATERIAL SELECCIONADO | BI45: =+BI34 -> LA UNION - SONSÓN. MUNICIPIO DE LA UNIÓN. INSTALACION DE MARCAS VIALES(PROHIBIDO PARQUEAR) | BO45: LA UNION - SONSÓN. MUNICPIO DE LA UNIÓN. PR49+0015 AL PR49+0800. TAPAHUECOS CON MEZCLA DENSA EN CALIENTE POR PASO NACIONAL POR LA UNIÓN | BU45: LA UNION - SONSÓN. MUNICPIO DE LA UNIÓN. PR63+0000. LINEA DE DEMARCACION | CA45: =+CA34 -> LA UNIÓN - SONSÓN. SEGIMIENTO AL CONTRATO 1681 DE 2022 EN LOS PR´S 70+0085, 81+0200 Y 81+0250 | CG45: =+CG34 -> LA UNIÓN - SONSÓN. SEGIMIENTO AL CONTRATO 1681 DE 2022 EN LOS PR´S 70+0085, 81+0200 Y 81+0250 | CM45: =+CM34 -> LA UNION - SONSÓN. SEGUIMIENTO AL CONTRATO 1682 DE 2022 EN LOS PR´S 53+0975 Y 89+0000
A48: NOTA: Todas las fotografías deben estar identificadas arriba o abajo, indicando la vía, el sector, el PR, | G48: NOTA: Todas las fotografías deben estar identificadas arriba o abajo, indicando la vía, el sector, el PR, | M48: NOTA: Todas las fotografías deben estar identificadas arriba o abajo, indicando la vía, el sector, el PR, | S48: NOTA: Todas las fotografías deben estar identificadas arriba o abajo, indicando la vía, el sector, el PR, | Y48: NOTA: Todas las fotografías deben estar identificadas arriba o abajo, indicando la vía, el sector, el PR, | AE48: NOTA: Todas las fotografías deben estar identificadas arriba o abajo, indicando la vía, el sector, el PR, | AK48: NOTA: Todas las fotografías deben estar identificadas arriba o abajo, indicando la vía, el sector, el PR, | AQ48: NOTA: Todas las fotografías deben estar identificadas arriba o abajo, indicando la vía, el sector, el PR, | AW48: NOTA: Todas las fotografías deben estar identificadas arriba o abajo, indicando la vía, el sector, el PR, | BC48: NOTA: Todas las fotografías deben estar identificadas arriba o abajo, indicando la vía, el sector, el PR, | BI48: NOTA: Todas las fotografías deben estar identificadas arriba o abajo, indicando la vía, el sector, el PR, | BO48: NOTA: Todas las fotografías deben estar identificadas arriba o abajo, indicando la vía, el sector, el PR, | BU48: NOTA: Todas las fotografías deben estar identificadas arriba o abajo, indicando la vía, el sector, el PR, | CA48: NOTA: Todas las fotografías deben estar identificadas arriba o abajo, indicando la vía, el sector, el PR, | CG48: NOTA: Todas las fotografías deben estar identificadas arriba o abajo, indicando la vía, el sector, el PR, | CM48: NOTA: Todas las fotografías deben estar identificadas arriba o abajo, indicando la vía, el sector, el PR, | CS48: NOTA: Todas las fotografías deben estar identificadas arriba o abajo, indicando la vía, el sector, el PR,
A49: la fecha impresa con el fechador de la cámara y la descripción de lo que se quiere resaltar. | G49: la fecha impresa con el fechador de la cámara y la descripción de lo que se quiere resaltar. | M49: la fecha impresa con el fechador de la cámara y la descripción de lo que se quiere resaltar. | S49: la fecha impresa con el fechador de la cámara y la descripción de lo que se quiere resaltar. | Y49: la fecha impresa con el fechador de la cámara y la descripción de lo que se quiere resaltar. | AE49: la fecha impresa con el fechador de la cámara y la descripción de lo que se quiere resaltar. | AK49: la fecha impresa con el fechador de la cámara y la descripción de lo que se quiere resaltar. | AQ49: la fecha impresa con el fechador de la cámara y la descripción de lo que se quiere resaltar. | AW49: la fecha impresa con el fechador de la cámara y la descripción de lo que se quiere resaltar. | BC49: la fecha impresa con el fechador de la cámara y la descripción de lo que se quiere resaltar. | BI49: la fecha impresa con el fechador de la cámara y la descripción de lo que se quiere resaltar. | BO49: la fecha impresa con el fechador de la cámara y la descripción de lo que se quiere resaltar. | BU49: la fecha impresa con el fechador de la cámara y la descripción de lo que se quiere resaltar. | CA49: la fecha impresa con el fechador de la cámara y la descripción de lo que se quiere resaltar. | CG49: la fecha impresa con el fechador de la cámara y la descripción de lo que se quiere resaltar. | CM49: la fecha impresa con el fechador de la cámara y la descripción de lo que se quiere resaltar. | CS49: la fecha impresa con el fechador de la cámara y la descripción de lo que se quiere resaltar.
A50: CUANDO SE REALICEN PARCHEOS SE TOMARAN FOTOS DEL ANTES Y DEL DESPUES | G50: CUANDO SE REALICEN PARCHEOS SE TOMARAN FOTOS DEL ANTES Y DEL DESPUES | M50: CUANDO SE REALICEN PARCHEOS SE TOMARAN FOTOS DEL ANTES Y DEL DESPUES | S50: CUANDO SE REALICEN PARCHEOS SE TOMARAN FOTOS DEL ANTES Y DEL DESPUES | Y50: CUANDO SE REALICEN PARCHEOS SE TOMARAN FOTOS DEL ANTES Y DEL DESPUES | AE50: CUANDO SE REALICEN PARCHEOS SE TOMARAN FOTOS DEL ANTES Y DEL DESPUES | AK50: CUANDO SE REALICEN PARCHEOS SE TOMARAN FOTOS DEL ANTES Y DEL DESPUES | AQ50: CUANDO SE REALICEN PARCHEOS SE TOMARAN FOTOS DEL ANTES Y DEL DESPUES | AW50: CUANDO SE REALICEN PARCHEOS SE TOMARAN FOTOS DEL ANTES Y DEL DESPUES | BC50: CUANDO SE REALICEN PARCHEOS SE TOMARAN FOTOS DEL ANTES Y DEL DESPUES | BI50: CUANDO SE REALICEN PARCHEOS SE TOMARAN FOTOS DEL ANTES Y DEL DESPUES | BO50: CUANDO SE REALICEN PARCHEOS SE TOMARAN FOTOS DEL ANTES Y DEL DESPUES | BU50: CUANDO SE REALICEN PARCHEOS SE TOMARAN FOTOS DEL ANTES Y DEL DESPUES | CA50: CUANDO SE REALICEN PARCHEOS SE TOMARAN FOTOS DEL ANTES Y DEL DESPUES | CG50: CUANDO SE REALICEN PARCHEOS SE TOMARAN FOTOS DEL ANTES Y DEL DESPUES | CM50: CUANDO SE REALICEN PARCHEOS SE TOMARAN FOTOS DEL ANTES Y DEL DESPUES | CS50: CUANDO SE REALICEN PARCHEOS SE TOMARAN FOTOS DEL ANTES Y DEL DESPUES
D52: VOLVER A TABLA DE CONTENIDO | J52: VOLVER A TABLA DE CONTENIDO | P52: VOLVER A TABLA DE CONTENIDO | V52: VOLVER A TABLA DE CONTENIDO | AB52: VOLVER A TABLA DE CONTENIDO | AH52: VOLVER A TABLA DE CONTENIDO | AN52: VOLVER A TABLA DE CONTENIDO | AT52: VOLVER A TABLA DE CONTENIDO | AZ52: VOLVER A TABLA DE CONTENIDO | BF52: VOLVER A TABLA DE CONTENIDO | BL52: VOLVER A TABLA DE CONTENIDO | BR52: VOLVER A TABLA DE CONTENIDO | BX52: VOLVER A TABLA DE CONTENIDO | CD52: VOLVER A TABLA DE CONTENIDO | CJ52: VOLVER A TABLA DE CONTENIDO | CP52: VOLVER A TABLA DE CONTENIDO | CV52: VOLVER A TABLA DE CONTENIDO

Sheet PRENSA
A1: INSTITUTO NACIONAL DE VIAS | E1: INSTITUTO NACIONAL DE VIAS | J1: INSTITUTO NACIONAL DE VIAS | P1: INSTITUTO NACIONAL DE VIAS
A3: DIRECCION TERRITORIAL ANTIOQUIA | E3: DIRECCION TERRITORIAL ANTIOQUIA | J3: DIRECCION TERRITORIAL ANTIOQUIA | P3: DIRECCION TERRITORIAL ANTIOQUIA
A5: RESEÑA 1 - DE PRENSA | E5: RESEÑA 1 - DE PRENSA | J5: RESEÑA 1 - DE PRENSA | P5: RESEÑA 1 - DE PRENSA
A7: INGENIERO RESIDENTE: | C7: CARLOS MARIO MORENO IDARRAGA | E7: INGENIERO RESIDENTE: | G7: CARLOS MARIO MORENO IDARRAGA | J7: INGENIERO RESIDENTE: | L7: CARLOS MARIO MORENO IDARRAGA | P7: INGENIERO RESIDENTE: | R7: CARLOS MARIO MORENO IDARRAGA
A9: TRIMESTRE EVALUADO: ENERO - MARZO 2023 | E9: =A9 -> TRIMESTRE EVALUADO: ENERO - MARZO 2023 | J9: =E9 -> TRIMESTRE EVALUADO: ENERO - MARZO 2023 | P9: =E9 -> TRIMESTRE EVALUADO: ENERO - MARZO 2023
A11: 1. MiOriente, 10 DE ENERO DE 2023, vía twitter | E11: 1. MiOriente, 10 DE ENERO DE 2023, vía página web. | J11: 1. Jaime Cano Diputado, 11 DE ENERO DE 2023, vía twitter | P11: 1. MiOriente, 12 DE ENERO DE 2023, vía twitter
A45: INSTITUTO NACIONAL DE VIAS | E45: INSTITUTO NACIONAL DE VIAS | J45: INSTITUTO NACIONAL DE VIAS | P45: INSTITUTO NACIONAL DE VIAS
A47: DIRECCION TERRITORIAL ANTIOQUIA | E47: DIRECCION TERRITORIAL ANTIOQUIA | J47: DIRECCION TERRITORIAL ANTIOQUIA | P47: DIRECCION TERRITORIAL ANTIOQUIA
A49: RESEÑA 1 - DE PRENSA | E49: RESEÑA 1 - DE PRENSA | J49: RESEÑA 1 - DE PRENSA | P49: RESEÑA 1 - DE PRENSA
A51: INGENIERO RESIDENTE: | C51: CARLOS MARIO MORENO IDARRAGA | E51: INGENIERO RESIDENTE: | G51: CARLOS MARIO MORENO IDARRAGA | J51: INGENIERO RESIDENTE: | L51: CARLOS MARIO MORENO IDARRAGA | P51: INGENIERO RESIDENTE: | R51: CARLOS MARIO MORENO IDARRAGA
A53: =A9 -> TRIMESTRE EVALUADO: ENERO - MARZO 2023 | E53: =A53 -> TRIMESTRE EVALUADO: ENERO - MARZO 2023 | J53: =E53 -> TRIMESTRE EVALUADO: ENERO - MARZO 2023 | P53: =E53 -> TRIMESTRE EVALUADO: ENERO - MARZO 2023
A55: 1. Jaime Cano Diputado, 24 DE ENERO DE 2023, vía twitter | E55: 1. MiOriente, 09 de febrero de 2023, vía página web | J55: 1. Informativo regional 4, 26 de febrero de 2023, vía twitter | P55: 1. Noticias La Unión Antioquia, 15 de marzo de 2023, vía facebook
A91: NOTA: Todos los artículos deben estar identificados, idicando la fecha de la publicación y medio periodístico | E91: NOTA: Todos los artículos deben estar identificados, idicando la fecha de la publicación y medio periodístico
A92: Y SOLO AQUELLOS ARTICULOS QUE TRATEN DE LAS CARRETERAS A SU CARGO | E92: Y SOLO AQUELLOS ARTICULOS QUE TRATEN DE LAS CARRETERAS A SU CARGO
D94: VOLVER A TABLA DE CONTENIDO | H94: VOLVER A TABLA DE CONTENIDO

Sheet COMENTARIOS
A1: INSTITUTO NACIONAL DE VIAS | H1: INSTITUTO NACIONAL DE VIAS
A3: DIRECCION TERRITORIAL ANTIOQUIA | H3: DIRECCION TERRITORIAL ANTIOQUIA
A5: COMENTARIOS GENERALES | H5: COMENTARIOS GENERALES
A7: INGENIERO RESIDENTE: | D7: CARLOS MARIO MORENO IDÁRRAGA | H7: INGENIERO RESIDENTE: | K7: CARLOS MARIO MORENO IDÁRRAGA
A10: TRIMESTRE EVALUADO: ENERO - MARZO 2023 | H10: =+A10 -> TRIMESTRE EVALUADO: ENERO - MARZO 2023
A13: 1. La carretera a cargo de la administración de mantenimiento vial se encuentra en zona montañosa, inicia en el PR49+0000 ubicado en la entrada al casco urbano del municipio de la unión, aproximadamente a 2500 metros sobre el nivel del mar y finaliza en el PR103+0000 entrada al casco urbano del municipio de Sonsón, aproximadamente a 2500 metros sobre el nivel del mar. La administración vial está a cargo de ARA INGENIERIA S.A.S., contrato Nº 2461 de 2019, fecha de inicio 01 de enero de 2019 y terminación Inicial el 31 de julio de 2022, valor $1.276.845.362.00. Para el mes de Septiembre se gestiono la Adicion del ITEM de Insumos por un valor de $129.825.000.00 para la adquisicion de Pintura de trafico para instalacion de lineas con equipo manual de demarcacion horizontal. Adición No 02 por valor de $105.216.873,00 y Adición No 03 por valor de 112.116.269,00 Por medio del acta de modificacion No 02 del 14 de julio de 2022 se aprueba la prorroga y la nueva fecha de terminacion del contrato es el dia 31 de Octubre de 2022. y Nueva Prorroga No 03 entre el 01 noviembre al 31 de diciembre de 2022 y Prorroga entre el 01 de Enero de 2023 al 31 de Marzo de 2023. Se gestiona nueva adicion y prorroga por medio del Acta de Modificacion No 05 para una adicion de $167.515.810 y Prorroga hasta el dia 31 de Julio de 2023. | H13: 4. Se programaron semanalmente, coordinaron y evaluaron las actividades desarrolladas por la microempresa a cargo de la vía para su mantenimiento rutinario. El contrato se viene ejecutando con normalidad, priorizando para este período la remoción de cuñas, limpieza de calzada, limpieza de cunetas y rocería y corte y retiro de arboles. El contrato principal No. 2196 de 2019 con fecha de terminación inicial del contrato es el día 31 de julio de 2022. Por medio del acta de modificacion No 05 prorroga hasta el dia 20 de Julio de 2023. El dia 06 de marzo solamente se presento Una emergencia en el Pr81+0650 que fue inicialmente atendida por la microempresa y luego removida por el contrato 1682 de 2022.
A20: 2. Se recolectó, digitó y reportó la información relacionada con la accidentalidad de los meses de NOVIEMBRE - DICIEMBRE 2022 y entre ENERO - FEBRERO/2023. Durante el período evaluado se presento una (01) victima fatal. | H20: 5. La microempresa vias de Oriente Junto con la Administracion vias se estan efectuando sellamientos en talud inferior en el Pr97+0300 con material de limo y concreto. Se realizo tapahueco por el paso Nacional por la Unión con Mezcla densa en caliente Suministrado por La Alcaldia de La Unión. tambien se realizo instalación de Prohibidos Parquear a solicitud de la Alcaldia de La Unión entre el Pr50+0000 al Pr50+0250. y se continuo los trabajos de demarcación demarcación horizontal con equipo entre el PrPR61+0000 AL PR 68+0600 costado derecho. En el Pr77+0600 costado izquierdo, se presento grieta en suelo al lado de muro de contención, se procedio al sellamiento y recuperación, hasta la fecha no se muestra daños adicionales.
A25: 3. La vía se encuentra pavimentada de esta manera: pavimento en concreto asfáltico desde el PR49+0000 al PR49+0885 paso nacional por municipio de La Unión, pavimento en concreto hidráulico desde el PR49+0885 hasta el PR68+0613, pavimento en concreto asfáltico desde el PR68+0613 al PR71+0323, pavimento en concreto hidráulico desde el PR71+0323 al PR72+0720 y pavimento en concreto asfáltico desde el PR72+0720 hasta el PR103+0000 final de tramo a cargo de la administración vial en la entrada al municipio de Sonsón. El dia 29 de Diciembre de 2022 se inicia el contrato 1681 de 2022 cuyo objeto es:ATENCIÓN DE PUNTOS CRÍTICOS EN EL PR94+050 DE LA VÍA LA MANSA - PRIMAVERA, RUTA 6003 Y PARA ATENDER LA CONSTRUCCIÓN DE MUROS EN LOS PR'S 62+0260, 70+0080, 80+0200, 81+0200, 81+0250, 84+0750, 92+0087 Y 97+0300, EN LA VÍA LA UNIÓN-SONSON, RUTA 560 y el dia 30 de Diciembre de 2022 incia el contrato 1682 de 2022 cuyo objeto es:MATENIMIENTO Y REHABILLITACIÓN TRAMO 5601 LA UNIÓN-LA FRONTERA-SONSÓN EN EL DEPARTAMENTO DE ANTIOQUIA. En los meses de Enero - Febrero se presento en promedio tiempo seco pero con lluvias leves esporadicas, en el mes de Marzo hubo un aumento considerable de las precipitaciones, Se presento el dia 06 de marzo cierre parcial en el Pr81+0650 fue atendido inicialmente por la Microempresa Vias de Oriente, donde se realizo remonte y señalizacion, ahora por medio del contrato de mantenimiento 1682/2022 procedieron al retiro del derrumbe, con la microempresa continua fortaleciendo el sellamiento de grietas en taludes interiores. Como se ha estado recalcando en los informes anteriores sobre el incremento considerable de vehiculos pesados (volquetas dobletroque) continúan acelerando el deterioro entre el PR69+0600 y PR71+0323 y entre los PR85+0130 y PR97+0800, ve con preocupacion como la carpeta asfaltica, se esta continua deteriorandose por falta de mantenimiento a los filtros. La Administracion Vial Aconseja que el contrato actual de mantenimiento el 1682 de 2022 se enfoque en la construcción de filtros, ya que estos tiene un uso promedio de mas de 40 años y ya cumplieron su vida util, porque a pesar del mantenimiento que se ha hecho con la microempresa, ya no cuentan con materialde fresado y se ha tenido que recurrir al material seleccionado, para atender los baches en espera a que salga lo mas pronto posible un contrato de suministro de mezcla o contrato de mantenimiento y rehabilitación, adicionalmente ve con preocupacion el gran deterioro en que esta la carpeta asfaltica entre el Pr85+0130 al Pr95+0600 y entre el Pr69+0700 al Pr71+0200, ahora en el contrato xxxxxx cutyo contratista fue el Consorcio San gabriel donde intervinieron entre el Pr101+0800 hasta Pr95+0600 presenta un aumento del deterioro de la carpeta asfaltica con presencia de Pieles de Cocodrilo y Baches. En los Pr81+0200 y Pr81+0250, en el Pr92+0087 se presenta deterioro acelerado de obra donde la poceta(encole) esta hecha de mamposteria y el descole presenta una grave erosion, cabe agregar que la alcantarilla presenta una tuberia de 24 pulg que de acuerdo al caudal no es apta y en el Pr97+0300 continua presentando en el talud inferior grietas que estan siendo selladas con limos por la Microempresa. En el Pr84+0750 se presento por la intensas lluvias de su momento un despendimiento de bordillo, aunque la microempresa construyo uno prosional se requiere obra en ese punto. El PR85+660; sitio crítico por asentamiento en la banca, se mantienen estable y se requiere renivelacion. En el Pr94+0260 se hace retiro del sitio por su estabilidad aparente, la administracion vial hace constantes controles en el sitio. En el sector entre PR94+0810 y PR94+0860, el lugar presenta una aceleracion de asentamiento, se requiere mezcla densa en caliente para efectuar la rampa de entrada y salida a lo ancho de la calzada, continúa el movimiento de forma lenta y el escalonamiento en sectores aunque la microempresa realizo obras de sellamiento y reforzamiento de los drenajes para mitigar la problematica; hay señalización adecuada y se monitorea permanentemente, aunque la obras de drenaje no presenta ni grietas ni deformaciones por loq ue la masa se mueve de forma homogenea. Los sectores con pavimento rígido (PR49+0885 a PR72+0720), continúa el aumento en grietas, aunque con la microempresa se estan efectuando sellamiento de grietas con brea liquida en caliente y mejoramiento en juntas.
H32: 6. Con el contrato 1681 de 2022 se iniciaron las obras en el Pr70+0080, 81+0200 y 81+0250, cuyo Objeto:ATENCIÓN DE PUNTOS CRÍTICOS EN EL PR94+050 DE LA VÍA LA MANSA - PRIMAVERA, RUTA 6003 Y PARA ATENDER LA CONSTRUCCIÓN DE MUROS EN LOS PR'S 62+0260, 70+0080, 80+0200, 81+0200, 81+0250, 84+0750, 92+0087 Y 97+0300, EN LA VÍA LA UNIÓN-SONSON, RUTA 5601.
H38: 7. Con el contrato 1682 de 2022 se iniciaron las obras en EL PR53+0750 Y PR89+0000, cuyo Objeto:MATENIMIENTO Y REHABILLITACIÓN TRAMO 5601 LA UNIÓN-LA FRONTERA-SONSÓN EN EL DEPARTAMENTO DE ANTIOQUIA.
H41: • 09 Y 23 DE FEBRERO DE 2023, CAPACITACIÓN INVIDATA. DE FORMA VIRTUAL. • 16 DE MARZO DE 2023. CARGADA LA INFORMACIÓN A INVIDATA • 22 DE MARZO DE 2023. CAPACITACIÓN DE CAMINOS COMUNITARIOS PARA LA PAZ TOTAL INVÍAS. DE FORMA VIRTUAL.
F46: VOLVER A TABLA DE CONTENIDO | M46: VOLVER A TABLA DE CONTENIDO

Sheet CAPACITACION T.M. RUTINARIO
A1: INSTITUTO NACIONAL DE VIAS
A3: DIRECCION TERRITORIAL ANTIOQUIA
A5: CAPACITACION TRABAJADORES DE MANTENIMIENTO RUTINARIO
A7: INGENIERO RESIDENTE: | D7: CARLOS MARIO MORENO IDÁRRAGA
A10: TRIMESTRE EVALUADO: ENERO - MARZO 2023
D48: LISTADO DE ASISTENCIA
D81: REGISTRO FOTOGRÁFICO
D147: LISTADO DE ASISTENCIA
D182: REGISTRO FOTOGRÁFICO
D246: LISTADO DE ASISTENCIA
D278: REGISTRO FOTOGRÁFICO
F308: VOLVER A TABLA DE CONTENIDO
